Workbook
Name \a: #REF!
Name \a: #REF!
Name \a: #REF!
Name \a: #REF!
Name \a: #REF!
Name \w: #REF!
Name \w: #REF!
Name \w: #REF!
Name \w: #REF!
Name \w: #REF!
Name ___________________VO1: #REF!
Name ___________________VO1: #REF!
Name ___________________VO1: #REF!
Name ___________________VO1: #REF!
Name ___________________VO1: #REF!
Name __________________VE1: #REF!
Name __________________VE1: #REF!
Name __________________VE1: #REF!
Name __________________VE1: #REF!
Name __________________VE1: #REF!
Name __________________VO1: #REF!
Name __________________VO1: #REF!
Name __________________VO1: #REF!
Name __________________VO1: #REF!
Name __________________VO1: #REF!
Name _________________VE1: #REF!
Name _________________VE1: #REF!
Name _________________VE1: #REF!
Name _________________VE1: #REF!
Name _________________VE1: #REF!
Name ________________VO1: #REF!
Name ________________VO1: #REF!
Name ________________VO1: #REF!
Name ________________VO1: #REF!
Name ________________VO1: #REF!
Name _______________VE1: #REF!
Name _______________VE1: #REF!
Name _______________VE1: #REF!
Name _______________VE1: #REF!
Name _______________VE1: #REF!
Name _______________VO1: #REF!
Name _______________VO1: #REF!
Name _______________VO1: #REF!
Name _______________VO1: #REF!
Name _______________VO1: #REF!
Name ______________VE1: #REF!
Name ______________VE1: #REF!
Name ______________VE1: #REF!
Name ______________VE1: #REF!
Name ______________VE1: #REF!
Name _____________VO1: #REF!
Name _____________VO1: #REF!
Name _____________VO1: #REF!
Name _____________VO1: #REF!
Name _____________VO1: #REF!
Name ____________VE1: #REF!
Name ____________VE1: #REF!
Name ____________VE1: #REF!
Name ____________VE1: #REF!
Name ____________VE1: #REF!

Sheet OR - GERAL
D5: PLANILHA ORÇAMENTÁRIA
D8: Projeto
D9: ENRONCAMENTO DO LADO NORTE DO RIO DOCE - COLATINA. | S9: DATA-BASE: AGOSTO/2026 | Y9: FONTES DE PREÇOS:
D10: Local | Y10: SICRO-ES - 04/2026 | SINAPI-ES 07/2026 | DER-ES Rod. 02/2026
D11: COLATINA - ES | Y11: DER-ES Edificações - 05/2026 | SCO-RIO - 07/2026
D13: Item | G13: Fonte | J13: CÓDIGO | M13: DESCRIÇÃO DO SERVIÇO | P13: UNID. | S13: QUANT. | V13: CUSTO UNITÁRIO (R$) | Y13: BDI (%) | AB13: PREÇO UNITÁRIO (R$) | AE13: VALOR TOTAL (R$) | AH13: PESO RELATIVO (%)
D17: 1. | M17: PROJETOS E LEVANTAMENTOS | AE17: =SUM(AE18,AE25) -> 604757.06 | AH17: =AE17/$AE$190 -> 0.015862026
D18: 1.1 | M18: Elaboração de projetos | AE18: =SUM(AE19:AE23) -> 455611.46 | AH18: =AE18/$AE$190 -> 0.011950122
D19: 1.1.1 | G19: SCORIO | J19: SE 25.10.0050 (A) | M19: Projeto basico para urbanizacao/reurbanizacao de areas, visando a organizacao espacial e das atividades, devendo contemplar: sistema viario (locais para carga e descarga, estacionamento, parada para onibus e etc, faixa exclusiva, sinalizacao e desenho geometrico), passeios, pracas, arborizacao, iluminacao com criterios luminotecnicos, distribuicao e integracao do mobiliario urbano e equipamentos urbanos, inclusive diagnostico urbanistico e de infra-estrutura da area de projeto, levantamento dos projetos pertinentes existentes nas diversas esferas governamentais, concessionarias e permissionarios de servicos publico, aprovacoes pertinentes e a coordenacao dos projetos complementares, apresentado em Autocad nos padroes da contratante. | P19: ha | S19: =VLOOKUP(D19,'MEMÓRIA DE CÁLCULO'!A:H,8,FALSE) -> 2.5 | V19: =ROUND(AM19,2) -> 115874.07 | Y19: =BDI!$E$35 -> 0.2182 | AB19: =ROUND(V19*(1+Y19),2) -> 141157.79 | AE19: =ROUND(AB19*S19,2) -> 352894.48 | AH19: =AE19/$AE$190 -> 0.0092559837 | AL19: 115118.37 | AM19: =IF(G19="SCORIO",AL19*AE$208,IF(G19="DER/Edif.",AL19*AE$207,IF(G19="SINAPI-ES",AL19*AE$208,IF(G19="SICRO-ES",AL19*AE$206,IF(G19="DER/Rod.",AL19*AE$206,"CALCULAR"))))) -> 115874.07
D20: 1.1.2 | G20: SCORIO | J20: SE 25.70.0550 (A) | M20: Fornecimento De Projeto Executivo De Instalação Elétrica Em Autocad Aprovado Na Concessionária Em Urbanização, Considerando A Área Acima De 15000M2. | P20: m² | S20: =VLOOKUP(D20,'MEMÓRIA DE CÁLCULO'!A:H,8,FALSE) -> 22025.82 | V20: =ROUND(AM20,2) -> 2.16 | Y20: =BDI!$E$35 -> 0.2182 | AB20: =ROUND(V20*(1+Y20),2) -> 2.63 | AE20: =ROUND(AB20*S20,2) -> 57927.91 | AH20: =AE20/$AE$190 -> 0.0015193771 | AL20: 2.15 | AM20: =IF(G20="SCORIO",AL20*AE$208,IF(G20="DER/Edif.",AL20*AE$207,IF(G20="SINAPI-ES",AL20*AE$208,IF(G20="SICRO-ES",AL20*AE$206,IF(G20="DER/Rod.",AL20*AE$206,"CALCULAR"))))) -> 2.1641138
D21: 1.1.3 | G21: SCORIO | J21: SE 25.10.0405 (/) | M21: Projeto de implantacao de pavimentacao em vias urbanas, nos padroes da PCRJ, apresentado em Autocad ou similiar, com arquivos no padrao PDF, DWG e PLT, em meio fisico ou digital. Apresentado com plantas, perfis, memorial descritivo e de calculo, contemplando todas as solucoes recomendadas para os trechos. Detalhamento das diversas camadas da pavimentacao e definicao das especificacoes dos servicos e do controle tecnologico de campo a serem executados no subleito, nas camadas granulares e no revestimento asfaltico. Para obras de projecao horizontal inferior a 2 ha. Exclusive levantamentos de campo, contagens de trafego e ensaios geotecnicos de caracterizacao do terreno. | P21: ha | S21: =VLOOKUP(D21,'MEMÓRIA DE CÁLCULO'!A:H,8,FALSE) -> 0.986 | V21: =ROUND(AM21,2) -> 2048.44 | Y21: =BDI!$E$35 -> 0.2182 | AB21: =ROUND(V21*(1+Y21),2) -> 2495.41 | AE21: =ROUND(AB21*S21,2) -> 2460.47 | AH21: =AE21/$AE$190 -> 6.4535071e-05 | AL21: 2035.08 | AM21: =IF(G21="SCORIO",AL21*AE$208,IF(G21="DER/Edif.",AL21*AE$207,IF(G21="SINAPI-ES",AL21*AE$208,IF(G21="SICRO-ES",AL21*AE$206,IF(G21="DER/Rod.",AL21*AE$206,"CALCULAR"))))) -> 2048.4394
D22: 1.1.4 | G22: SCORIO | J22: SE 25.05.0200 (/) | M22: Projeto Executivo De Sistema De Drenagem, Em Autocad, Em Área Acima De 20.000M2. | P22: m² | S22: =VLOOKUP(D22,'MEMÓRIA DE CÁLCULO'!A:H,8,FALSE) -> 22025.82 | V22: =ROUND(AM22,2) -> 0.96 | Y22: =BDI!$E$35 -> 0.2182 | AB22: =ROUND(V22*(1+Y22),2) -> 1.17 | AE22: =ROUND(AB22*S22,2) -> 25770.21 | AH22: =AE22/$AE$190 -> 0.00067592059 | AL22: 0.95 | AM22: =IF(G22="SCORIO",AL22*AE$208,IF(G22="DER/Edif.",AL22*AE$207,IF(G22="SINAPI-ES",AL22*AE$208,IF(G22="SICRO-ES",AL22*AE$206,IF(G22="DER/Rod.",AL22*AE$206,"CALCULAR"))))) -> 0.95623634
D23: 1.1.5 | G23: CPU | J23: C001 | M23: Elaboração De As Built | P23: unid | S23: =VLOOKUP(D23,'MEMÓRIA DE CÁLCULO'!A:H,8,FALSE) -> 1 | V23: ='CPU`s '!V16 -> 13592.503 | Y23: =BDI!$E$35 -> 0.2182 | AB23: =ROUND(V23*(1+Y23),2) -> 16558.39 | AE23: =ROUND(AB23*S23,2) -> 16558.39 | AH23: =AE23/$AE$190 -> 0.00043430599 | AL23: ='CPU`s '!AL16 -> 0 | AM23: OK
D25: 1.2 | M25: Levantamentos, Sondagens e ensaios | AE25: =SUM(AE26:AE27) -> 149145.6 | AH25: =AE25/$AE$190 -> 0.0039119038
D26: 1.2.2 | G26: SCORIO | J26: AD 05.05.0053 (/) | M26: Analise granulometrica completa, em amostra de solo, de acordo com a NBR7181 e NBR6457, compreendendo as fases de peneiramento e sedimentacao, quando constatada a presenca de particulas finas em sua composicao. | P26: unid | S26: =VLOOKUP(D26,'MEMÓRIA DE CÁLCULO'!A:H,8,FALSE) -> 80 | V26: =ROUND(AM26,2) -> 523.82 | Y26: =BDI!$E$35 -> 0.2182 | AB26: =ROUND(V26*(1+Y26),2) -> 638.12 | AE26: =ROUND(AB26*S26,2) -> 51049.6 | AH26: =AE26/$AE$190 -> 0.0013389676 | AL26: 520.4 | AM26: =IF(G26="SCORIO",AL26*AE$208,IF(G26="DER/Edif.",AL26*AE$207,IF(G26="SINAPI-ES",AL26*AE$208,IF(G26="SICRO-ES",AL26*AE$206,IF(G26="DER/Rod.",AL26*AE$206,"CALCULAR"))))) -> 523.8162
D27: 1.2.3 | G27: SCORIO | J27: AD 05.20.0050 (/) | M27: Sondagem a percussao com diametro ate 3", com ensaio de penetracao (SPT) a cada metro, incluindo relatorio contendo classificacao tatil visual das amostras, perfis individuais dos furos, planta de localizacao e respectivas cotas das sondagens. Inclui deslocamento ate 50m de distancia e instalacao do tripe em cada furo dentro do canteiro, excluindo mobilizacao e desmobilizacao. | P27: m | S27: =VLOOKUP(D27,'MEMÓRIA DE CÁLCULO'!A:H,8,FALSE) -> 800 | V27: =ROUND(AM27,2) -> 100.66 | Y27: =BDI!$E$35 -> 0.2182 | AB27: =ROUND(V27*(1+Y27),2) -> 122.62 | AE27: =ROUND(AB27*S27,2) -> 98096 | AH27: =AE27/$AE$190 -> 0.0025729362 | AL27: 100 | AM27: =IF(G27="SCORIO",AL27*AE$208,IF(G27="DER/Edif.",AL27*AE$207,IF(G27="SINAPI-ES",AL27*AE$208,IF(G27="SICRO-ES",AL27*AE$206,IF(G27="DER/Rod.",AL27*AE$206,"CALCULAR"))))) -> 100.65646
D29: 2. | M29: ADMNISTRAÇÃO LOCAL | AE29: =SUM(AE30) -> 1981353.2 | AH29: =AE29/$AE$190 -> 0.051968434
D30: 2.1 | M30: Administração local | AE30: =SUM(AE31:AE32) -> 1981353.2 | AH30: =AE30/$AE$190 -> 0.051968434
D31: 2.1.1 | G31: CPU | J31: C002 | M31: Administração Local | P31: unid | S31: 1 | V31: ='CPU`s '!V23 -> 1626459.7 | Y31: =BDI!$E$35 -> 0.2182 | AB31: =ROUND(V31*(1+Y31),2) -> 1981353.2 | AE31: =ROUND(AB31*S31,2) -> 1981353.2 | AH31: =AE31/$AE$190 -> 0.051968434 | AL31: ='CPU`s '!AL23 -> 0 | AM31: OK
D33: 3. | M33: SERVIÇOS PRELIMINARES | AE33: =SUM(AE34,AE45) -> 308134.6 | AH33: =AE33/$AE$190 -> 0.0080819877
D34: 3.1 | M34: Canteiro de obras | AE34: =SUM(AE35:AE44) -> 142979.96 | AH34: =AE34/$AE$190 -> 0.0037501867
D35: 3.1.1 | G35: DER/Edif. | J35: 20305 | M35: Placa de obra nas dimensões de 2.0 x 4.0 m | P35: m² | S35: =2*4 -> 8 | V35: =ROUND(AM35,2) -> 264.84 | Y35: =BDI!$E$35 -> 0.2182 | AB35: =ROUND(V35*(1+Y35),2) -> 322.63 | AE35: =ROUND(AB35*S35,2) -> 2581.04 | AH35: =AE35/$AE$190 -> 6.7697472e-05 | AL35: 259.49 | AM35: =IF(G35="SCORIO",AL35*AE$208,IF(G35="DER/Edif.",AL35*AE$207,IF(G35="SINAPI-ES",AL35*AE$208,IF(G35="SICRO-ES",AL35*AE$206,IF(G35="DER/Rod.",AL35*AE$206,"CALCULAR"))))) -> 264.83911
D36: 3.1.2 | G36: DER/Edif. | J36: 20356 | M36: Aluguel Mensal Container Para Almoxarifado, Incl. Porta, 2 Janelas, 1 Pt Iluminação, Isolamento Térmico (Teto), Piso Em Comp. Naval Pintado, Cert. Nr18, Incl. Laudo Descontaminação. | P36: mês | S36: 21 | V36: =ROUND(AM36,2) -> 752.7 | Y36: =BDI!$E$35 -> 0.2182 | AB36: =ROUND(V36*(1+Y36),2) -> 916.94 | AE36: =ROUND(AB36*S36,2) -> 19255.74 | AH36: =AE36/$AE$190 -> 0.00050505413 | AL36: 737.5 | AM36: =IF(G36="SCORIO",AL36*AE$208,IF(G36="DER/Edif.",AL36*AE$207,IF(G36="SINAPI-ES",AL36*AE$208,IF(G36="SICRO-ES",AL36*AE$206,IF(G36="DER/Rod.",AL36*AE$206,"CALCULAR"))))) -> 752.70276
D37: 3.1.3 | G37: DER/Edif. | J37: 20353 | M37: Aluguel Mensal Container Para Refeitorio, Incl. Porta, 2 Janelas, Abert P/ Ar Cond., 2 Pt Iluminação, 2 Tomadas Elét. E 1 Tomada Telef. Isolamento Térmico (Paredes E Teto), Piso Em Comp. Naval Pintado, Cert. Nr18, Incl. Laudo Descontaminação. | P37: mês | S37: 21 | V37: =ROUND(AM37,2) -> 1160.95 | Y37: =BDI!$E$35 -> 0.2182 | AB37: =ROUND(V37*(1+Y37),2) -> 1414.27 | AE37: =ROUND(AB37*S37,2) -> 29699.67 | AH37: =AE37/$AE$190 -> 0.00077898544 | AL37: 1137.5 | AM37: =IF(G37="SCORIO",AL37*AE$208,IF(G37="DER/Edif.",AL37*AE$207,IF(G37="SINAPI-ES",AL37*AE$208,IF(G37="SICRO-ES",AL37*AE$206,IF(G37="DER/Rod.",AL37*AE$206,"CALCULAR"))))) -> 1160.9483
D38: 3.1.4 | G38: DER/Edif. | J38: 20355 | M38: Aluguel Mensal Container Sanitário, Incl Porta, Básc, 2 Ptos Luz, 1 Pto Aterram., 3Vasos, 3Lavatórios, Calha Mictório, 6 Chuveiros (1 Eletrico), Torn.,Registros, Piso Comp. Naval Pintado, Cert Nr18 E Laudo Descontaminação | P38: mês | S38: 21 | V38: =ROUND(AM38,2) -> 1194.12 | Y38: =BDI!$E$35 -> 0.2182 | AB38: =ROUND(V38*(1+Y38),2) -> 1454.68 | AE38: =ROUND(AB38*S38,2) -> 30548.28 | AH38: =AE38/$AE$190 -> 0.00080124342 | AL38: 1170 | AM38: =IF(G38="SCORIO",AL38*AE$208,IF(G38="DER/Edif.",AL38*AE$207,IF(G38="SINAPI-ES",AL38*AE$208,IF(G38="SICRO-ES",AL38*AE$206,IF(G38="DER/Rod.",AL38*AE$206,"CALCULAR"))))) -> 1194.1183
D39: 3.1.5 | G39: DER/Edif. | J39: 20352 | M39: Aluguel Mensal Container Para Escritório, Dim. 6.00X2.40M, C/ Banheiro (Vaso+Lavat+Chuveiro E Básc), Incl. Porta, 2 Janelas, Abert P/ Ar Cond., 2 Pt Iluminação, 2 Tom. Elét. E 1 Tom.Telef. Isolam.Térmico(Teto E Paredes), Piso Em Comp. Naval, Cert. Nr18, Incl. Laudo Descontaminação. | P39: mês | S39: 21 | V39: =ROUND(AM39,2) -> 1224.74 | Y39: =BDI!$E$35 -> 0.2182 | AB39: =ROUND(V39*(1+Y39),2) -> 1491.98 | AE39: =ROUND(AB39*S39,2) -> 31331.58 | AH39: =AE39/$AE$190 -> 0.00082178841 | AL39: 1200 | AM39: =IF(G39="SCORIO",AL39*AE$208,IF(G39="DER/Edif.",AL39*AE$207,IF(G39="SINAPI-ES",AL39*AE$208,IF(G39="SICRO-ES",AL39*AE$206,IF(G39="DER/Rod.",AL39*AE$206,"CALCULAR"))))) -> 1224.7367
D40: 3.1.6 | G40: DER/Edif. | J40: 20811 | M40: Reservatório De Poliestileno De 1000 L, Inclusive Suporte Em Madeira De 7X12Cm E 5X7Cm, Elevado De 4M, Conforme Projeto (2 Utilizações) | P40: unid. | S40: 1 | V40: =ROUND(AM40,2) -> 1070.02 | Y40: =BDI!$E$35 -> 0.2182 | AB40: =ROUND(V40*(1+Y40),2) -> 1303.5 | AE40: =ROUND(AB40*S40,2) -> 1303.5 | AH40: =AE40/$AE$190 -> 3.4189185e-05 | AL40: 1048.41 | AM40: =IF(G40="SCORIO",AL40*AE$208,IF(G40="DER/Edif.",AL40*AE$207,IF(G40="SINAPI-ES",AL40*AE$208,IF(G40="SICRO-ES",AL40*AE$206,IF(G40="DER/Rod.",AL40*AE$206,"CALCULAR"))))) -> 1070.0218
D41: 3.1.7 | G41: DER/Edif. | J41: 20812 | M41: Rede De Água, Com Padrão De Entrada D'Água Diâm. 3/4", Conf. Espec. Incl. Tubos E Conexões Para Alimentação, Distribuição, Extravasor E Limpeza, Cons. O Padrão A 25M, Conf. Projeto (2 Utilizações) | P41: m | S41: 25 | V41: =ROUND(AM41,2) -> 43.35 | Y41: =BDI!$E$35 -> 0.2182 | AB41: =ROUND(V41*(1+Y41),2) -> 52.81 | AE41: =ROUND(AB41*S41,2) -> 1320.25 | AH41: =AE41/$AE$190 -> 3.4628517e-05 | AL41: 42.47 | AM41: =IF(G41="SCORIO",AL41*AE$208,IF(G41="DER/Edif.",AL41*AE$207,IF(G41="SINAPI-ES",AL41*AE$208,IF(G41="SICRO-ES",AL41*AE$206,IF(G41="DER/Rod.",AL41*AE$206,"CALCULAR"))))) -> 43.345473
D42: 3.1.8 | G42: DER/Edif. | J42: 20713 | M42: Rede De Luz, Incl. Padrão Entrada De Energia Trifás., Cabo De Ligação Até Barracões, Quadro De Distrib., Disj. E Chave De Força (Quando Necessário), Cons. 20M Entre Padrão Entrada E Qdg, Conf. Projeto (1 Utilização) | P42: m | S42: 20 | V42: =ROUND(AM42,2) -> 524.89 | Y42: =BDI!$E$35 -> 0.2182 | AB42: =ROUND(V42*(1+Y42),2) -> 639.42 | AE42: =ROUND(AB42*S42,2) -> 12788.4 | AH42: =AE42/$AE$190 -> 0.00033542384 | AL42: 514.29 | AM42: =IF(G42="SCORIO",AL42*AE$208,IF(G42="DER/Edif.",AL42*AE$207,IF(G42="SINAPI-ES",AL42*AE$208,IF(G42="SICRO-ES",AL42*AE$206,IF(G42="DER/Rod.",AL42*AE$206,"CALCULAR"))))) -> 524.89153
D43: 3.1.9 | G43: DER/Edif. | J43: 20714 | M43: Rede De Esgoto, Contendo Fossa E Filtro, Inclusive Tubos E Conexões De Ligação Entre Caixas, Considerando Distância De 25M, Conforme Projeto (1 Utilização) | P43: m | S43: 25 | V43: =ROUND(AM43,2) -> 464.67 | Y43: =BDI!$E$35 -> 0.2182 | AB43: =ROUND(V43*(1+Y43),2) -> 566.06 | AE43: =ROUND(AB43*S43,2) -> 14151.5 | AH43: =AE43/$AE$190 -> 0.00037117626 | AL43: 455.28 | AM43: =IF(G43="SCORIO",AL43*AE$208,IF(G43="DER/Edif.",AL43*AE$207,IF(G43="SINAPI-ES",AL43*AE$208,IF(G43="SICRO-ES",AL43*AE$206,IF(G43="DER/Rod.",AL43*AE$206,"CALCULAR"))))) -> 464.6651
D45: 3.2 | M45: Mobilizações e desmobilizações | AE45: =SUM(AE46:AE47) -> 165154.64 | AH45: =AE45/$AE$190 -> 0.004331801
D46: 3.2.1 | G46: DER/Rod. | J46: 41544 | M46: Mobilização e desmobilização de equipamentos com carreta prancha (máximo) | P46: h | S46: =12*4*4 -> 192 | V46: =ROUND(AM46,2) -> 640.94 | Y46: =BDI!$E$35 -> 0.2182 | AB46: =ROUND(V46*(1+Y46),2) -> 780.79 | AE46: =ROUND(AB46*S46,2) -> 149911.68 | AH46: =AE46/$AE$190 -> 0.0039319971 | AL46: 622.54 | AM46: =IF(G46="SCORIO",AL46*AE$208,IF(G46="DER/Edif.",AL46*AE$207,IF(G46="SINAPI-ES",AL46*AE$208,IF(G46="SICRO-ES",AL46*AE$206,IF(G46="DER/Rod.",AL46*AE$206,"CALCULAR"))))) -> 640.94312
D47: 3.2.2 | G47: DER/Edif. | J47: 20344 | M47: Mobilização E Desmobilização De Conteiner Locado Para Barracão De Obra | P47: unid | S47: 8 | V47: =ROUND(AM47,2) -> 1564.09 | Y47: =BDI!$E$35 -> 0.2182 | AB47: =ROUND(V47*(1+Y47),2) -> 1905.37 | AE47: =ROUND(AB47*S47,2) -> 15242.96 | AH47: =AE47/$AE$190 -> 0.0003998039 | AL47: 1532.5 | AM47: =IF(G47="SCORIO",AL47*AE$208,IF(G47="DER/Edif.",AL47*AE$207,IF(G47="SINAPI-ES",AL47*AE$208,IF(G47="SICRO-ES",AL47*AE$206,IF(G47="DER/Rod.",AL47*AE$206,"CALCULAR"))))) -> 1564.0908
D49: 4. | M49: TERRAPLENAGEM | AE49: =SUM(AE50,AE58) -> 2628820.5 | AH49: =AE49/$AE$190 -> 0.068950696
D50: 4.1 | M50: Limpeza do terreno | AE50: =SUM(AE51:AE56) -> 183014.53 | AH50: =AE50/$AE$190 -> 0.0048002437
D51: 4.1.1 | G51: SINAPI-ES | J51: 98525 | M51: limpeza mecanizada de camada vegetal, vegetação e pequenas árvores (diâmetro de tronco menor que 0,20 m), com trator de esteiras.af_05/2018 | P51: m² | S51: =VLOOKUP(D51,'MEMÓRIA DE CÁLCULO'!A:H,8,FALSE) -> 22025.82 | V51: =ROUND(AM51,2) -> 0.81 | Y51: =BDI!$E$35 -> 0.2182 | AB51: =ROUND(V51*(1+Y51),2) -> 0.99 | AE51: =ROUND(AB51*S51,2) -> 21805.56 | AH51: =AE51/$AE$190 -> 0.00057193274 | AL51: 0.8 | AM51: =IF(G51="SCORIO",AL51*AE$208,IF(G51="DER/Edif.",AL51*AE$207,IF(G51="SINAPI-ES",AL51*AE$208,IF(G51="SICRO-ES",AL51*AE$206,IF(G51="DER/Rod.",AL51*AE$206,"CALCULAR"))))) -> 0.80525166
D52: 4.1.2 | G52: SINAPI-ES | J52: 100983 | M52: carga, manobra e descarga de entulho em caminhão basculante 14 m³ - carga com escavadeira hidráulica (caçamba de 0,80 m³ / 111 hp) e descarga livre | P52: m³ | S52: =VLOOKUP(D52,'MEMÓRIA DE CÁLCULO'!A:H,8,FALSE) -> 4405.164 | V52: =ROUND(AM52,2) -> 10.17 | Y52: =BDI!$E$35 -> 0.2182 | AB52: =ROUND(V52*(1+Y52),2) -> 12.39 | AE52: =ROUND(AB52*S52,2) -> 54579.98 | AH52: =AE52/$AE$190 -> 0.0014315651 | AL52: 10.1 | AM52: =IF(G52="SCORIO",AL52*AE$208,IF(G52="DER/Edif.",AL52*AE$207,IF(G52="SINAPI-ES",AL52*AE$208,IF(G52="SICRO-ES",AL52*AE$206,IF(G52="DER/Rod.",AL52*AE$206,"CALCULAR"))))) -> 10.166302
D53: 4.1.3 | G53: SINAPI-ES | J53: 98529 | M53: Corte Raso E Recorte De Árvore Com Diâmetro De Tronco Maior Ou Igual A 0,20 M E Menor Que 0,40 M | P53: unid | S53: =VLOOKUP(D53,'MEMÓRIA DE CÁLCULO'!A:H,8,FALSE) -> 50 | V53: =ROUND(AM53,2) -> 103.33 | Y53: =BDI!$E$35 -> 0.2182 | AB53: =ROUND(V53*(1+Y53),2) -> 125.88 | AE53: =ROUND(AB53*S53,2) -> 6294 | AH53: =AE53/$AE$190 -> 0.0001650838 | AL53: 102.66 | AM53: =IF(G53="SCORIO",AL53*AE$208,IF(G53="DER/Edif.",AL53*AE$207,IF(G53="SINAPI-ES",AL53*AE$208,IF(G53="SICRO-ES",AL53*AE$206,IF(G53="DER/Rod.",AL53*AE$206,"CALCULAR"))))) -> 103.33392
D54: 4.1.4 | G54: SINAPI-ES | J54: 98526 | M54: Remoção De Raízes Remanescentes De Tronco De Árvore Com Diâmetro Maior Ou Igual A 0,20 M E Menor Que 0,40M | P54: unid | S54: =VLOOKUP(D54,'MEMÓRIA DE CÁLCULO'!A:H,8,FALSE) -> 50 | V54: =ROUND(AM54,2) -> 162.85 | Y54: =BDI!$E$35 -> 0.2182 | AB54: =ROUND(V54*(1+Y54),2) -> 198.38 | AE54: =ROUND(AB54*S54,2) -> 9919 | AH54: =AE54/$AE$190 -> 0.00026016304 | AL54: 161.79 | AM54: =IF(G54="SCORIO",AL54*AE$208,IF(G54="DER/Edif.",AL54*AE$207,IF(G54="SINAPI-ES",AL54*AE$208,IF(G54="SICRO-ES",AL54*AE$206,IF(G54="DER/Rod.",AL54*AE$206,"CALCULAR"))))) -> 162.85208
D55: 4.1.5 | G55: SICRO-ES | J55: 5915321 | M55: Transporte com caminhão basculante de 14 m³ - rodovia pavimentada | P55: txkm | S55: =VLOOKUP(D55,'MEMÓRIA DE CÁLCULO'!A:H,8,FALSE) -> 77090.37 | V55: =ROUND(AM55,2) -> 0.76 | Y55: =BDI!$E$35 -> 0.2182 | AB55: =ROUND(V55*(1+Y55),2) -> 0.93 | AE55: =ROUND(AB55*S55,2) -> 71694.04 | AH55: =AE55/$AE$190 -> 0.0018804456 | AL55: 0.74 | AM55: =IF(G55="SCORIO",AL55*AE$208,IF(G55="DER/Edif.",AL55*AE$207,IF(G55="SINAPI-ES",AL55*AE$208,IF(G55="SICRO-ES",AL55*AE$206,IF(G55="DER/Rod.",AL55*AE$206,"CALCULAR"))))) -> 0.76187539
D56: 4.1.6 | G56: SICRO-ES | J56: 4413942 | M56: Espalhamento de material em bota-fora | P56: m³ | S56: =VLOOKUP(D56,'MEMÓRIA DE CÁLCULO'!A:H,8,FALSE) -> 5506.455 | V56: =ROUND(AM56,2) -> 2.79 | Y56: =BDI!$E$35 -> 0.2182 | AB56: =ROUND(V56*(1+Y56),2) -> 3.4 | AE56: =ROUND(AB56*S56,2) -> 18721.95 | AH56: =AE56/$AE$190 -> 0.00049105348 | AL56: 2.71 | AM56: =IF(G56="SCORIO",AL56*AE$208,IF(G56="DER/Edif.",AL56*AE$207,IF(G56="SINAPI-ES",AL56*AE$208,IF(G56="SICRO-ES",AL56*AE$206,IF(G56="DER/Rod.",AL56*AE$206,"CALCULAR"))))) -> 2.7901112
D58: 4.2 | M58: Terraplenagem | AE58: =SUM(AE59:AE62) -> 2445806 | AH58: =AE58/$AE$190 -> 0.064150453
D59: 4.2.1 | G59: SICRO-ES | J59: 5502109 | M59: Escavação, carga e transporte de material de 1ª categoria - DMT de 50 a 200 m - caminho de serviço em leito natural - com escavadeira e caminhão basculante de 14 m³ | P59: m³ | S59: =VLOOKUP(D59,'MEMÓRIA DE CÁLCULO'!A:H,8,FALSE) -> 216.625 | V59: =ROUND(AM59,2) -> 7.1 | Y59: =BDI!$E$35 -> 0.2182 | AB59: =ROUND(V59*(1+Y59),2) -> 8.65 | AE59: =ROUND(AB59*S59,2) -> 1873.81 | AH59: =AE59/$AE$190 -> 4.9147708e-05 | AL59: 6.9 | AM59: =IF(G59="SCORIO",AL59*AE$208,IF(G59="DER/Edif.",AL59*AE$207,IF(G59="SINAPI-ES",AL59*AE$208,IF(G59="SICRO-ES",AL59*AE$206,IF(G59="DER/Rod.",AL59*AE$206,"CALCULAR"))))) -> 7.1039732
D60: 4.2.2 | G60: SICRO-ES | J60: 5502978 | M60: Compactação de aterros a 100% do Proctor normal | P60: m³ | S60: =VLOOKUP(D60,'MEMÓRIA DE CÁLCULO'!A:H,8,FALSE) -> 82022.158 | V60: =ROUND(AM60,2) -> 6.3 | Y60: =BDI!$E$35 -> 0.2182 | AB60: =ROUND(V60*(1+Y60),2) -> 7.67 | AE60: =ROUND(AB60*S60,2) -> 629109.95 | AH60: =AE60/$AE$190 -> 0.016500772 | AL60: 6.12 | AM60: =IF(G60="SCORIO",AL60*AE$208,IF(G60="DER/Edif.",AL60*AE$207,IF(G60="SINAPI-ES",AL60*AE$208,IF(G60="SICRO-ES",AL60*AE$206,IF(G60="DER/Rod.",AL60*AE$206,"CALCULAR"))))) -> 6.3009154
D61: 4.2.3 | G61: SICRO-ES | J61: 4016096 | M61: Escavação e carga de material de jazida com escavadeira hidráulica de 1,56 m³ | P61: m³ | S61: =VLOOKUP(D61,'MEMÓRIA DE CÁLCULO'!A:H,8,FALSE) -> 106628.81 | V61: =ROUND(AM61,2) -> 1.76 | Y61: =BDI!$E$35 -> 0.2182 | AB61: =ROUND(V61*(1+Y61),2) -> 2.14 | AE61: =ROUND(AB61*S61,2) -> 228185.64 | AH61: =AE61/$AE$190 -> 0.0059850258 | AL61: 1.71 | AM61: =IF(G61="SCORIO",AL61*AE$208,IF(G61="DER/Edif.",AL61*AE$207,IF(G61="SINAPI-ES",AL61*AE$208,IF(G61="SICRO-ES",AL61*AE$206,IF(G61="DER/Rod.",AL61*AE$206,"CALCULAR"))))) -> 1.7605499
D62: 4.2.4 | G62: SICRO-ES | J62: 5915321 | M62: Transporte com caminhão basculante de 14 m³ - rodovia pavimentada | P62: txkm | S62: =VLOOKUP(D62,'MEMÓRIA DE CÁLCULO'!A:H,8,FALSE) -> 1706060.9 | V62: =ROUND(AM62,2) -> 0.76 | Y62: =BDI!$E$35 -> 0.2182 | AB62: =ROUND(V62*(1+Y62),2) -> 0.93 | AE62: =ROUND(AB62*S62,2) -> 1586636.6 | AH62: =AE62/$AE$190 -> 0.041615507 | AL62: 0.74 | AM62: =IF(G62="SCORIO",AL62*AE$208,IF(G62="DER/Edif.",AL62*AE$207,IF(G62="SINAPI-ES",AL62*AE$208,IF(G62="SICRO-ES",AL62*AE$206,IF(G62="DER/Rod.",AL62*AE$206,"CALCULAR"))))) -> 0.76187539
D64: 5. | M64: ENROCAMENTO/ATERRO | AE64: =SUM(AE65) -> 25219426 | AH64: =AE64/$AE$190 -> 0.6614742
D65: 5.1 | M65: Enrocamento | AE65: =SUM(AE66:AE72) -> 25219426 | AH65: =AE65/$AE$190 -> 0.6614742
D66: 5.1.1 | G66: SICRO-ES | J66: 1505877 | M66: Enrocamento de pedra espalhada e compactada mecanicamente - pedra de mão comercial - fornecimento e assentamento | P66: m³ | S66: =VLOOKUP(D66,'MEMÓRIA DE CÁLCULO'!A:H,8,FALSE) -> 23549.82 | V66: =ROUND(AM66,2) -> 217.08 | Y66: =BDI!$E$35 -> 0.2182 | AB66: =ROUND(V66*(1+Y66),2) -> 264.45 | AE66: =ROUND(AB66*S66,2) -> 6227749.9 | AH66: =AE66/$AE$190 -> 0.16334614 | AL66: 210.85 | AM66: =IF(G66="SCORIO",AL66*AE$208,IF(G66="DER/Edif.",AL66*AE$207,IF(G66="SINAPI-ES",AL66*AE$208,IF(G66="SICRO-ES",AL66*AE$206,IF(G66="DER/Rod.",AL66*AE$206,"CALCULAR"))))) -> 217.08301
D67: 5.1.2 | G67: SINAPI-ES | J67: 96385 | M67: execução e compactação de aterro com solo predominantemente argiloso - exclusive solo, escavação, carga e transporte. af_11/2019 | P67: m³ | S67: =VLOOKUP(D67,'MEMÓRIA DE CÁLCULO'!A:H,8,FALSE) -> 35324.73 | V67: =ROUND(AM67,2) -> 14.2 | Y67: =BDI!$E$35 -> 0.2182 | AB67: =ROUND(V67*(1+Y67),2) -> 17.3 | AE67: =ROUND(AB67*S67,2) -> 611117.83 | AH67: =AE67/$AE$190 -> 0.016028861 | AL67: 14.11 | AM67: =IF(G67="SCORIO",AL67*AE$208,IF(G67="DER/Edif.",AL67*AE$207,IF(G67="SINAPI-ES",AL67*AE$208,IF(G67="SICRO-ES",AL67*AE$206,IF(G67="DER/Rod.",AL67*AE$206,"CALCULAR"))))) -> 14.202626
D68: 5.1.3 | G68: SINAPI-ES | J68: 96386 | M68: execução e compactação de aterro com solo predominantemente arenoso - exclusive solo, escavação, carga e transporte. af_11/2019 | P68: m³ | S68: =VLOOKUP(D68,'MEMÓRIA DE CÁLCULO'!A:H,8,FALSE) -> 108329.17 | V68: =ROUND(AM68,2) -> 7.59 | Y68: =BDI!$E$35 -> 0.2182 | AB68: =ROUND(V68*(1+Y68),2) -> 9.25 | AE68: =ROUND(AB68*S68,2) -> 1002044.8 | AH68: =AE68/$AE$190 -> 0.026282391 | AL68: 7.54 | AM68: =IF(G68="SCORIO",AL68*AE$208,IF(G68="DER/Edif.",AL68*AE$207,IF(G68="SINAPI-ES",AL68*AE$208,IF(G68="SICRO-ES",AL68*AE$206,IF(G68="DER/Rod.",AL68*AE$206,"CALCULAR"))))) -> 7.5894969
D69: 5.1.4 | G69: SINAPI-ES | J69: 6079 | M69: argila, argila vermelha ou argila arenosa (retirada na jazida, sem transporte) | P69: m³ | S69: ='MEMÓRIA DE CÁLCULO'!H318 -> 45922.149 | V69: =ROUND(AM69,2) -> 42.98 | Y69: =BDI!$E$35 -> 0.2182 | AB69: =ROUND(V69*(1+Y69),2) -> 52.36 | AE69: =ROUND(AB69*S69,2) -> 2404483.7 | AH69: =AE69/$AE$190 -> 0.06306662 | AL69: 37.35 | AM69: =AL69*AE209 -> 42.983509
D70: 5.1.5 | G70: SINAPI-ES | J70: 368 | M70: Areia para aterro | P70: m³ | S70: =VLOOKUP(D70,'MEMÓRIA DE CÁLCULO'!A:H,8,FALSE) -> 119162.09 | V70: =ROUND(AM70,2) -> 47.96 | Y70: =BDI!$E$35 -> 0.2182 | AB70: =ROUND(V70*(1+Y70),2) -> 58.42 | AE70: =ROUND(AB70*S70,2) -> 6961449.2 | AH70: =AE70/$AE$190 -> 0.18259016 | AL70: 41.67 | AM70: =AL70*AE209 -> 47.955096
D71: 5.1.6 | G71: SICRO-ES | J71: 5915321 | M71: Transporte com caminhão basculante de 14 m³ - rodovia pavimentada | P71: txkm | S71: =VLOOKUP(D71,'MEMÓRIA DE CÁLCULO'!A:H,8,FALSE) -> 3577803.6 | V71: =ROUND(AM71,2) -> 0.76 | Y71: =BDI!$E$35 -> 0.2182 | AB71: =ROUND(V71*(1+Y71),2) -> 0.93 | AE71: =ROUND(AB71*S71,2) -> 3327357.4 | AH71: =AE71/$AE$190 -> 0.087272449 | AL71: 0.74 | AM71: =IF(G71="SCORIO",AL71*AE$208,IF(G71="DER/Edif.",AL71*AE$207,IF(G71="SINAPI-ES",AL71*AE$208,IF(G71="SICRO-ES",AL71*AE$206,IF(G71="DER/Rod.",AL71*AE$206,"CALCULAR"))))) -> 0.76187539
D72: 5.1.7 | G72: CPU | J72: C004 | M72: Enrocamento - Rocha 9,3/15,5T ( 12,25T) - Fornecimento/Carga/Descarga/Colocação | P72: m³ | S72: =VLOOKUP(D72,'MEMÓRIA DE CÁLCULO'!A:H,8,FALSE) -> 18626.895 | V72: ='CPU`s '!V55 -> 206.47414 | Y72: =BDI!$E$35 -> 0.2182 | AB72: =ROUND(V72*(1+Y72),2) -> 251.53 | AE72: =ROUND(AB72*S72,2) -> 4685222.9 | AH72: =AE72/$AE$190 -> 0.12288757 | AL72: ='CPU`s '!AL55 -> 0 | AM72: OK
D74: 6. | M74: DRENAGEM | AE74: =SUM(AE75,) -> 331454.45 | AH74: =AE74/$AE$190 -> 0.0086936383
D75: 6.1 | M75: Drenagem | AE75: =SUM(AE76:AE81) -> 331454.45 | AH75: =AE75/$AE$190 -> 0.0086936383
D76: 6.1.1 | G76: DER/Rod. | J76: 41241 | M76: Caixa ralo em blocos pré-moldados e grelha articulada em FFA em Vias Urbanas | P76: unid | S76: 8 | V76: =ROUND(AM76,2) -> 1814.89 | Y76: =BDI!$E$35 -> 0.2182 | AB76: =ROUND(V76*(1+Y76),2) -> 2210.9 | AE76: =ROUND(AB76*S76,2) -> 17687.2 | AH76: =AE76/$AE$190 -> 0.00046391328 | AL76: 1762.78 | AM76: =IF(G76="SCORIO",AL76*AE$208,IF(G76="DER/Edif.",AL76*AE$207,IF(G76="SINAPI-ES",AL76*AE$208,IF(G76="SICRO-ES",AL76*AE$206,IF(G76="DER/Rod.",AL76*AE$206,"CALCULAR"))))) -> 1814.8901
D77: 6.1.2 | G77: SICRO-ES | J77: 2003983 | M77: Tubo PEAD para drenagem - D = 400 mm - fornecimento e instalação | P77: m | S77: 61 | V77: =ROUND(AM77,2) -> 221.91 | Y77: =BDI!$E$35 -> 0.2182 | AB77: =ROUND(V77*(1+Y77),2) -> 270.33 | AE77: =ROUND(AB77*S77,2) -> 16490.13 | AH77: =AE77/$AE$190 -> 0.00043251562 | AL77: 215.54 | AM77: =IF(G77="SCORIO",AL77*AE$208,IF(G77="DER/Edif.",AL77*AE$207,IF(G77="SINAPI-ES",AL77*AE$208,IF(G77="SICRO-ES",AL77*AE$206,IF(G77="DER/Rod.",AL77*AE$206,"CALCULAR"))))) -> 221.91165
D78: 6.1.3 | G78: SICRO-ES | J78: 2003986 | M78: Tubo PEAD para drenagem - D = 600 mm - fornecimento e instalação | P78: m | S78: 372 | V78: =ROUND(AM78,2) -> 549.6 | Y78: =BDI!$E$35 -> 0.2182 | AB78: =ROUND(V78*(1+Y78),2) -> 669.52 | AE78: =ROUND(AB78*S78,2) -> 249061.44 | AH78: =AE78/$AE$190 -> 0.0065325721 | AL78: 533.82 | AM78: =IF(G78="SCORIO",AL78*AE$208,IF(G78="DER/Edif.",AL78*AE$207,IF(G78="SINAPI-ES",AL78*AE$208,IF(G78="SICRO-ES",AL78*AE$206,IF(G78="DER/Rod.",AL78*AE$206,"CALCULAR"))))) -> 549.60043
D79: 6.1.4 | G79: DER/Rod. | J79: 41144 | M79: Caixa Boca de Lobo em bloco pré-moldado para diâm. = 0,60m (1,00 x 1,00m) CBL2 (Vias Urbanas) | P79: unid | S79: 8 | V79: =ROUND(AM79,2) -> 3297.11 | Y79: =BDI!$E$35 -> 0.2182 | AB79: =ROUND(V79*(1+Y79),2) -> 4016.54 | AE79: =ROUND(AB79*S79,2) -> 32132.32 | AH79: =AE79/$AE$190 -> 0.00084279083 | AL79: 3202.44 | AM79: =IF(G79="SCORIO",AL79*AE$208,IF(G79="DER/Edif.",AL79*AE$207,IF(G79="SINAPI-ES",AL79*AE$208,IF(G79="SICRO-ES",AL79*AE$206,IF(G79="DER/Rod.",AL79*AE$206,"CALCULAR"))))) -> 3297.1084
D80: 6.1.5 | G80: DER/Rod. | J80: 40734 | M80: Dissipador de energia aplicado a saída de bueiro/descida d'água de aterro (DEB-03) | P80: unid | S80: 1 | V80: =ROUND(AM80,2) -> 3427.39 | Y80: =BDI!$E$35 -> 0.2182 | AB80: =ROUND(V80*(1+Y80),2) -> 4175.25 | AE80: =ROUND(AB80*S80,2) -> 4175.25 | AH80: =AE80/$AE$190 -> 0.00010951162 | AL80: 3328.98 | AM80: =IF(G80="SCORIO",AL80*AE$208,IF(G80="DER/Edif.",AL80*AE$207,IF(G80="SINAPI-ES",AL80*AE$208,IF(G80="SICRO-ES",AL80*AE$206,IF(G80="DER/Rod.",AL80*AE$206,"CALCULAR"))))) -> 3427.3891
D81: 6.1.6 | G81: SICRO-ES | J81: 2003409 | M81: Descida d'água de aterros em degraus - DAD 03 - areia e brita comerciais | P81: m | S81: 18.85 | V81: =ROUND(AM81,2) -> 518.58 | Y81: =BDI!$E$35 -> 0.2182 | AB81: =ROUND(V81*(1+Y81),2) -> 631.73 | AE81: =ROUND(AB81*S81,2) -> 11908.11 | AH81: =AE81/$AE$190 -> 0.00031233493 | AL81: 450.61 | AM81: =AL81*AE209 -> 518.57561
D83: 7. | M83: PISOS / PAVIMENTAÇÕES | AE83: =SUM(AE84,AE91,AE102,AE109) -> 4014253.4 | AH83: =AE83/$AE$190 -> 0.10528888
D84: 7.1 | M84: Pavimentação - Viário | AE84: =SUM(AE85:AE89) -> 904560.49 | AH84: =AE84/$AE$190 -> 0.023725498
D85: 7.1.1 | G85: SINAPI-ES | J85: 100576 | M85: Regularização E Compactação De Subleito De Solo Predominantemente Argiloso. Af_11/2019 | P85: m² | S85: =VLOOKUP(D85,'MEMÓRIA DE CÁLCULO'!A:H,8,FALSE) -> 3778 | V85: =ROUND(AM85,2) -> 3.27 | Y85: =BDI!$E$35 -> 0.2182 | AB85: =ROUND(V85*(1+Y85),2) -> 3.98 | AE85: =ROUND(AB85*S85,2) -> 15036.44 | AH85: =AE85/$AE$190 -> 0.00039438714 | AL85: 3.25 | AM85: =IF(G85="SCORIO",AL85*AE$208,IF(G85="DER/Edif.",AL85*AE$207,IF(G85="SINAPI-ES",AL85*AE$208,IF(G85="SICRO-ES",AL85*AE$206,IF(G85="DER/Rod.",AL85*AE$206,"CALCULAR"))))) -> 3.2713349
D86: 7.1.2 | G86: SINAPI-ES | J86: 96396 | M86: Execução E Compactação De Base E Ou Sub Base Para Pavimentação De Brita Graduada Simples - Exclusive Carga E Transporte. Af_11/2019 | P86: m³ | S86: =VLOOKUP(D86,'MEMÓRIA DE CÁLCULO'!A:H,8,FALSE) -> 1133.4 | V86: =ROUND(AM86,2) -> 278.9 | Y86: =BDI!$E$35 -> 0.2182 | AB86: =ROUND(V86*(1+Y86),2) -> 339.76 | AE86: =ROUND(AB86*S86,2) -> 385083.98 | AH86: =AE86/$AE$190 -> 0.010100274 | AL86: 277.08 | AM86: =IF(G86="SCORIO",AL86*AE$208,IF(G86="DER/Edif.",AL86*AE$207,IF(G86="SINAPI-ES",AL86*AE$208,IF(G86="SICRO-ES",AL86*AE$206,IF(G86="DER/Rod.",AL86*AE$206,"CALCULAR"))))) -> 278.89891
D87: 7.1.3 | G87: SICRO-ES | J87: 5914351 | M87: Carga, manobra e descarga de agregados ou solos em caminhão basculante de 14 m³ - carga com carregadeira de 3,40 m³ e descarga livre | P87: t | S87: =VLOOKUP(D87,'MEMÓRIA DE CÁLCULO'!A:H,8,FALSE) -> 1813.44 | V87: =ROUND(AM87,2) -> 3.23 | Y87: =BDI!$E$35 -> 0.2182 | AB87: =ROUND(V87*(1+Y87),2) -> 3.93 | AE87: =ROUND(AB87*S87,2) -> 7126.82 | AH87: =AE87/$AE$190 -> 0.00018692763 | AL87: 3.14 | AM87: =IF(G87="SCORIO",AL87*AE$208,IF(G87="DER/Edif.",AL87*AE$207,IF(G87="SINAPI-ES",AL87*AE$208,IF(G87="SICRO-ES",AL87*AE$206,IF(G87="DER/Rod.",AL87*AE$206,"CALCULAR"))))) -> 3.2328226 | CD87: 148,67
D88: 7.1.4 | G88: SICRO-ES | J88: 5915321 | M88: Transporte com caminhão basculante de 14 m³ - rodovia pavimentada | P88: txkm | S88: =VLOOKUP(D88,'MEMÓRIA DE CÁLCULO'!A:H,8,FALSE) -> 18134.4 | V88: =ROUND(AM88,2) -> 0.76 | Y88: =BDI!$E$35 -> 0.2182 | AB88: =ROUND(V88*(1+Y88),2) -> 0.93 | AE88: =ROUND(AB88*S88,2) -> 16864.99 | AH88: =AE88/$AE$190 -> 0.00044234773 | AL88: 0.74 | AM88: =IF(G88="SCORIO",AL88*AE$208,IF(G88="DER/Edif.",AL88*AE$207,IF(G88="SINAPI-ES",AL88*AE$208,IF(G88="SICRO-ES",AL88*AE$206,IF(G88="DER/Rod.",AL88*AE$206,"CALCULAR"))))) -> 0.76187539
D89: 7.1.5 | G89: SINAPI-ES | J89: 92398 | M89: execução de pavimento em piso intertravado, com bloco retangular cor natural de 20 x 10 cm, espessura 8 cm. | P89: m² | S89: =VLOOKUP(D89,'MEMÓRIA DE CÁLCULO'!A:H,8,FALSE) -> 3778 | V89: =ROUND(AM89,2) -> 104.39 | Y89: =BDI!$E$35 -> 0.2182 | AB89: =ROUND(V89*(1+Y89),2) -> 127.17 | AE89: =ROUND(AB89*S89,2) -> 480448.26 | AH89: =AE89/$AE$190 -> 0.012601561 | AL89: 103.71 | AM89: =IF(G89="SCORIO",AL89*AE$208,IF(G89="DER/Edif.",AL89*AE$207,IF(G89="SINAPI-ES",AL89*AE$208,IF(G89="SICRO-ES",AL89*AE$206,IF(G89="DER/Rod.",AL89*AE$206,"CALCULAR"))))) -> 104.39081
D91: 7.2 | M91: Ciclovia | AE91: =SUM(AE92:AE100) -> 261511.69 | AH91: =AE91/$AE$190 -> 0.0068591267
D92: 7.2.1 | G92: SINAPI-ES | J92: 100576 | M92: Regularização E Compactação De Subleito De Solo Predominantemente Argiloso. Af_11/2019 | P92: m² | S92: =VLOOKUP(D92,'MEMÓRIA DE CÁLCULO'!A:H,8,FALSE) -> 1152 | V92: =ROUND(AM92,2) -> 3.27 | Y92: =BDI!$E$35 -> 0.2182 | AB92: =ROUND(V92*(1+Y92),2) -> 3.98 | AE92: =ROUND(AB92*S92,2) -> 4584.96 | AH92: =AE92/$AE$190 -> 0.0001202578 | AL92: 3.25 | AM92: =IF(G92="SCORIO",AL92*AE$208,IF(G92="DER/Edif.",AL92*AE$207,IF(G92="SINAPI-ES",AL92*AE$208,IF(G92="SICRO-ES",AL92*AE$206,IF(G92="DER/Rod.",AL92*AE$206,"CALCULAR"))))) -> 3.2713349
D93: 7.2.2 | G93: SINAPI-ES | J93: 96396 | M93: Execução E Compactação De Base E Ou Sub Base Para Pavimentação De Brita Graduada Simples - Exclusive Carga E Transporte. Af_11/2019 | P93: m³ | S93: =VLOOKUP(D93,'MEMÓRIA DE CÁLCULO'!A:H,8,FALSE) -> 345.6 | V93: =ROUND(AM93,2) -> 278.9 | Y93: =BDI!$E$35 -> 0.2182 | AB93: =ROUND(V93*(1+Y93),2) -> 339.76 | AE93: =ROUND(AB93*S93,2) -> 117421.06 | AH93: =AE93/$AE$190 -> 0.0030798085 | AL93: 277.08 | AM93: =IF(G93="SCORIO",AL93*AE$208,IF(G93="DER/Edif.",AL93*AE$207,IF(G93="SINAPI-ES",AL93*AE$208,IF(G93="SICRO-ES",AL93*AE$206,IF(G93="DER/Rod.",AL93*AE$206,"CALCULAR"))))) -> 278.89891
D94: 7.2.3 | G94: SICRO-ES | J94: 5914351 | M94: Carga, manobra e descarga de agregados ou solos em caminhão basculante de 14 m³ - carga com carregadeira de 3,40 m³ e descarga livre | P94: t | S94: =VLOOKUP(D94,'MEMÓRIA DE CÁLCULO'!A:H,8,FALSE) -> 552.96 | V94: =ROUND(AM94,2) -> 3.23 | Y94: =BDI!$E$35 -> 0.2182 | AB94: =ROUND(V94*(1+Y94),2) -> 3.93 | AE94: =ROUND(AB94*S94,2) -> 2173.13 | AH94: =AE94/$AE$190 -> 5.69985e-05 | AL94: 3.14 | AM94: =IF(G94="SCORIO",AL94*AE$208,IF(G94="DER/Edif.",AL94*AE$207,IF(G94="SINAPI-ES",AL94*AE$208,IF(G94="SICRO-ES",AL94*AE$206,IF(G94="DER/Rod.",AL94*AE$206,"CALCULAR"))))) -> 3.2328226 | CD94: 148,67
D95: 7.2.4 | G95: SICRO-ES | J95: 5915321 | M95: Transporte com caminhão basculante de 14 m³ - rodovia pavimentada | P95: txkm | S95: =VLOOKUP(D95,'MEMÓRIA DE CÁLCULO'!A:H,8,FALSE) -> 5529.6 | V95: =ROUND(AM95,2) -> 0.76 | Y95: =BDI!$E$35 -> 0.2182 | AB95: =ROUND(V95*(1+Y95),2) -> 0.93 | AE95: =ROUND(AB95*S95,2) -> 5142.53 | AH95: =AE95/$AE$190 -> 0.00013488217 | AL95: 0.74 | AM95: =IF(G95="SCORIO",AL95*AE$208,IF(G95="DER/Edif.",AL95*AE$207,IF(G95="SINAPI-ES",AL95*AE$208,IF(G95="SICRO-ES",AL95*AE$206,IF(G95="DER/Rod.",AL95*AE$206,"CALCULAR"))))) -> 0.76187539
D96: 7.2.5 | G96: DER/Rod. | J96: 40111 | M96: Imprimação inclusive fornecimento e transporte CM-30 | P96: m² | S96: =VLOOKUP(D96,'MEMÓRIA DE CÁLCULO'!A:H,8,FALSE) -> 1152 | V96: =ROUND(AM96,2) -> 10.63 | Y96: =BDI!$E$35 -> 0.2182 | AB96: =ROUND(V96*(1+Y96),2) -> 12.95 | AE96: =ROUND(AB96*S96,2) -> 14918.4 | AH96: =AE96/$AE$190 -> 0.00039129109 | AL96: 9.24 | AM96: =AL96*AE209 -> 10.633671
D97: 7.2.6 | G97: SINAPI-ES | J97: 95995 | M97: Execução De Pavimento Com Aplicação De Concreto Asfáltico, Camada De Rolamento - Exclusive Carga E Transporte. Af_11/2019 | P97: m³ | S97: =VLOOKUP(D97,'MEMÓRIA DE CÁLCULO'!A:H,8,FALSE) -> 34.56 | V97: =ROUND(AM97,2) -> 2198.28 | Y97: =BDI!$E$35 -> 0.2182 | AB97: =ROUND(V97*(1+Y97),2) -> 2677.94 | AE97: =ROUND(AB97*S97,2) -> 92549.61 | AH97: =AE97/$AE$190 -> 0.0024274613 | AL97: 2183.94 | AM97: =IF(G97="SCORIO",AL97*AE$208,IF(G97="DER/Edif.",AL97*AE$207,IF(G97="SINAPI-ES",AL97*AE$208,IF(G97="SICRO-ES",AL97*AE$206,IF(G97="DER/Rod.",AL97*AE$206,"CALCULAR"))))) -> 2198.2766
D98: 7.2.7 | G98: SICRO-ES | J98: 5914643 | M98: Carga, Manobra E Descarga De Mistura Betuminosa A Quente Em Caminhão Basculante De 6 M³ - Carga Em Usina De Asfalto 100/140 T/H E Descarga Em Vibroacabadora | P98: t | S98: =VLOOKUP(D98,'MEMÓRIA DE CÁLCULO'!A:H,8,FALSE) -> 84.672 | V98: =ROUND(AM98,2) -> 6.41 | Y98: =BDI!$E$35 -> 0.2182 | AB98: =ROUND(V98*(1+Y98),2) -> 7.81 | AE98: =ROUND(AB98*S98,2) -> 661.29 | AH98: =AE98/$AE$190 -> 1.7344815e-05 | AL98: 6.23 | AM98: =IF(G98="SCORIO",AL98*AE$208,IF(G98="DER/Edif.",AL98*AE$207,IF(G98="SINAPI-ES",AL98*AE$208,IF(G98="SICRO-ES",AL98*AE$206,IF(G98="DER/Rod.",AL98*AE$206,"CALCULAR"))))) -> 6.4141671
D99: 7.2.8 | G99: SICRO-ES | J99: 5914612 | M99: Transporte De Mistura Betuminosa A Quente Com Caminhão Com Caçamba Térmica De 6 M³ - Rodovia Pavimentada | P99: tkm | S99: =VLOOKUP(D99,'MEMÓRIA DE CÁLCULO'!A:H,8,FALSE) -> 872.1216 | V99: =ROUND(AM99,2) -> 0.99 | Y99: =BDI!$E$35 -> 0.2182 | AB99: =ROUND(V99*(1+Y99),2) -> 1.21 | AE99: =ROUND(AB99*S99,2) -> 1055.27 | AH99: =AE99/$AE$190 -> 2.7678421e-05 | AL99: 0.96 | AM99: =IF(G99="SCORIO",AL99*AE$208,IF(G99="DER/Edif.",AL99*AE$207,IF(G99="SINAPI-ES",AL99*AE$208,IF(G99="SICRO-ES",AL99*AE$206,IF(G99="DER/Rod.",AL99*AE$206,"CALCULAR"))))) -> 0.98837889
D100: 7.2.9 | G100: DER/Rod. | J100: 41526 | M100: Pintura acrílica sobre capa asfáltica | P100: m² | S100: =VLOOKUP(D100,'MEMÓRIA DE CÁLCULO'!A:H,8,FALSE) -> 1152 | V100: =ROUND(AM100,2) -> 16.39 | Y100: =BDI!$E$35 -> 0.2182 | AB100: =ROUND(V100*(1+Y100),2) -> 19.97 | AE100: =ROUND(AB100*S100,2) -> 23005.44 | AH100: =AE100/$AE$190 -> 0.0006034041 | AL100: 15.92 | AM100: =IF(G100="SCORIO",AL100*AE$208,IF(G100="DER/Edif.",AL100*AE$207,IF(G100="SINAPI-ES",AL100*AE$208,IF(G100="SICRO-ES",AL100*AE$206,IF(G100="DER/Rod.",AL100*AE$206,"CALCULAR"))))) -> 16.390617
D102: 7.3 | M102: Calçadas e demais áreas | AE102: =SUM(AE103:AE107) -> 2537870.4 | AH102: =AE102/$AE$190 -> 0.066565187
D103: 7.3.1 | G103: SINAPI-ES | J103: 100576 | M103: Regularização E Compactação De Subleito De Solo Predominantemente Argiloso. Af_11/2019 | P103: m² | S103: =VLOOKUP(D103,'MEMÓRIA DE CÁLCULO'!A:H,8,FALSE) -> 13339.07 | V103: =ROUND(AM103,2) -> 3.27 | Y103: =BDI!$E$35 -> 0.2182 | AB103: =ROUND(V103*(1+Y103),2) -> 3.98 | AE103: =ROUND(AB103*S103,2) -> 53089.5 | AH103: =AE103/$AE$190 -> 0.0013924716 | AL103: 3.25 | AM103: =IF(G103="SCORIO",AL103*AE$208,IF(G103="DER/Edif.",AL103*AE$207,IF(G103="SINAPI-ES",AL103*AE$208,IF(G103="SICRO-ES",AL103*AE$206,IF(G103="DER/Rod.",AL103*AE$206,"CALCULAR"))))) -> 3.2713349
D104: 7.3.2 | G104: SINAPI-ES | J104: 100324 | M104: lastro com material granular (pedra britada n.1 e pedra britada n.2), aplicado em pisos ou lajes sobre solo, espessura de *10 cm*. af_07/2019 | P104: m³ | S104: =VLOOKUP(D104,'MEMÓRIA DE CÁLCULO'!A:H,8,FALSE) -> 533.5628 | V104: =ROUND(AM104,2) -> 275.29 | Y104: =BDI!$E$35 -> 0.2182 | AB104: =ROUND(V104*(1+Y104),2) -> 335.36 | AE104: =ROUND(AB104*S104,2) -> 178935.62 | AH104: =AE104/$AE$190 -> 0.004693259 | AL104: 273.49 | AM104: =IF(G104="SCORIO",AL104*AE$208,IF(G104="DER/Edif.",AL104*AE$207,IF(G104="SINAPI-ES",AL104*AE$208,IF(G104="SICRO-ES",AL104*AE$206,IF(G104="DER/Rod.",AL104*AE$206,"CALCULAR"))))) -> 275.28535
D105: 7.3.3 | G105: SINAPI-ES | J105: 94995 | M105: execução de passeio (calçada) ou piso de concreto com concreto moldado in loco, usinado, acabamento convencional, espessura 8 cm, armado. af_08/2022 | P105: m² | S105: =VLOOKUP(D105,'MEMÓRIA DE CÁLCULO'!A:H,8,FALSE) -> 13339.07 | V105: =ROUND(AM105,2) -> 104.9 | Y105: =BDI!$E$35 -> 0.2182 | AB105: =ROUND(V105*(1+Y105),2) -> 127.79 | AE105: =ROUND(AB105*S105,2) -> 1704599.8 | AH105: =AE105/$AE$190 -> 0.044709534 | AL105: 104.22 | AM105: =IF(G105="SCORIO",AL105*AE$208,IF(G105="DER/Edif.",AL105*AE$207,IF(G105="SINAPI-ES",AL105*AE$208,IF(G105="SICRO-ES",AL105*AE$206,IF(G105="DER/Rod.",AL105*AE$206,"CALCULAR"))))) -> 104.90416 | AN105: =S105/2 -> 6669.535
D106: 7.3.4 | G106: SINAPI-ES | J106: 87620 | M106: contrapiso em argamassa traço 1:4 (cimento e areia), preparo mecânico com betoneira 400 l, aplicado em áreas secas sobre laje, aderido, acabamento não reforçado, espessura 2cm. af_07/2021 | P106: m² | S106: =VLOOKUP(D106,'MEMÓRIA DE CÁLCULO'!A:H,8,FALSE) -> 13339.07 | V106: =ROUND(AM106,2) -> 34.11 | Y106: =BDI!$E$35 -> 0.2182 | AB106: =ROUND(V106*(1+Y106),2) -> 41.55 | AE106: =ROUND(AB106*S106,2) -> 554238.36 | AH106: =AE106/$AE$190 -> 0.014536983 | AL106: 33.89 | AM106: =IF(G106="SCORIO",AL106*AE$208,IF(G106="DER/Edif.",AL106*AE$207,IF(G106="SINAPI-ES",AL106*AE$208,IF(G106="SICRO-ES",AL106*AE$206,IF(G106="DER/Rod.",AL106*AE$206,"CALCULAR"))))) -> 34.112473
D107: 7.3.5 | G107: SINAPI-ES | J107: 104658 | M107: piso podotátil de alerta ou direcional, de concreto, assentado sobre argamassa. af_05/2023 | P107: m² | S107: =VLOOKUP(D107,'MEMÓRIA DE CÁLCULO'!A:H,8,FALSE) -> 203.75 | V107: =ROUND(AM107,2) -> 189.39 | Y107: =BDI!$E$35 -> 0.2182 | AB107: =ROUND(V107*(1+Y107),2) -> 230.71 | AE107: =ROUND(AB107*S107,2) -> 47007.16 | AH107: =AE107/$AE$190 -> 0.0012329394 | AL107: 188.15 | AM107: =IF(G107="SCORIO",AL107*AE$208,IF(G107="DER/Edif.",AL107*AE$207,IF(G107="SINAPI-ES",AL107*AE$208,IF(G107="SICRO-ES",AL107*AE$206,IF(G107="DER/Rod.",AL107*AE$206,"CALCULAR"))))) -> 189.38512
D109: 7.4 | M109: Guias e Sarjetas | AE109: =SUM(AE110:AE111) -> 310310.83 | AH109: =AE109/$AE$190 -> 0.0081390675
D110: 7.4.1 | G110: SINAPI-ES | J110: 94263 | M110: guia (meio-fio) concreto, moldada in loco em trecho reto com extrusora, 13 cm base x 22 cm altura. af_06/2016 | P110: m | S110: =VLOOKUP(D110,'MEMÓRIA DE CÁLCULO'!A:H,8,FALSE) -> 1508.33 | V110: =ROUND(AM110,2) -> 44.01 | Y110: =BDI!$E$35 -> 0.2182 | AB110: =ROUND(V110*(1+Y110),2) -> 53.61 | AE110: =ROUND(AB110*S110,2) -> 80861.57 | AH110: =AE110/$AE$190 -> 0.0021208985 | AL110: 43.72 | AM110: =IF(G110="SCORIO",AL110*AE$208,IF(G110="DER/Edif.",AL110*AE$207,IF(G110="SINAPI-ES",AL110*AE$208,IF(G110="SICRO-ES",AL110*AE$206,IF(G110="DER/Rod.",AL110*AE$206,"CALCULAR"))))) -> 44.007003
D111: 7.4.2 | G111: SINAPI-ES | J111: 94267 | M111: guia (meio-fio) e sarjeta conjugados de concreto, moldada in loco em trecho reto com extrusora, 45 cm base (15 cm base da guia + 30 cm base da sarjeta) x 22 cm altura. | P111: m | S111: =VLOOKUP(D111,'MEMÓRIA DE CÁLCULO'!A:H,8,FALSE) -> 2658.74 | V111: =ROUND(AM111,2) -> 70.84 | Y111: =BDI!$E$35 -> 0.2182 | AB111: =ROUND(V111*(1+Y111),2) -> 86.3 | AE111: =ROUND(AB111*S111,2) -> 229449.26 | AH111: =AE111/$AE$190 -> 0.006018169 | AL111: 70.38 | AM111: =IF(G111="SCORIO",AL111*AE$208,IF(G111="DER/Edif.",AL111*AE$207,IF(G111="SINAPI-ES",AL111*AE$208,IF(G111="SICRO-ES",AL111*AE$206,IF(G111="DER/Rod.",AL111*AE$206,"CALCULAR"))))) -> 70.842015
D113: 8. | M113: ILUMINAÇÃO PÚBLICA | AE113: =SUM(AE114) -> 710526.47 | AH113: =AE113/$AE$190 -> 0.018636226
D114: 8.1 | M114: Iluminação Pública | AE114: =SUM(AE115:AE121) -> 710526.47 | AH114: =AE114/$AE$190 -> 0.018636226
D115: 8.1.1 | G115: CPU | J115: C005 | M115: Fornecimento e instalação de poste de aço para iluminação simples, reto, conico continuo, altura de 4,0m | P115: unid | S115: =VLOOKUP(D115,'MEMÓRIA DE CÁLCULO'!A:H,8,FALSE) -> 25 | V115: ='CPU`s '!V65 -> 2556.29 | Y115: =BDI!$E$35 -> 0.2182 | AB115: =ROUND(V115*(1+Y115),2) -> 3114.07 | AE115: =ROUND(AB115*S115,2) -> 77851.75 | AH115: =AE115/$AE$190 -> 0.0020419547 | AL115: ='CPU`s '!AL65 -> 0 | AM115: OK
D116: 8.1.2 | G116: CPU | J116: C006 | M116: Fornecimento e instalação de poste de aço para iluminação dupla, reto, conico continuo, altura de 4,0m | P116: unid | S116: =VLOOKUP(D116,'MEMÓRIA DE CÁLCULO'!A:H,8,FALSE) -> 60 | V116: ='CPU`s '!V74 -> 3100.01 | Y116: =BDI!$E$35 -> 0.2182 | AB116: =ROUND(V116*(1+Y116),2) -> 3776.43 | AE116: =ROUND(AB116*S116,2) -> 226585.8 | AH116: =AE116/$AE$190 -> 0.005943064 | AL116: ='CPU`s '!AL74 -> 0 | AM116: OK
D117: 8.1.3 | G117: CPU | J117: C007 | M117: Fornecimento e instalação de poste de aço para iluminação dupla, reto, conico continuo, altura de 6,0m | P117: unid | S117: =VLOOKUP(D117,'MEMÓRIA DE CÁLCULO'!A:H,8,FALSE) -> 40 | V117: ='CPU`s '!V83 -> 2749.43 | Y117: =BDI!$E$35 -> 0.2182 | AB117: =ROUND(V117*(1+Y117),2) -> 3349.36 | AE117: =ROUND(AB117*S117,2) -> 133974.4 | AH117: =AE117/$AE$190 -> 0.003513982 | AL117: ='CPU`s '!AL83 -> 0 | AM117: OK
D118: 8.1.4 | G118: CPU | J118: C008 | M118: Fornecimento e instalação de poste de aço com refletor para quadra poliesportiva, altura de 9,0m | P118: unid | S118: =VLOOKUP(D118,'MEMÓRIA DE CÁLCULO'!A:H,8,FALSE) -> 14 | V118: ='CPU`s '!V92 -> 3219.52 | Y118: =BDI!$E$35 -> 0.2182 | AB118: =ROUND(V118*(1+Y118),2) -> 3922.02 | AE118: =ROUND(AB118*S118,2) -> 54908.28 | AH118: =AE118/$AE$190 -> 0.001440176 | AL118: ='CPU`s '!AL92 -> 0 | AM118: OK
D119: 8.1.5 | G119: SINAPI-ES | J119: 101657 | M119: luminária de led para iluminação pública, de 98 w até 137 w - fornecimento e instalação. af_08/2020 | P119: unid | S119: =VLOOKUP(D119,'MEMÓRIA DE CÁLCULO'!A:H,8,FALSE) -> 225 | V119: =ROUND(AM119,2) -> 399.82 | Y119: =BDI!$E$35 -> 0.2182 | AB119: =ROUND(V119*(1+Y119),2) -> 487.06 | AE119: =ROUND(AB119*S119,2) -> 109588.5 | AH119: =AE119/$AE$190 -> 0.0028743702 | AL119: 397.21 | AM119: =IF(G119="SCORIO",AL119*AE$208,IF(G119="DER/Edif.",AL119*AE$207,IF(G119="SINAPI-ES",AL119*AE$208,IF(G119="SICRO-ES",AL119*AE$206,IF(G119="DER/Rod.",AL119*AE$206,"CALCULAR"))))) -> 399.81751
D120: 8.1.6 | G120: SINAPI-ES | J120: 101666 | M120: refletor retangular fechado, com lâmpada vapor metálico 400 w - fornecimento e instalação. af_08/2020 | P120: unid | S120: =VLOOKUP(D120,'MEMÓRIA DE CÁLCULO'!A:H,8,FALSE) -> 42 | V120: =ROUND(AM120,2) -> 469.93 | Y120: =BDI!$E$35 -> 0.2182 | AB120: =ROUND(V120*(1+Y120),2) -> 572.47 | AE120: =ROUND(AB120*S120,2) -> 24043.74 | AH120: =AE120/$AE$190 -> 0.00063063742 | AL120: 408.34 | AM120: =AL120*AE209 -> 469.93002
D121: 8.1.7 | G121: CPU | J121: C003 | M121: Fornecimento E Instalação De Iluminação Pública Exceto postes e lâmpadas | P121: m | S121: =VLOOKUP(D121,'MEMÓRIA DE CÁLCULO'!A:H,8,FALSE) -> 450 | V121: ='CPU`s '!V34 -> 152.45392 | Y121: =BDI!$E$35 -> 0.2182 | AB121: =ROUND(V121*(1+Y121),2) -> 185.72 | AE121: =ROUND(AB121*S121,2) -> 83574 | AH121: =AE121/$AE$190 -> 0.0021920422 | AL121: ='CPU`s '!AL34 -> 0 | AM121: OK
AL122: =V122 -> 0 | AM122: =IF(G122="SCORIO",AL122*AE$208,IF(G122="DER/Edif.",AL122*AE$207,IF(G122="SINAPI-ES",AL122*AE$208,IF(G122="SICRO-ES",AL122*AE$206,IF(G122="DER/Rod.",AL122*AE$206,"CALCULAR"))))) -> CALCULAR
D123: 9. | M123: PAISAGISMO E VEGETAÇÃO | AE123: =SUM(AE124) -> 90705.73 | AH123: =AE123/$AE$190 -> 0.0023790986
...

Sheet MEMÓRIA DE CÁLCULO
D5: MEMÓRIA DE CÁLCULO PARA LEVANTAMENTO DE QUANTITATIVOS
D8: Projeto
D9: ='OR - GERAL'!D9 -> ENRONCAMENTO DO LADO NORTE DO RIO DOCE - COLATINA.
D15: 1. | E15: =VLOOKUP($D15,'OR - GERAL'!D:AB,10,FALSE) -> PROJETOS E LEVANTAMENTOS
D16: 1.1 | E16: =VLOOKUP($D16,'OR - GERAL'!D:AB,10,FALSE) -> Elaboração de projetos
D17: 1.1.1 | E17: =VLOOKUP($D17,'OR - GERAL'!$D:$AB,4,FALSE) -> SCORIO | F17: =VLOOKUP($D17,'OR - GERAL'!$D:$AB,7,FALSE) -> SE 25.10.0050 (A) | G17: =VLOOKUP($D17,'OR - GERAL'!D:AB,10,FALSE) -> Projeto basico para urbanizacao/reurbanizacao de areas, visando a organizacao espacial e das atividades, devendo contemplar: sistema viario (locais para carga e descarga, estacionamento, parada para onibus e etc, faixa exclusiva, sinalizacao e desenho geometrico), passeios, pracas, arborizacao, iluminacao com criterios luminotecnicos, distribuicao e integracao do mobiliario urbano e equipamentos urbanos, inclusive diagnostico urbanistico e de infra-estrutura da area de projeto, levantamento dos projetos pertinentes existentes nas diversas esferas governamentais, concessionarias e permissionarios de servicos publico, aprovacoes pertinentes e a coordenacao dos projetos complementares, apresentado em Autocad nos padroes da contratante. | P17: =VLOOKUP($D17,'OR - GERAL'!$D:$AB,13,FALSE) -> ha
E19: Área total de projeto = área total de intervenção (m²)
A21: =D17 -> 1.1.1 | G21: =CONCATENATE(V21," ","total de"," ",X21," =") -> Área total de PROJETO BÁSICO = | H21: 2.5 | I21: =P17 -> ha | V21: =IF(P17="Unid","Quantidade",IF(P17="m","Extensão",IF(OR(P17="m²",P17="m2",P17="ha"),"Área",IF(P17="m³","Volume",IF(P17="kg","Massa",IF(P17="t","massa",IF(P17="m³xkm","transporte",IF(P17="txkm","transporte",IF(P17="gl","Quantidade",IF(P17="vb","Quantidade",IF(P17="%","percentual",IF(P17="mês","Período","")))))))))))) -> Área | X21: PROJETO BÁSICO
D23: 1.1.2 | E23: =VLOOKUP($D23,'OR - GERAL'!$D:$AB,4,FALSE) -> SCORIO | F23: =VLOOKUP($D23,'OR - GERAL'!$D:$AB,7,FALSE) -> SE 25.70.0550 (A) | G23: =VLOOKUP($D23,'OR - GERAL'!D:AB,10,FALSE) -> Fornecimento De Projeto Executivo De Instalação Elétrica Em Autocad Aprovado Na Concessionária Em Urbanização, Considerando A Área Acima De 15000M2. | P23: =VLOOKUP($D23,'OR - GERAL'!$D:$AB,13,FALSE) -> m²
E25: Área total de projeto = área total de intervenção (m²)
A27: =D23 -> 1.1.2 | G27: =CONCATENATE(V27," ","total de"," ",X27," =") -> Área total de PROJETO EXECUTIVO = | H27: 22025.82 | I27: =P23 -> m² | V27: =IF(P23="Unid","Quantidade",IF(P23="m","Extensão",IF(OR(P23="m²",P23="m2",P23="ha"),"Área",IF(P23="m³","Volume",IF(P23="kg","Massa",IF(P23="t","massa",IF(P23="m³xkm","transporte",IF(P23="txkm","transporte",IF(P23="gl","Quantidade",IF(P23="vb","Quantidade",IF(P23="%","percentual",IF(P23="mês","Período","")))))))))))) -> Área | X27: PROJETO EXECUTIVO
D29: 1.1.3 | E29: =VLOOKUP($D29,'OR - GERAL'!$D:$AB,4,FALSE) -> SCORIO | F29: =VLOOKUP($D29,'OR - GERAL'!$D:$AB,7,FALSE) -> SE 25.10.0405 (/) | G29: =VLOOKUP($D29,'OR - GERAL'!D:AB,10,FALSE) -> Projeto de implantacao de pavimentacao em vias urbanas, nos padroes da PCRJ, apresentado em Autocad ou similiar, com arquivos no padrao PDF, DWG e PLT, em meio fisico ou digital. Apresentado com plantas, perfis, memorial descritivo e de calculo, contemplando todas as solucoes recomendadas para os trechos. Detalhamento das diversas camadas da pavimentacao e definicao das especificacoes dos servicos e do controle tecnologico de campo a serem executados no subleito, nas camadas granulares e no revestimento asfaltico. Para obras de projecao horizontal inferior a 2 ha. Exclusive levantamentos de campo, contagens de trafego e ensaios geotecnicos de caracterizacao do terreno. | P29: =VLOOKUP($D29,'OR - GERAL'!$D:$AB,13,FALSE) -> ha
A31: =D29 -> 1.1.3 | G31: =CONCATENATE(V31," ","total de"," ",X31," =") -> Área total de PAVIMENTAÇÃO = | H31: =0.0001*4930*2 -> 0.986 | I31: =P29 -> ha | V31: =IF(P29="Unid","Quantidade",IF(P29="m","Extensão",IF(OR(P29="m²",P29="m2",P29="ha"),"Área",IF(P29="m³","Volume",IF(P29="kg","Massa",IF(P29="t","massa",IF(P29="m³xkm","transporte",IF(P29="txkm","transporte",IF(P29="gl","Quantidade",IF(P29="vb","Quantidade",IF(P29="%","percentual",IF(P29="mês","Período","")))))))))))) -> Área | X31: PAVIMENTAÇÃO
D33: 1.1.4 | E33: =VLOOKUP($D33,'OR - GERAL'!$D:$AB,4,FALSE) -> SCORIO | F33: =VLOOKUP($D33,'OR - GERAL'!$D:$AB,7,FALSE) -> SE 25.05.0200 (/) | G33: =VLOOKUP($D33,'OR - GERAL'!D:AB,10,FALSE) -> Projeto Executivo De Sistema De Drenagem, Em Autocad, Em Área Acima De 20.000M2. | P33: =VLOOKUP($D33,'OR - GERAL'!$D:$AB,13,FALSE) -> m²
E35: Área total de projeto = área total de intervenção (m²)
A37: =D33 -> 1.1.4 | G37: =CONCATENATE(V37," ","total de"," ",X37," =") -> Área total de DRENAGEM = | H37: 22025.82 | I37: =P33 -> m² | V37: =IF(P33="Unid","Quantidade",IF(P33="m","Extensão",IF(P33="m²","Área",IF(P33="m³","Volume",IF(P33="kg","Massa",IF(P33="t","massa",IF(P33="m³xkm","transporte",IF(P33="txkm","transporte",IF(P33="gl","Quantidade",IF(P33="vb","Quantidade",IF(P33="%","percentual",IF(P33="mês","Período","")))))))))))) -> Área | X37: DRENAGEM
D39: 1.1.5 | E39: =VLOOKUP($D39,'OR - GERAL'!$D:$AB,4,FALSE) -> CPU | F39: =VLOOKUP($D39,'OR - GERAL'!$D:$AB,7,FALSE) -> C001 | G39: =VLOOKUP($D39,'OR - GERAL'!D:AB,10,FALSE) -> Elaboração De As Built | P39: =VLOOKUP($D39,'OR - GERAL'!$D:$AB,13,FALSE) -> unid
E41: Quantidade de projeto "As-built"
A43: =D39 -> 1.1.5 | G43: =CONCATENATE(V43," ","total de"," ",X43," =") -> Quantidade total de AS BUILT = | H43: 1 | I43: =P39 -> unid | V43: =IF(P39="Unid","Quantidade",IF(P39="m","Extensão",IF(OR(P39="m²",P39="m2",P39="ha"),"Área",IF(P39="m³","Volume",IF(P39="kg","Massa",IF(P39="t","massa",IF(P39="m³xkm","transporte",IF(P39="txkm","transporte",IF(P39="gl","Quantidade",IF(P39="vb","Quantidade",IF(P39="%","percentual",IF(P39="mês","Período","")))))))))))) -> Quantidade | X43: AS BUILT
D45: 1.2 | E45: =VLOOKUP($D45,'OR - GERAL'!D:AB,10,FALSE) -> Levantamentos, Sondagens e ensaios
D47: 1.2.2 | E47: =VLOOKUP($D47,'OR - GERAL'!$D:$AB,4,FALSE) -> SCORIO | F47: =VLOOKUP($D47,'OR - GERAL'!$D:$AB,7,FALSE) -> AD 05.05.0053 (/) | G47: =VLOOKUP($D47,'OR - GERAL'!D:AB,10,FALSE) -> Analise granulometrica completa, em amostra de solo, de acordo com a NBR7181 e NBR6457, compreendendo as fases de peneiramento e sedimentacao, quando constatada a presenca de particulas finas em sua composicao. | P47: =VLOOKUP($D47,'OR - GERAL'!$D:$AB,13,FALSE) -> unid
E49: Quantidade total estimada de análises granulometricas
A51: =D47 -> 1.2.2 | G51: =CONCATENATE(V51," ","total de"," ",X51," =") -> Quantidade total de ANÁLISE = | H51: =400/5 -> 80 | I51: =P47 -> unid | V51: =IF(P47="Unid","Quantidade",IF(P47="m","Extensão",IF(OR(P47="m²",P47="m2",P47="ha"),"Área",IF(P47="m³","Volume",IF(P47="kg","Massa",IF(P47="t","massa",IF(P47="m³xkm","transporte",IF(P47="txkm","transporte",IF(P47="gl","Quantidade",IF(P47="vb","Quantidade",IF(P47="%","percentual",IF(P47="mês","Período","")))))))))))) -> Quantidade | X51: ANÁLISE
D53: 1.2.3 | E53: =VLOOKUP($D53,'OR - GERAL'!$D:$AB,4,FALSE) -> SCORIO | F53: =VLOOKUP($D53,'OR - GERAL'!$D:$AB,7,FALSE) -> AD 05.20.0050 (/) | G53: =VLOOKUP($D53,'OR - GERAL'!D:AB,10,FALSE) -> Sondagem a percussao com diametro ate 3", com ensaio de penetracao (SPT) a cada metro, incluindo relatorio contendo classificacao tatil visual das amostras, perfis individuais dos furos, planta de localizacao e respectivas cotas das sondagens. Inclui deslocamento ate 50m de distancia e instalacao do tripe em cada furo dentro do canteiro, excluindo mobilizacao e desmobilizacao. | P53: =VLOOKUP($D53,'OR - GERAL'!$D:$AB,13,FALSE) -> m
E55: Extensão total de furos de sondagens igual = Quantidade total de furos (Unid) x Profundidade média dos furos das sondagens (m)
G57: Quantidade | I57: Profundidade
E58: Extensão total = | G58: 40 | H58: x | I58: 20 | J58: = | K58: =G58*I58 -> 800
A60: =D53 -> 1.2.3 | G60: =CONCATENATE(V60," ","total de"," ",X60," =") -> Extensão total de SONDAGEM = | H60: =K58 -> 800 | I60: =P53 -> m | V60: =IF(P53="Unid","Quantidade",IF(P53="m","Extensão",IF(OR(P53="m²",P53="m2",P53="ha"),"Área",IF(P53="m³","Volume",IF(P53="kg","Massa",IF(P53="t","massa",IF(P53="m³xkm","transporte",IF(P53="txkm","transporte",IF(P53="gl","Quantidade",IF(P53="vb","Quantidade",IF(P53="%","percentual",IF(P53="mês","Período","")))))))))))) -> Extensão | X60: SONDAGEM
D63: 2. | E63: =VLOOKUP($D63,'OR - GERAL'!D:AB,10,FALSE) -> ADMNISTRAÇÃO LOCAL
D64: 2.1 | E64: =VLOOKUP($D64,'OR - GERAL'!D:AB,10,FALSE) -> Administração local
D65: 2.1.1 | E65: =VLOOKUP($D65,'OR - GERAL'!$D:$AB,4,FALSE) -> CPU | F65: =VLOOKUP($D65,'OR - GERAL'!$D:$AB,7,FALSE) -> C002 | G65: =VLOOKUP($D65,'OR - GERAL'!D:AB,10,FALSE) -> Administração Local | P65: =VLOOKUP($D65,'OR - GERAL'!$D:$AB,13,FALSE) -> unid
E67: Período de execução de obra conforme cronograma
A69: =D65 -> 2.1.1 | G69: =CONCATENATE(V69," ","total de"," ",X69," =") -> Quantidade total de ADMNISTRAÇÃO LOCAL = | H69: 1 | I69: =P65 -> unid | V69: =IF(P65="Unid","Quantidade",IF(P65="m","Extensão",IF(OR(P65="m²",P65="m2",P65="ha"),"Área",IF(P65="m³","Volume",IF(P65="kg","Massa",IF(P65="t","massa",IF(P65="m³xkm","transporte",IF(P65="txkm","transporte",IF(P65="gl","Quantidade",IF(P65="vb","Quantidade",IF(P65="%","percentual",IF(P65="mês","Período","")))))))))))) -> Quantidade | X69: ADMNISTRAÇÃO LOCAL
D71: 3. | E71: =VLOOKUP($D71,'OR - GERAL'!D:AB,10,FALSE) -> SERVIÇOS PRELIMINARES
D72: 3.1 | E72: =VLOOKUP($D72,'OR - GERAL'!D:AB,10,FALSE) -> Canteiro de obras
D73: 3.1.1 | E73: =VLOOKUP($D73,'OR - GERAL'!$D:$AB,4,FALSE) -> DER/Edif. | F73: =VLOOKUP($D73,'OR - GERAL'!$D:$AB,7,FALSE) -> 20305 | G73: =VLOOKUP($D73,'OR - GERAL'!D:AB,10,FALSE) -> Placa de obra nas dimensões de 2.0 x 4.0 m | P73: =VLOOKUP($D73,'OR - GERAL'!$D:$AB,13,FALSE) -> m²
E75: Área total de placa
A77: =D73 -> 3.1.1 | G77: =CONCATENATE(V77," ","total de"," ",X77," =") -> Área total de PLACA = | H77: =2*4 -> 8 | I77: =P73 -> m² | V77: =IF(P73="Unid","Quantidade",IF(P73="m","Extensão",IF(OR(P73="m²",P73="m2",P73="ha"),"Área",IF(P73="m³","Volume",IF(P73="kg","Massa",IF(P73="t","massa",IF(P73="m³xkm","transporte",IF(P73="txkm","transporte",IF(P73="gl","Quantidade",IF(P73="vb","Quantidade",IF(P73="%","percentual",IF(P73="mês","Período","")))))))))))) -> Área | X77: PLACA
D79: 3.1.2 | E79: =VLOOKUP($D79,'OR - GERAL'!$D:$AB,4,FALSE) -> DER/Edif. | F79: =VLOOKUP($D79,'OR - GERAL'!$D:$AB,7,FALSE) -> 20356 | G79: =VLOOKUP($D79,'OR - GERAL'!D:AB,10,FALSE) -> Aluguel Mensal Container Para Almoxarifado, Incl. Porta, 2 Janelas, 1 Pt Iluminação, Isolamento Térmico (Teto), Piso Em Comp. Naval Pintado, Cert. Nr18, Incl. Laudo Descontaminação. | P79: =VLOOKUP($D79,'OR - GERAL'!$D:$AB,13,FALSE) -> mês
E81: Período de execução de obra conforme cronograma
A83: =D79 -> 3.1.2 | G83: =CONCATENATE(V83," ","total de"," ",X83," =") -> Período total de CONTAINER = | H83: =VLOOKUP($A83,'OR - GERAL'!D:AB,16,FALSE) -> 21 | I83: =P79 -> mês | V83: =IF(P79="Unid","Quantidade",IF(P79="m","Extensão",IF(OR(P79="m²",P79="m2",P79="ha"),"Área",IF(P79="m³","Volume",IF(P79="kg","Massa",IF(P79="t","massa",IF(P79="m³xkm","transporte",IF(P79="txkm","transporte",IF(P79="gl","Quantidade",IF(P79="vb","Quantidade",IF(P79="%","percentual",IF(P79="mês","Período","")))))))))))) -> Período | X83: CONTAINER
D85: 3.1.3 | E85: =VLOOKUP($D85,'OR - GERAL'!$D:$AB,4,FALSE) -> DER/Edif. | F85: =VLOOKUP($D85,'OR - GERAL'!$D:$AB,7,FALSE) -> 20353 | G85: =VLOOKUP($D85,'OR - GERAL'!D:AB,10,FALSE) -> Aluguel Mensal Container Para Refeitorio, Incl. Porta, 2 Janelas, Abert P/ Ar Cond., 2 Pt Iluminação, 2 Tomadas Elét. E 1 Tomada Telef. Isolamento Térmico (Paredes E Teto), Piso Em Comp. Naval Pintado, Cert. Nr18, Incl. Laudo Descontaminação. | P85: =VLOOKUP($D85,'OR - GERAL'!$D:$AB,13,FALSE) -> mês
E87: Período de execução de obra conforme cronograma
A89: =D85 -> 3.1.3 | G89: =CONCATENATE(V89," ","total de"," ",X89," =") -> Período total de CONTAINER = | H89: =VLOOKUP($A89,'OR - GERAL'!D:AB,16,FALSE) -> 21 | I89: =P85 -> mês | V89: =IF(P85="Unid","Quantidade",IF(P85="m","Extensão",IF(OR(P85="m²",P85="m2",P85="ha"),"Área",IF(P85="m³","Volume",IF(P85="kg","Massa",IF(P85="t","massa",IF(P85="m³xkm","transporte",IF(P85="txkm","transporte",IF(P85="gl","Quantidade",IF(P85="vb","Quantidade",IF(P85="%","percentual",IF(P85="mês","Período","")))))))))))) -> Período | X89: CONTAINER
D91: 3.1.4 | E91: =VLOOKUP($D91,'OR - GERAL'!$D:$AB,4,FALSE) -> DER/Edif. | F91: =VLOOKUP($D91,'OR - GERAL'!$D:$AB,7,FALSE) -> 20355 | G91: =VLOOKUP($D91,'OR - GERAL'!D:AB,10,FALSE) -> Aluguel Mensal Container Sanitário, Incl Porta, Básc, 2 Ptos Luz, 1 Pto Aterram., 3Vasos, 3Lavatórios, Calha Mictório, 6 Chuveiros (1 Eletrico), Torn.,Registros, Piso Comp. Naval Pintado, Cert Nr18 E Laudo Descontaminação | P91: =VLOOKUP($D91,'OR - GERAL'!$D:$AB,13,FALSE) -> mês
E93: Período de execução de obra conforme cronograma
A95: =D91 -> 3.1.4 | G95: =CONCATENATE(V95," ","total de"," ",X95," =") -> Período total de Sanitário = | H95: =VLOOKUP($A95,'OR - GERAL'!D:AB,16,FALSE) -> 21 | I95: =P91 -> mês | V95: =IF(P91="Unid","Quantidade",IF(P91="m","Extensão",IF(OR(P91="m²",P91="m2",P91="ha"),"Área",IF(P91="m³","Volume",IF(P91="kg","Massa",IF(P91="t","massa",IF(P91="m³xkm","transporte",IF(P91="txkm","transporte",IF(P91="gl","Quantidade",IF(P91="vb","Quantidade",IF(P91="%","percentual",IF(P91="mês","Período","")))))))))))) -> Período | X95: Sanitário
D97: 3.1.5 | E97: =VLOOKUP($D97,'OR - GERAL'!$D:$AB,4,FALSE) -> DER/Edif. | F97: =VLOOKUP($D97,'OR - GERAL'!$D:$AB,7,FALSE) -> 20352 | G97: =VLOOKUP($D97,'OR - GERAL'!D:AB,10,FALSE) -> Aluguel Mensal Container Para Escritório, Dim. 6.00X2.40M, C/ Banheiro (Vaso+Lavat+Chuveiro E Básc), Incl. Porta, 2 Janelas, Abert P/ Ar Cond., 2 Pt Iluminação, 2 Tom. Elét. E 1 Tom.Telef. Isolam.Térmico(Teto E Paredes), Piso Em Comp. Naval, Cert. Nr18, Incl. Laudo Descontaminação. | P97: =VLOOKUP($D97,'OR - GERAL'!$D:$AB,13,FALSE) -> mês
E99: Período de execução de obra conforme cronograma
A101: =D97 -> 3.1.5 | G101: =CONCATENATE(V101," ","total de"," ",X101," =") -> Período total de Escritório = | H101: =VLOOKUP($A101,'OR - GERAL'!D:AB,16,FALSE) -> 21 | I101: =P97 -> mês | V101: =IF(P97="Unid","Quantidade",IF(P97="m","Extensão",IF(OR(P97="m²",P97="m2",P97="ha"),"Área",IF(P97="m³","Volume",IF(P97="kg","Massa",IF(P97="t","massa",IF(P97="m³xkm","transporte",IF(P97="txkm","transporte",IF(P97="gl","Quantidade",IF(P97="vb","Quantidade",IF(P97="%","percentual",IF(P97="mês","Período","")))))))))))) -> Período | X101: Escritório
D103: 3.1.6 | E103: =VLOOKUP($D103,'OR - GERAL'!$D:$AB,4,FALSE) -> DER/Edif. | F103: =VLOOKUP($D103,'OR - GERAL'!$D:$AB,7,FALSE) -> 20811 | G103: =VLOOKUP($D103,'OR - GERAL'!D:AB,10,FALSE) -> Reservatório De Poliestileno De 1000 L, Inclusive Suporte Em Madeira De 7X12Cm E 5X7Cm, Elevado De 4M, Conforme Projeto (2 Utilizações) | P103: =VLOOKUP($D103,'OR - GERAL'!$D:$AB,13,FALSE) -> unid.
E105: Quantidade de reservatórios para canteiro de obras
A107: =D103 -> 3.1.6 | G107: =CONCATENATE(V107," ","total de"," ",X107," =") -> total de reservatórios = | H107: =VLOOKUP($A107,'OR - GERAL'!D:AB,16,FALSE) -> 1 | I107: =P103 -> unid. | V107: =IF(P103="Unid","Quantidade",IF(P103="m","Extensão",IF(OR(P103="m²",P103="m2",P103="ha"),"Área",IF(P103="m³","Volume",IF(P103="kg","Massa",IF(P103="t","massa",IF(P103="m³xkm","transporte",IF(P103="txkm","transporte",IF(P103="gl","Quantidade",IF(P103="vb","Quantidade",IF(P103="%","percentual",IF(P103="mês","Período","")))))))))))) | X107: reservatórios
D109: 3.1.7 | E109: =VLOOKUP($D109,'OR - GERAL'!$D:$AB,4,FALSE) -> DER/Edif. | F109: =VLOOKUP($D109,'OR - GERAL'!$D:$AB,7,FALSE) -> 20812 | G109: =VLOOKUP($D109,'OR - GERAL'!D:AB,10,FALSE) -> Rede De Água, Com Padrão De Entrada D'Água Diâm. 3/4", Conf. Espec. Incl. Tubos E Conexões Para Alimentação, Distribuição, Extravasor E Limpeza, Cons. O Padrão A 25M, Conf. Projeto (2 Utilizações) | P109: =VLOOKUP($D109,'OR - GERAL'!$D:$AB,13,FALSE) -> m
E111: Extensão de rede provisória de água
A113: =D109 -> 3.1.7 | G113: =CONCATENATE(V113," ","total de"," ",X113," =") -> Extensão total de rede de água = | H113: =VLOOKUP($A113,'OR - GERAL'!D:AB,16,FALSE) -> 25 | I113: =P109 -> m | V113: =IF(P109="Unid","Quantidade",IF(P109="m","Extensão",IF(OR(P109="m²",P109="m2",P109="ha"),"Área",IF(P109="m³","Volume",IF(P109="kg","Massa",IF(P109="t","massa",IF(P109="m³xkm","transporte",IF(P109="txkm","transporte",IF(P109="gl","Quantidade",IF(P109="vb","Quantidade",IF(P109="%","percentual",IF(P109="mês","Período","")))))))))))) -> Extensão | X113: rede de água
D115: 3.1.8 | E115: =VLOOKUP($D115,'OR - GERAL'!$D:$AB,4,FALSE) -> DER/Edif. | F115: =VLOOKUP($D115,'OR - GERAL'!$D:$AB,7,FALSE) -> 20713 | G115: =VLOOKUP($D115,'OR - GERAL'!D:AB,10,FALSE) -> Rede De Luz, Incl. Padrão Entrada De Energia Trifás., Cabo De Ligação Até Barracões, Quadro De Distrib., Disj. E Chave De Força (Quando Necessário), Cons. 20M Entre Padrão Entrada E Qdg, Conf. Projeto (1 Utilização) | P115: =VLOOKUP($D115,'OR - GERAL'!$D:$AB,13,FALSE) -> m
E117: Extensão de rede provisória de energia
A119: =D115 -> 3.1.8 | G119: =CONCATENATE(V119," ","total de"," ",X119," =") -> Extensão total de rede de Luz = | H119: =VLOOKUP($A119,'OR - GERAL'!D:AB,16,FALSE) -> 20 | I119: =P115 -> m | V119: =IF(P115="Unid","Quantidade",IF(P115="m","Extensão",IF(OR(P115="m²",P115="m2",P115="ha"),"Área",IF(P115="m³","Volume",IF(P115="kg","Massa",IF(P115="t","massa",IF(P115="m³xkm","transporte",IF(P115="txkm","transporte",IF(P115="gl","Quantidade",IF(P115="vb","Quantidade",IF(P115="%","percentual",IF(P115="mês","Período","")))))))))))) -> Extensão | X119: rede de Luz
D121: 3.1.9 | E121: =VLOOKUP($D121,'OR - GERAL'!$D:$AB,4,FALSE) -> DER/Edif. | F121: =VLOOKUP($D121,'OR - GERAL'!$D:$AB,7,FALSE) -> 20714 | G121: =VLOOKUP($D121,'OR - GERAL'!D:AB,10,FALSE) -> Rede De Esgoto, Contendo Fossa E Filtro, Inclusive Tubos E Conexões De Ligação Entre Caixas, Considerando Distância De 25M, Conforme Projeto (1 Utilização) | P121: =VLOOKUP($D121,'OR - GERAL'!$D:$AB,13,FALSE) -> m
E123: Extensão de rede provisória de esgoto
A125: =D121 -> 3.1.9 | G125: =CONCATENATE(V125," ","total de"," ",X125," =") -> Extensão total de rede de Esgoto = | H125: =VLOOKUP($A125,'OR - GERAL'!D:AB,16,FALSE) -> 25 | I125: =P121 -> m | V125: =IF(P121="Unid","Quantidade",IF(P121="m","Extensão",IF(OR(P121="m²",P121="m2",P121="ha"),"Área",IF(P121="m³","Volume",IF(P121="kg","Massa",IF(P121="t","massa",IF(P121="m³xkm","transporte",IF(P121="txkm","transporte",IF(P121="gl","Quantidade",IF(P121="vb","Quantidade",IF(P121="%","percentual",IF(P121="mês","Período","")))))))))))) -> Extensão | X125: rede de Esgoto
D127: 3.2.1 | E127: =VLOOKUP($D127,'OR - GERAL'!$D:$AB,4,FALSE) -> DER/Rod. | F127: =VLOOKUP($D127,'OR - GERAL'!$D:$AB,7,FALSE) -> 41544 | G127: =VLOOKUP($D127,'OR - GERAL'!D:AB,10,FALSE) -> Mobilização e desmobilização de equipamentos com carreta prancha (máximo) | P127: =VLOOKUP($D127,'OR - GERAL'!$D:$AB,13,FALSE) -> h
E129: Tempo estimado para mobilização
A131: =D127 -> 3.2.1 | G131: =CONCATENATE(V131," ","total de"," ",X131," =") -> hora total de Mobilizações = | H131: =VLOOKUP($A131,'OR - GERAL'!D:AB,16,FALSE) -> 192 | I131: =P127 -> h | V131: hora | X131: Mobilizações
D133: 3.2.2 | E133: =VLOOKUP($D133,'OR - GERAL'!$D:$AB,4,FALSE) -> DER/Edif. | F133: =VLOOKUP($D133,'OR - GERAL'!$D:$AB,7,FALSE) -> 20344 | G133: =VLOOKUP($D133,'OR - GERAL'!D:AB,10,FALSE) -> Mobilização E Desmobilização De Conteiner Locado Para Barracão De Obra | P133: =VLOOKUP($D133,'OR - GERAL'!$D:$AB,13,FALSE) -> unid
E135: Quantidade de mobilizações e desmobilizações
A137: =D133 -> 3.2.2 | G137: =CONCATENATE(V137," ","total de"," ",X137," =") -> Quantidade total de Mobilizações = | H137: =VLOOKUP($A137,'OR - GERAL'!D:AB,16,FALSE) -> 8 | I137: =P133 -> unid | V137: =IF(P133="Unid","Quantidade",IF(P133="m","Extensão",IF(OR(P133="m²",P133="m2",P133="ha"),"Área",IF(P133="m³","Volume",IF(P133="kg","Massa",IF(P133="t","massa",IF(P133="m³xkm","transporte",IF(P133="txkm","transporte",IF(P133="gl","Quantidade",IF(P133="vb","Quantidade",IF(P133="%","percentual",IF(P133="mês","Período","")))))))))))) -> Quantidade | X137: Mobilizações
D139: 4. | E139: =VLOOKUP($D139,'OR - GERAL'!D:AB,10,FALSE) -> TERRAPLENAGEM
D140: 4.1 | E140: =VLOOKUP($D140,'OR - GERAL'!D:AB,10,FALSE) -> Limpeza do terreno
D141: 4.1.1 | E141: =VLOOKUP($D141,'OR - GERAL'!$D:$AB,4,FALSE) -> SINAPI-ES | F141: =VLOOKUP($D141,'OR - GERAL'!$D:$AB,7,FALSE) -> 98525 | G141: =VLOOKUP($D141,'OR - GERAL'!D:AB,10,FALSE) -> limpeza mecanizada de camada vegetal, vegetação e pequenas árvores (diâmetro de tronco menor que 0,20 m), com trator de esteiras.af_05/2018 | P141: =VLOOKUP($D141,'OR - GERAL'!$D:$AB,13,FALSE) -> m²
E143: Área de limpeza igual a área total de intervenção (m²)
A145: =D141 -> 4.1.1 | H145: 22025.82 | I145: =P141 -> m² | V145: =IF(P141="Unid","Quantidade",IF(P141="m","Extensão",IF(OR(P141="m²",P141="m2",P141="ha"),"Área",IF(P141="m³","Volume",IF(P141="kg","Massa",IF(P141="t","massa",IF(P141="m³xkm","transporte",IF(P141="txkm","transporte",IF(P141="gl","Quantidade",IF(P141="vb","Quantidade",IF(P141="%","percentual",IF(P141="mês","Período","")))))))))))) -> Área | X145: =_xlfn.TEXTBEFORE(G141," ") -> #NAME?
D147: 4.1.2 | E147: =VLOOKUP($D147,'OR - GERAL'!$D:$AB,4,FALSE) -> SINAPI-ES | F147: =VLOOKUP($D147,'OR - GERAL'!$D:$AB,7,FALSE) -> 100983 | G147: =VLOOKUP($D147,'OR - GERAL'!D:AB,10,FALSE) -> carga, manobra e descarga de entulho em caminhão basculante 14 m³ - carga com escavadeira hidráulica (caçamba de 0,80 m³ / 111 hp) e descarga livre | P147: =VLOOKUP($D147,'OR - GERAL'!$D:$AB,13,FALSE) -> m³
E149: Volume total de carga = Área total de limpeza conforme item 4.1.1 (m²) x espessura (m)
F151: Área de limpeza (m²) | H151: Espessura (m) | J151: Volume total (m³)
F153: =H145 -> 22025.82 | G153: x | H153: 0.2 | I153: = | J153: =F153*H153 -> 4405.164
A155: =D147 -> 4.1.2 | H155: =J153 -> 4405.164 | I155: =P147 -> m³ | V155: =IF(P147="Unid","Quantidade",IF(P147="m","Extensão",IF(OR(P147="m²",P147="m2",P147="ha"),"Área",IF(P147="m³","Volume",IF(P147="kg","Massa",IF(P147="t","massa",IF(P147="m³xkm","transporte",IF(P147="txkm","transporte",IF(P147="gl","Quantidade",IF(P147="vb","Quantidade",IF(P147="%","percentual",IF(P147="mês","Período","")))))))))))) -> Volume | X155: =_xlfn.TEXTBEFORE(G147," ") -> #NAME?
D157: 4.1.3 | E157: =VLOOKUP($D157,'OR - GERAL'!$D:$AB,4,FALSE) -> SINAPI-ES | F157: =VLOOKUP($D157,'OR - GERAL'!$D:$AB,7,FALSE) -> 98529 | G157: =VLOOKUP($D157,'OR - GERAL'!D:AB,10,FALSE) -> Corte Raso E Recorte De Árvore Com Diâmetro De Tronco Maior Ou Igual A 0,20 M E Menor Que 0,40 M | P157: =VLOOKUP($D157,'OR - GERAL'!$D:$AB,13,FALSE) -> unid
E159: Quantidade total de árvores a serem cortadas/removidas
A161: =D157 -> 4.1.3 | H161: 50 | I161: =P157 -> unid | V161: =IF(P157="Unid","Quantidade",IF(P157="m","Extensão",IF(OR(P157="m²",P157="m2",P157="ha"),"Área",IF(P157="m³","Volume",IF(P157="kg","Massa",IF(P157="t","massa",IF(P157="m³xkm","transporte",IF(P157="txkm","transporte",IF(P157="gl","Quantidade",IF(P157="vb","Quantidade",IF(P157="%","percentual",IF(P157="mês","Período","")))))))))))) -> Quantidade | X161: =_xlfn.TEXTBEFORE(G157," ") -> #NAME?
D163: 4.1.4 | E163: =VLOOKUP($D163,'OR - GERAL'!$D:$AB,4,FALSE) -> SINAPI-ES | F163: =VLOOKUP($D163,'OR - GERAL'!$D:$AB,7,FALSE) -> 98526 | G163: =VLOOKUP($D163,'OR - GERAL'!D:AB,10,FALSE) -> Remoção De Raízes Remanescentes De Tronco De Árvore Com Diâmetro Maior Ou Igual A 0,20 M E Menor Que 0,40M | P163: =VLOOKUP($D163,'OR - GERAL'!$D:$AB,13,FALSE) -> unid
E165: Igual ao item 4.1.3
A167: =D163 -> 4.1.4 | H167: =H161 -> 50 | I167: =P163 -> unid | V167: =IF(P163="Unid","Quantidade",IF(P163="m","Extensão",IF(OR(P163="m²",P163="m2",P163="ha"),"Área",IF(P163="m³","Volume",IF(P163="kg","Massa",IF(P163="t","massa",IF(P163="m³xkm","transporte",IF(P163="txkm","transporte",IF(P163="gl","Quantidade",IF(P163="vb","Quantidade",IF(P163="%","percentual",IF(P163="mês","Período","")))))))))))) -> Quantidade | X167: =_xlfn.TEXTBEFORE(G163," ") -> #NAME?
D169: 4.1.5 | E169: =VLOOKUP($D169,'OR - GERAL'!$D:$AB,4,FALSE) -> SICRO-ES | F169: =VLOOKUP($D169,'OR - GERAL'!$D:$AB,7,FALSE) -> 5915321 | G169: =VLOOKUP($D169,'OR - GERAL'!D:AB,10,FALSE) -> Transporte com caminhão basculante de 14 m³ - rodovia pavimentada | P169: =VLOOKUP($D169,'OR - GERAL'!$D:$AB,13,FALSE) -> txkm
E171: Transporte total de material proveniente de limpeza de camada vegetal igual ao item 4.1.2 + empolamento x massa especifica de material (1,40 t/m³) x DMT
F173: Vol. de material (m³) | H173: Empolamento (%) | J173: Massa especifica (t/m³) | L173: DMT (km) | N173: Total (txkm)
F175: =H155 -> 4405.164 | G175: + | H175: 0.25 | I175: x | J175: 1.4 | K175: x | L175: 10 | M175: = | N175: =F175*(1+H175)*L175*J175 -> 77090.37
A177: =D169 -> 4.1.5 | G177: =CONCATENATE(V177," ","total de"," ",X177," =") -> transporte total de de material para bota fora = | H177: =N175 -> 77090.37 | I177: =P169 -> txkm | V177: =IF(P169="Unid","Quantidade",IF(P169="m","Extensão",IF(OR(P169="m²",P169="m2",P169="ha"),"Área",IF(P169="m³","Volume",IF(P169="kg","Massa",IF(P169="t","massa",IF(P169="m³xkm","transporte",IF(P169="txkm","transporte",IF(P169="gl","Quantidade",IF(P169="vb","Quantidade",IF(P169="%","percentual",IF(P169="mês","Período","")))))))))))) -> transporte | X177: de material para bota fora
D179: 4.1.6 | E179: =VLOOKUP($D179,'OR - GERAL'!$D:$AB,4,FALSE) -> SICRO-ES | F179: =VLOOKUP($D179,'OR - GERAL'!$D:$AB,7,FALSE) -> 4413942 | G179: =VLOOKUP($D179,'OR - GERAL'!D:AB,10,FALSE) -> Espalhamento de material em bota-fora | P179: =VLOOKUP($D179,'OR - GERAL'!$D:$AB,13,FALSE) -> m³
E181: Volume total Igual ao item 4.1.2 + empolamento
F183: Vol. de material (m³) | H183: Empolamento (%) | J183: Volume total (m³)
F185: =F175 -> 4405.164 | G185: + | H185: 0.25 | I185: = | J185: =F185*(1+H185) -> 5506.455
A187: =D179 -> 4.1.6 | H187: =J185 -> 5506.455 | I187: =P179 -> m³ | V187: =IF(P179="Unid","Quantidade",IF(P179="m","Extensão",IF(OR(P179="m²",P179="m2",P179="ha"),"Área",IF(P179="m³","Volume",IF(P179="kg","Massa",IF(P179="t","massa",IF(P179="m³xkm","transporte",IF(P179="txkm","transporte",IF(P179="gl","Quantidade",IF(P179="vb","Quantidade",IF(P179="%","percentual",IF(P179="mês","Período","")))))))))))) -> Volume | X187: =_xlfn.TEXTBEFORE(G179," ") -> #NAME?
D189: 4.2 | E189: =VLOOKUP($D189,'OR - GERAL'!D:AB,10,FALSE) -> Terraplenagem
E191: Volumes de terraplenagem conforme projeto.
E219: Tabela 1: Tabela de cálculo de volumes de terraplenagem
D221: 4.2.1 | E221: =VLOOKUP($D221,'OR - GERAL'!$D:$AB,4,FALSE) -> SICRO-ES | F221: =VLOOKUP($D221,'OR - GERAL'!$D:$AB,7,FALSE) -> 5502109 | G221: =VLOOKUP($D221,'OR - GERAL'!D:AB,10,FALSE) -> Escavação, carga e transporte de material de 1ª categoria - DMT de 50 a 200 m - caminho de serviço em leito natural - com escavadeira e caminhão basculante de 14 m³ | P221: =VLOOKUP($D221,'OR - GERAL'!$D:$AB,13,FALSE) -> m³
E223: Volume de corte conforme conforme tabela 1 x Empolamento de 25%
A225: =D221 -> 4.2.1 | H225: =173.3*1.25 -> 216.625 | I225: =P221 -> m³ | V225: =IF(P221="Unid","Quantidade",IF(P221="m","Extensão",IF(OR(P221="m²",P221="m2",P221="ha"),"Área",IF(P221="m³","Volume",IF(P221="kg","Massa",IF(P221="t","massa",IF(P221="m³xkm","transporte",IF(P221="txkm","transporte",IF(P221="gl","Quantidade",IF(P221="vb","Quantidade",IF(P221="%","percentual",IF(P221="mês","Período","")))))))))))) -> Volume | X225: =_xlfn.TEXTBEFORE(G221," ") -> #NAME?
...

Sheet BDI
A1: DETALHAMENTO DO BDI
A3: OBRA: | B3: Enroncamento do lado norte do Rio doce - Colatina.
A4: CONTRATO:
A6: 1. Regime de Contribuição Previdenciária
B7: Sem Desoneração
A9: 2. Tipo de Intervenção
B10: Rodovias e Ferrovias
A12: 3. Incidências sobre o custo
B14: Administração Central - AC | E14: 2 | F14: %
B15: Riscos - R | E15: 3.5 | F15: %
B16: Seguros e Garantias Contratuais - S+G | E16: 1.5 | F16: %
B17: Despesas e Encargos Financeiros - DF | E17: 1.5 | F17: %
B19: Lucro - L | E19: 5.83 | F19: %
A21: 4 – Incidências sobre o preço de venda
B23: Despesas Tributárias - I | E23: =E25+E29+E30+E31 -> 5.65 | F23: %
B25: ISS | E25: 2 | F25: %
B26: Base de cálculo | E26: 100 | F26: %
B27: Alíquota do ISS (sobre a base de cálculo) | E27: 5 | F27: %
B29: COFINS | E29: 3 | F29: %
B30: PIS | E30: 0.65 | F30: %
B31: INSS | E31: 0 | F31: %
A33: 5 – Demonstrativo de cálculo do BDI
B35: BDI = | C35: (1+(AC+S+R+G))(1+DF)(1+L)) -1 = | E35: =ROUND((((1+($E$14/100)+($E$16/100)+($E$15/100))*(1+($E$17/100))*(1+($E$19/100)))/(1-$E$23/100)-1),4) -> 0.2182
C36: ( 1- I )
A37: Declarações
A39: =CONCATENATE("1- Declaro para os devidos fins que, conforme legislação tributária municipal, a base de cálculo do ISS para ", B10," é de ",E26," %",", com a respectiva alíquota de ",E27," %.") -> 1- Declaro para os devidos fins que, conforme legislação tributária municipal, a base de cálculo do ISS para Rodovias e Ferrovias é de 100 %, com a respectiva alíquota de 5 %.
A42: =CONCATENATE("2- Declaro para os devidos fins que o regime de Contribuição Previdenciária adotado para elaboração do orçamento foi ",B7,", e que esta é a alternativa mais adequada para a Administração Pública.") -> 2- Declaro para os devidos fins que o regime de Contribuição Previdenciária adotado para elaboração do orçamento foi Sem Desoneração, e que esta é a alternativa mais adequada para a Administração Pública.
B47: Resp. Técnico do Orçamento | E47: Representante Legal
A48: Nome: | B48: Felipe Dutra Torezani | D48: Nome: | E48: João Guerino Balestrassi
A49: CREA-ES: | B49: 46116/D | D49: CARGO: | E49: PREFEITO MUNICIPAL

Sheet CPU`s 
D4: COMPOSIÇÕES DE CUSTO UNITÁRIO
D7: Projeto
D8: ='OR - GERAL'!D9 -> ENRONCAMENTO DO LADO NORTE DO RIO DOCE - COLATINA.
D9: Local
D10: ='OR - GERAL'!D11 -> COLATINA - ES
D12: ITEM | J12: DESCRIÇÃO DO SERVIÇO | M12: UNID. | P12: QUANT. | S12: CUSTO UNITÁRIO (R$) | V12: VALOR TOTAL (R$)
D14: . | E14: . | F14: . | G14: . | H14: . | I14: . | J14: . | K14: . | L14: . | M14: . | N14: . | O14: . | P14: . | Q14: . | R14: . | S14: . | T14: . | U14: . | V14: .
D15: . | E15: . | F15: . | G15: . | H15: . | I15: . | J15: . | K15: . | L15: . | M15: . | N15: . | O15: . | P15: . | Q15: . | R15: . | S15: . | T15: . | U15: . | V15: .
D16: CPU | G16: C001 | J16: Elaboração De As Built | M16: unid. | P16: 1 | V16: =SUM(V17:V19) -> 13592.503
D17: SINAPI-ES Composição | G17: 90775 | J17: desenhista projetista com encargos complementares | M17: h | P17: =8*6*2*2 -> 192 | S17: 35.74 | V17: =S17*P17 -> 6862.08
D18: SINAPI-ES Composição | G18: 88597 | J18: desenhista detalhista com encargos complementares | M18: h | P18: =8*6*2*2 -> 192 | S18: =30.46*'OR - GERAL'!AE209 -> 35.054289 | V18: =S18*P18 -> 6730.4235
D23: CPU | G23: C002 | J23: Administração Local | M23: unid. | P23: 1 | V23: =SUM(V24:V29) -> 1626459.7
D24: SINAPI-ES Composição | G24: 90777 | J24: Engenheiro civil de obra junior com encargos complementares | M24: mês | P24: =160*21 -> 3360 | S24: 148.91 | V24: =S24*P24 -> 500337.6
D25: SINAPI-ES Composição | G25: 90767 | J25: Apontador ou apropriador com encargos complementares | M25: mês | P25: =200*21 -> 4200 | S25: 37.73 | V25: =S25*P25 -> 158466
D26: SINAPI-ES Composição | G26: 90780 | J26: Mestre de obras com encargos complementares | M26: mês | P26: =180*21 -> 3780 | S26: 84.88 | V26: =S26*P26 -> 320846.4
D27: SINAPI-ES Composição | G27: 90776 | J27: Encarregado geral com encargos complementares | M27: mês | P27: =180*21 -> 3780 | S27: 56.39 | V27: =S27*P27 -> 213154.2
D28: SINAPI-ES Composição | G28: 100309 | J28: Técnico em segurança do trabalho com encargos complementares | M28: mês | P28: =180*21 -> 3780 | S28: 49.23 | V28: =S28*P28 -> 186089.4
D29: DER/Edif | G29: 100309 | J29: Serviço De Topografia E Agrimensura Para Fins De Projeto, Levantamento E Fiscalização | M29: mês | P29: =10 -> 10 | S29: =21511.96*'OR - GERAL'!AE209 -> 24756.614 | V29: =S29*P29 -> 247566.14
D34: CPU | G34: C003 | J34: Fornecimento E Instalação De Iluminação Pública Exceto postes e lâmpadas | M34: m | V34: =SUM(V35:V51) -> 152.45392
D35: SINAPI | G35: 91931 | J35: Cabo De Cobre, Flexivel, Classe 4 Ou 5, Isolacao Em Pvc/A, Antichama Bwf-B, Cobertura Pvc-St1, Antichama Bwf-B, 1 Condutor, 0,6/1 Kv, Secao Nominal 6 Mm2 | M35: m | P35: 1 | S35: 13.55 | V35: =S35*P35 -> 13.55
D36: SINAPI | G36: 91933 | J36: Cabo De Cobre, Flexivel, Classe 4 Ou 5, Isolacao Em Pvc/A, Antichama Bwf-B, Cobertura Pvc-St1, Antichama Bwf-B, 1 Condutor, 0,6/1 Kv, Secao Nominal 10 Mm2 | M36: m | P36: 1 | S36: 21.62 | V36: =S36*P36 -> 21.62
D37: SINAPI | G37: 2446 | J37: Eletroduto/Duto Pead Flexivel Parede Simples, Corrugacao Helicoidal, Cor Preta, Sem Rosca, De 2", Para Cabeamento Subterraneo (Nbr 15715) | M37: m | P37: 1 | S37: =7.95*'OR - GERAL'!AE209 -> 9.1491003 | V37: =S37*P37 -> 9.1491003
D38: SINAPI | G38: 91926 | J38: Cabo De Cobre, Flexivel, Classe 4 Ou 5, Isolacao Em Pvc/A, Antichama Bwf-B, Cobertura Pvc-St1, Antichama Bwf-B, 1 Condutor, 0,6/1 Kv, Secao Nominal 2,5 Mm2 | M38: m | P38: 1 | S38: 6.55 | V38: =S38*P38 -> 6.55
D39: SINAPI | G39: 41627 | J39: Caixa De Concreto Armado Pre-Moldado, Com Fundo E Tampa, Dimensoes De 0,30 X 0,30 X 0,30 M | M39: un | P39: =1/18 -> 0.055555556 | S39: =178.7*'OR - GERAL'!AE209 -> 205.65336 | V39: =S39*P39 -> 11.425187
D40: SINAPI | G40: 20111 | J40: Fita Isolante Adesiva Antichama, Uso Ate 750 V, Em Rolo De 19 Mm X 20 M | M40: un | P40: =1/18 -> 0.055555556 | S40: =11.15*'OR - GERAL'!AE209 -> 12.831757 | V40: =S40*P40 -> 0.71287539
D41: SINAPI | G41: 404 | J41: Fita Isolante De Borracha Autofusao, Uso Ate 69 Kv (Alta Tensao) | M41: m | P41: 1 | S41: =1.52*'OR - GERAL'!AE209 -> 1.749262 | V41: =S41*P41 -> 1.749262
D42: SINAPI | G42: 2510 | J42: Rele Fotoeletrico Interno E Externo Bivolt 1000 W, De Conector, Sem Base | M42: un | P42: =1/18 -> 0.055555556 | S42: =37.04*'OR - GERAL'!AE209 -> 42.626752 | V42: =S42*P42 -> 2.3681529
D43: SINAPI | G43: 39380 | J43: Base Para Rele Com Suporte Metalico | M43: un | P43: =1/18 -> 0.055555556 | S43: =21.19*'OR - GERAL'!AE209 -> 24.386093 | V43: =S43*P43 -> 1.3547829
D44: SINAPI | G44: 96985 | J44: Haste De Aterramento Em Aco Com 3,00 M De Comprimento E Dn = 5/8", Revestida Com Baixa Camada De Cobre, Com Conector Tipo Grampo | M44: un | P44: =1/18 -> 0.055555556 | S44: 83.89 | V44: =S44*P44 -> 4.6605556
D45: SINAPI | G45: 90099 | J45: Escavação mecanizada de vala com prof. até 1,5 m (média montante e jusante/uma composição por trecho), retroescav. (0,26 m3), larg. menor que 0,8 m, em solo de 1a categoria, em locais com alto nível de interferência. af_02/2021 | M45: m3 | P45: =0.8*0.6*0.8 -> 0.384 | S45: 18.02 | V45: =S45*P45 -> 6.91968
D46: SINAPI | G46: 93358 | J46: Escavação manual de vala com profundidade menor ou igual a 1,30 m. af_02/2021 | M46: m3 | P46: =0.8*0.6*0.2 -> 0.096 | S46: 119.34 | V46: =S46*P46 -> 11.45664
D47: SINAPI | G47: 93382 | J47: Reaterro manual de valas, com compactador de solos de percussão. af_08/2023 | M47: m3 | P47: =(P45+P46)-P49 -> 0.36 | S47: 35.99 | V47: =S47*P47 -> 12.9564
D48: SINAPI | G48: 101616 | J48: Preparo de fundo de vala com largura menor que 1,5 m (acerto do solo natural). af_08/2020 | M48: m2 | P48: 0.6 | S48: 10.15 | V48: =S48*P48 -> 6.09
D49: SINAPI | G49: 101618 | J49: Preparo de fundo de vala com largura menor que 1,5 m, com camada de areia, lançamento manual. af_08/2020 | M49: m3 | P49: =0.6*0.2 -> 0.12 | S49: 269.3 | V49: =S49*P49 -> 32.316
D50: SINAPI-ES | G50: 100983 | J50: Carga, manobra e descarga de entulho em caminhão basculante 14 m³ - carga com escavadeira hidráulica (caçamba de 0,80 m³ / 111 hp) e descarga livre (unidade: m3). af_07/2020 | M50: m3 | P50: =P47*1.3 -> 0.468 | S50: 10.1 | V50: =S50*P50 -> 4.7268
D51: SICRO-ES | G51: 5915321 | J51: Transporte com caminhão basculante de 14 m³ - rodovia pavimentada | M51: txkm | P51: =P50*1.4*10 -> 6.552 | S51: 0.74 | V51: =S51*P51 -> 4.84848
D55: CPU | G55: C004 | J55: ENROCAMENTO - ROCHA 9,3/15,5T ( 12,25T) - FORNECIMENTO/CARGA/DESCARGA/COLOCAÇÃO | M55: m³ | V55: =SUM(V56:V61) -> 206.47414
D56: SICRO | G56: M1097 | J56: pedra de mão | M56: m³ | P56: 1.05 | S56: =111.1187*'OR - GERAL'!AE209 -> 127.87876 | V56: =S56*P56 -> 134.2727
D57: SICRO | G57: E9672 P | J57: caminhão basculante para rocha com capacidade de 12 m³ - 188 kw | M57: CHP | P57: 0.022 | S57: =314.0039*'OR - GERAL'!AE209 -> 361.36518 | V57: =S57*P57 -> 7.950034
D58: SICRO | G58: E9672 I | J58: caminhão basculante para rocha com capacidade de 12 m³ - 188 kw | M58: CHI | P58: 0.00020347 | S58: =101.3906*'OR - GERAL'!AE209 -> 116.68337 | V58: =S58*P58 -> 0.023741565
D59: SICRO | G59: E9613 P | J59: guindaste sobre esteiras com pinça - 220 kw | M59: CHP | P59: 0.055 | S59: =793.1306*'OR - GERAL'!AE209 -> 912.75867 | V59: =S59*P59 -> 50.201727
D60: SICRO | G60: P9926 | J60: mergulhador | M60: h | P60: 0.2 | S60: =34.6905*'OR - GERAL'!AE209 -> 39.922876 | V60: =S60*P60 -> 7.9845752
D61: SICRO | G61: P9824 | J61: servente | M61: h | P61: 0.25040161 | S61: =20.9646*'OR - GERAL'!AE209 -> 24.126695 | V61: =S61*P61 -> 6.0413633
D65: CPU | G65: C005 | J65: Fornecimento e instalação de poste de aço para iluminação simples, reto, conico continuo, altura de 4,0m | M65: unid | V65: =SUM(V66:V70) -> 2556.29
D66: SCORIO | G66: IP 05.10.0303 (/) | J66: Poste de aco, reto, conico continuo, altura de 4,50m, com sapata. Fornecimento. | M66: unid | P66: 1 | S66: 1493.08 | V66: =S66*P66 -> 1493.08
D67: SCORIO | G67: IP 05.25.0150 (/) | J67: Poste de aco, reto, ou de composto de poliester reforcado com fibra de vidro - PRFV, secao unica, reto, ambos de 4,50m ate 6,00m, com engastamento da parte inferior da coluna diretamente no solo; exclusive fornecimento do poste. Assentamento. | M67: unid | P67: 1 | S67: 258.07 | V67: =S67*P67 -> 258.07
D68: SCORIO | G68: IP 05.50.0506 (/) | J68: Braco curvo, em aco de baixo teor de carbono SAE 1010/1020 galvanizado a fusao, interna e externamente por imersao unica em banho de zinco, conforme NBR-7398 e 7400 da ABNT, com 1,77m de projecao horizontal, diametro externo de 48mm. Fornecimento. | M68: unid | P68: 1 | S68: 213.68 | V68: =S68*P68 -> 213.68
D69: SCORIO | G69: IP 05.55.0150 (/) | J69: Colocacao de braco, de 1,5m ate 2,50m de projecao horizontal, em poste reto de aco ou concreto, com fornecimento das ferragens de fixacao; exclusive fornecimento do braco. | M69: unid | P69: =P68 -> 1 | S69: 330.04 | V69: =S69*P69 -> 330.04
D70: SCORIO | G70: IP 05.35.0100 (/) | J70: Fundacao simples de concreto pre-moldado, com chumbadores de aco provido de arruelas e porcas, para fixacao de postes de aco reto ou de composto de poliester reforcado com fibra de vidro - PRFV, secao unica, ambos de 4,5m a 6m | M70: unid | P70: =P69 -> 1 | S70: 261.42 | V70: =S70*P70 -> 261.42
D74: CPU | G74: C006 | J74: Fornecimento e instalação de poste de aço para iluminação dupla, reto, conico continuo, altura de 4,0m | M74: unid | V74: =SUM(V75:V79) -> 3100.01
D75: SCORIO | G75: IP 05.10.0303 (/) | J75: Poste de aco, reto, conico continuo, altura de 4,50m, com sapata. Fornecimento. | M75: unid | P75: 1 | S75: 1493.08 | V75: =S75*P75 -> 1493.08
D76: SCORIO | G76: IP 05.25.0150 (/) | J76: Poste de aco, reto, ou de composto de poliester reforcado com fibra de vidro - PRFV, secao unica, reto, ambos de 4,50m ate 6,00m, com engastamento da parte inferior da coluna diretamente no solo; exclusive fornecimento do poste. Assentamento. | M76: unid | P76: 1 | S76: 258.07 | V76: =S76*P76 -> 258.07
D77: SCORIO | G77: IP 05.50.0506 (/) | J77: Braco curvo, em aco de baixo teor de carbono SAE 1010/1020 galvanizado a fusao, interna e externamente por imersao unica em banho de zinco, conforme NBR-7398 e 7400 da ABNT, com 1,77m de projecao horizontal, diametro externo de 48mm. Fornecimento. | M77: unid | P77: 2 | S77: 213.68 | V77: =S77*P77 -> 427.36
D78: SCORIO | G78: IP 05.55.0150 (/) | J78: Colocacao de braco, de 1,5m ate 2,50m de projecao horizontal, em poste reto de aco ou concreto, com fornecimento das ferragens de fixacao; exclusive fornecimento do braco. | M78: unid | P78: =P77 -> 2 | S78: 330.04 | V78: =S78*P78 -> 660.08
D79: SCORIO | G79: IP 05.35.0100 (/) | J79: Fundacao simples de concreto pre-moldado, com chumbadores de aco provido de arruelas e porcas, para fixacao de postes de aco reto ou de composto de poliester reforcado com fibra de vidro - PRFV, secao unica, ambos de 4,5m a 6m | M79: unid | P79: 1 | S79: 261.42 | V79: =S79*P79 -> 261.42
D83: CPU | G83: C007 | J83: Fornecimento e instalação de poste de aço para iluminação dupla, reto, conico continuo, altura de 6,0m | M83: unid | V83: =SUM(V84:V88) -> 2749.43
D84: SCORIO | G84: IP 05.10.0450 (/) | J84: Poste de aco, reto, conico continuo ou escalonado, altura de 6m, sem sapata. Fornecimento. | M84: unid | P84: 1 | S84: 1142.5 | V84: =S84*P84 -> 1142.5
D85: SCORIO | G85: IP 05.25.0150 (/) | J85: Poste de aco, reto, ou de composto de poliester reforcado com fibra de vidro - PRFV, secao unica, reto, ambos de 4,50m ate 6,00m, com engastamento da parte inferior da coluna diretamente no solo; exclusive fornecimento do poste. Assentamento. | M85: unid | P85: 1 | S85: 258.07 | V85: =S85*P85 -> 258.07
D86: SCORIO | G86: IP 05.50.0506 (/) | J86: Braco curvo, em aco de baixo teor de carbono SAE 1010/1020 galvanizado a fusao, interna e externamente por imersao unica em banho de zinco, conforme NBR-7398 e 7400 da ABNT, com 1,77m de projecao horizontal, diametro externo de 48mm. Fornecimento. | M86: unid | P86: 2 | S86: 213.68 | V86: =S86*P86 -> 427.36
D87: SCORIO | G87: IP 05.55.0150 (/) | J87: Colocacao de braco, de 1,5m ate 2,50m de projecao horizontal, em poste reto de aco ou concreto, com fornecimento das ferragens de fixacao; exclusive fornecimento do braco. | M87: unid | P87: =P86 -> 2 | S87: 330.04 | V87: =S87*P87 -> 660.08
D88: SCORIO | G88: IP 05.35.0100 (/) | J88: Fundacao simples de concreto pre-moldado, com chumbadores de aco provido de arruelas e porcas, para fixacao de postes de aco reto ou de composto de poliester reforcado com fibra de vidro - PRFV, secao unica, ambos de 4,5m a 6m | M88: unid | P88: 1 | S88: 261.42 | V88: =S88*P88 -> 261.42
D92: CPU | G92: C008 | J92: Fornecimento e instalação de poste de aço com refletor para quadra poliesportiva, altura de 9,0m | M92: unid | V92: =SUM(V93:V95) -> 3219.52
D93: SCORIO | G93: IP 05.10.0703 (/) | J93: Poste de aco, reto, conico continuo, altura de 9m, com sapata. Fornecimento. | M93: unid | P93: 1 | S93: 2421 | V93: =S93*P93 -> 2421
D94: SCORIO | G94: IP 05.25.0200 (/) | J94: Poste de aco, reto, ou de composto de poliester reforcado com fibra de vidro - PRFV, secao unica, reto, ambos de 7,00m ate 12,00m, com engastamento da parte inferior da coluna diretamente no solo; exclusive fornecimento do poste. Assentamento. | M94: unid | P94: 1 | S94: 519.38 | V94: =S94*P94 -> 519.38
D95: SCORIO | G95: IP 05.35.0150 (/) | J95: Fundacao simples de concreto pre-moldado, com chumbadores de aco provido de arruelas e porcas, para fixacao de postes de aco reto ou de composto de poliester reforcado com fibra de vidro - PRFV, secao unica, ambos de 7,00 m a 11 m, | M95: unid | P95: 1 | S95: 279.14 | V95: =S95*P95 -> 279.14
D99: CPU | G99: C009 | J99: Conjunto de mesa e bancos redondos de concreto | M99: unid | V99: =SUM(V100:V101) -> 1302.23
D100: DER/Edif. | G100: 200511 | J100: Banco de concreto aparente com tampo de 40x40x5 cm e base de 20x20x36 cm para mesa de jogos, conforme detalhe em projeto | M100: unid | P100: 4 | S100: 210.8 | V100: =S100*P100 -> 843.2
D101: DER/Edif. | G101: 200512 | J101: Mesa de concreto aparente com tampo de 60x60x5 cm, base de 30x30x75 cm e tabuleiro 40x40cm embutido no concreto, feito com pastilhas de mármore branco e granito preto de 5x5x2cm conf. projeto | M101: unid | P101: 1 | S101: 459.03 | V101: =S101*P101 -> 459.03

Sheet CURVA ABC
D4: CURVA ABC
D7: Projeto
D8: ='OR - GERAL'!D9 -> ENRONCAMENTO DO LADO NORTE DO RIO DOCE - COLATINA.
D9: Local
D10: ='OR - GERAL'!D11 -> COLATINA - ES
D12: ITEM | G12: DESCRIÇÃO DO SERVIÇO | M12: CURVA | P12: VALOR TOTAL (R$) | S12: PESO RELATIVO (%) | V12: % ACUMULADO | Y12: OBSERVAÇÕES
D14: 5.1 | G14: =VLOOKUP(D14,'OR - GERAL'!D:MR,10,FALSE) -> Enrocamento | M14: =IF(V14<69.9999%,"A",IF(AND(V14>=70%,V14<89.99999%),"B",(IF(V14>=90%,"C","-")))) -> A | P14: =VLOOKUP(D14,'OR - GERAL'!D:AE,28,FALSE) -> 25219426 | S14: =P14/$S$40 -> 0.6614742 | V14: =S14+V13 -> 0.6614742
D15: 7.3 | G15: =VLOOKUP(D15,'OR - GERAL'!D:MR,10,FALSE) -> Calçadas e demais áreas | M15: =IF(V15<69.9999%,"A",IF(AND(V15>=70%,V15<89.99999%),"B",(IF(V15>=90%,"C","-")))) -> B | P15: =VLOOKUP(D15,'OR - GERAL'!D:AE,28,FALSE) -> 2537870.4 | S15: =P15/$S$40 -> 0.066565187 | V15: =S15+V14 -> 0.72803939
D16: 4.2 | G16: =VLOOKUP(D16,'OR - GERAL'!D:MR,10,FALSE) -> Terraplenagem | M16: =IF(V16<69.9999%,"A",IF(AND(V16>=70%,V16<89.99999%),"B",(IF(V16>=90%,"C","-")))) -> B | P16: =VLOOKUP(D16,'OR - GERAL'!D:AE,28,FALSE) -> 2445806 | S16: =P16/$S$40 -> 0.064150453 | V16: =S16+V15 -> 0.79218984
D17: 2.1 | G17: =VLOOKUP(D17,'OR - GERAL'!D:MR,10,FALSE) -> Administração local | M17: =IF(V17<69.9999%,"A",IF(AND(V17>=70%,V17<89.99999%),"B",(IF(V17>=90%,"C","-")))) -> B | P17: =VLOOKUP(D17,'OR - GERAL'!D:AE,28,FALSE) -> 1981353.2 | S17: =P17/$S$40 -> 0.051968434 | V17: =S17+V16 -> 0.84415827
D18: 11.3 | G18: =VLOOKUP(D18,'OR - GERAL'!D:MR,10,FALSE) -> Mobiliário urbano | M18: =IF(V18<69.9999%,"A",IF(AND(V18>=70%,V18<89.99999%),"B",(IF(V18>=90%,"C","-")))) -> B | P18: =VLOOKUP(D18,'OR - GERAL'!D:AE,28,FALSE) -> 1177404 | S18: =P18/$S$40 -> 0.030881843 | V18: =S18+V17 -> 0.87504012
D19: 7.1 | G19: =VLOOKUP(D19,'OR - GERAL'!D:MR,10,FALSE) -> Pavimentação - Viário | M19: =IF(V19<69.9999%,"A",IF(AND(V19>=70%,V19<89.99999%),"B",(IF(V19>=90%,"C","-")))) -> B | P19: =VLOOKUP(D19,'OR - GERAL'!D:AE,28,FALSE) -> 904560.49 | S19: =P19/$S$40 -> 0.023725498 | V19: =S19+V18 -> 0.89876561
D20: 8.1 | G20: =VLOOKUP(D20,'OR - GERAL'!D:MR,10,FALSE) -> Iluminação Pública | M20: =IF(V20<69.9999%,"A",IF(AND(V20>=70%,V20<89.99999%),"B",(IF(V20>=90%,"C","-")))) -> C | P20: =VLOOKUP(D20,'OR - GERAL'!D:AE,28,FALSE) -> 710526.47 | S20: =P20/$S$40 -> 0.018636226 | V20: =S20+V19 -> 0.91740184
D21: 11.1 | G21: =VLOOKUP(D21,'OR - GERAL'!D:MR,10,FALSE) -> Quadras Poliesportivas | M21: =IF(V21<69.9999%,"A",IF(AND(V21>=70%,V21<89.99999%),"B",(IF(V21>=90%,"C","-")))) -> C | P21: =VLOOKUP(D21,'OR - GERAL'!D:AE,28,FALSE) -> 532455.26 | S21: =P21/$S$40 -> 0.01396564 | V21: =S21+V20 -> 0.93136748
D22: 1.1 | G22: =VLOOKUP(D22,'OR - GERAL'!D:MR,10,FALSE) -> Elaboração de projetos | M22: =IF(V22<69.9999%,"A",IF(AND(V22>=70%,V22<89.99999%),"B",(IF(V22>=90%,"C","-")))) -> C | P22: =VLOOKUP(D22,'OR - GERAL'!D:AE,28,FALSE) -> 455611.46 | S22: =P22/$S$40 -> 0.011950122 | V22: =S22+V21 -> 0.9433176
D23: 6.1 | G23: =VLOOKUP(D23,'OR - GERAL'!D:MR,10,FALSE) -> Drenagem | M23: =IF(V23<69.9999%,"A",IF(AND(V23>=70%,V23<89.99999%),"B",(IF(V23>=90%,"C","-")))) -> C | P23: =VLOOKUP(D23,'OR - GERAL'!D:AE,28,FALSE) -> 331454.45 | S23: =P23/$S$40 -> 0.0086936383 | V23: =S23+V22 -> 0.95201124
D24: 7.4 | G24: =VLOOKUP(D24,'OR - GERAL'!D:MR,10,FALSE) -> Guias e Sarjetas | M24: =IF(V24<69.9999%,"A",IF(AND(V24>=70%,V24<89.99999%),"B",(IF(V24>=90%,"C","-")))) -> C | P24: =VLOOKUP(D24,'OR - GERAL'!D:AE,28,FALSE) -> 310310.83 | S24: =P24/$S$40 -> 0.0081390675 | V24: =S24+V23 -> 0.96015031
D25: 1.2 | G25: =VLOOKUP(D25,'OR - GERAL'!D:MR,10,FALSE) -> Levantamentos, Sondagens e ensaios | M25: =IF(V25<69.9999%,"A",IF(AND(V25>=70%,V25<89.99999%),"B",(IF(V25>=90%,"C","-")))) -> C | P25: =VLOOKUP(D25,'OR - GERAL'!D:AE,28,FALSE) -> 149145.6 | S25: =P25/$S$40 -> 0.0039119038 | V25: =S25+V24 -> 0.96406221
... D36: 11.4 | G36: =VLOOKUP(D36,'OR - GERAL'!D:MR,10,FALSE) -> Playground | M36: =IF(V36<69.9999%,"A",IF(AND(V36>=70%,V36<89.99999%),"B",(IF(V36>=90%,"C","-")))) -> C | P36: =VLOOKUP(D36,'OR - GERAL'!D:AE,28,FALSE) -> 43309.06 | S36: =P36/$S$40 -> 0.0011359428 | V36: =S36+V35 -> 1
P40: PREÇO TOTAL (R$) | S40: =SUM(P14:P36) -> 38126091 | V40: =SUM(S14:S36) -> 1
N41: 0.30150744 | S41: =S40*N41 -> 11495300
P42: VALOR TOTAL GERAL DO EMPREENDIMENTO (R$) | S42: =S40+S41 -> 49621391
D44: LEGENDA
G46: - Curva A do orçamento
G48: - Curva B do orçamento
G50: - Curva C do orçamento

Sheet ACEITABILIDADE DE PREÇOS
D4: CRITÉRIO DE ACEITABILIDADE DE PREÇOS
D7: Projeto
D8: ='CURVA ABC'!D8 -> ENRONCAMENTO DO LADO NORTE DO RIO DOCE - COLATINA.
D9: Local
D10: ='CURVA ABC'!D10 -> COLATINA - ES
D12: ITEM | G12: DESCRIÇÃO DO SERVIÇO | M12: CURVA | P12: MÍNIMO | S12: MÁXIMO | V12: OBSERVAÇÕES
D14: ='CURVA ABC'!D14 -> 5.1 | G14: ='CURVA ABC'!G14 -> Enrocamento | M14: ='CURVA ABC'!M14 -> A | P14: =S14*0.6 -> 0.39688452 | S14: ='CURVA ABC'!S14 -> 0.6614742
D15: ='CURVA ABC'!D15 -> 7.3 | G15: ='CURVA ABC'!G15 -> Calçadas e demais áreas | M15: ='CURVA ABC'!M15 -> B | P15: =S15*0.6 -> 0.039939112 | S15: ='CURVA ABC'!S15 -> 0.066565187
D16: ='CURVA ABC'!D16 -> 4.2 | G16: ='CURVA ABC'!G16 -> Terraplenagem | M16: ='CURVA ABC'!M16 -> B | P16: =S16*0.6 -> 0.038490272 | S16: ='CURVA ABC'!S16 -> 0.064150453
D17: ='CURVA ABC'!D17 -> 2.1 | G17: ='CURVA ABC'!G17 -> Administração local | M17: ='CURVA ABC'!M17 -> B | P17: =S17*0.6 -> 0.03118106 | S17: ='CURVA ABC'!S17 -> 0.051968434
D18: ='CURVA ABC'!D18 -> 11.3 | G18: ='CURVA ABC'!G18 -> Mobiliário urbano | M18: ='CURVA ABC'!M18 -> B | P18: =S18*0.6 -> 0.018529106 | S18: ='CURVA ABC'!S18 -> 0.030881843
D19: ='CURVA ABC'!D19 -> 7.1 | G19: ='CURVA ABC'!G19 -> Pavimentação - Viário | M19: ='CURVA ABC'!M19 -> B | P19: =S19*0.6 -> 0.014235299 | S19: ='CURVA ABC'!S19 -> 0.023725498
D20: ='CURVA ABC'!D20 -> 8.1 | G20: ='CURVA ABC'!G20 -> Iluminação Pública | M20: ='CURVA ABC'!M20 -> C | P20: =S20*0.6 -> 0.011181736 | S20: ='CURVA ABC'!S20 -> 0.018636226
D21: ='CURVA ABC'!D21 -> 11.1 | G21: ='CURVA ABC'!G21 -> Quadras Poliesportivas | M21: ='CURVA ABC'!M21 -> C | P21: =S21*0.6 -> 0.0083793839 | S21: ='CURVA ABC'!S21 -> 0.01396564
D22: ='CURVA ABC'!D22 -> 1.1 | G22: ='CURVA ABC'!G22 -> Elaboração de projetos | M22: ='CURVA ABC'!M22 -> C | P22: =S22*0.6 -> 0.0071700735 | S22: ='CURVA ABC'!S22 -> 0.011950122
D23: ='CURVA ABC'!D23 -> 6.1 | G23: ='CURVA ABC'!G23 -> Drenagem | M23: ='CURVA ABC'!M23 -> C | P23: =S23*0.6 -> 0.005216183 | S23: ='CURVA ABC'!S23 -> 0.0086936383
D24: ='CURVA ABC'!D24 -> 7.4 | G24: ='CURVA ABC'!G24 -> Guias e Sarjetas | M24: ='CURVA ABC'!M24 -> C | P24: =S24*0.6 -> 0.0048834405 | S24: ='CURVA ABC'!S24 -> 0.0081390675
D25: ='CURVA ABC'!D25 -> 1.2 | G25: ='CURVA ABC'!G25 -> Levantamentos, Sondagens e ensaios | M25: ='CURVA ABC'!M25 -> C | P25: =S25*0.6 -> 0.0023471423 | S25: ='CURVA ABC'!S25 -> 0.0039119038
... D36: ='CURVA ABC'!D36 -> 11.4 | G36: ='CURVA ABC'!G36 -> Playground | M36: ='CURVA ABC'!M36 -> C | P36: =S36*0.6 -> 0.0006815657 | S36: ='CURVA ABC'!S36 -> 0.0011359428
P40: =SUM(P14:P36) -> 0.6

Sheet CRONOGRAMA FISICO
D2: CRONONOGRAMA FISICO
B3: =25+30 -> 55
DU4: Revisão: 11 | DX4: =#REF!*#REF! -> #REF!
B5: =35 -> 35 | D5: ID | E5: DESCRIÇÃO | F5: MÊS 1 | J5: MÊS 2 | N5: MÊS 3 | R5: MÊS 4 | V5: MÊS 5 | Z5: MÊS 6 | AD5: MÊS 7 | AH5: MÊS 8 | AL5: MÊS 9 | AP5: MÊS 10 | AT5: MÊS 11 | AX5: MÊS 12 | BB5: MÊS 13 | BF5: MÊS 14 | BJ5: MÊS 15 | BN5: MÊS 16 | BR5: MÊS 17 | BV5: MÊS 18 | BZ5: MÊS 19 | CD5: MÊS 20 | CH5: MÊS 21 | CL5: MÊS 22 | CP5: MÊS 23 | CT5: MÊS 24 | CX5: MÊS 25 | DB5: MÊS 26 | DF5: MÊS 27 | DJ5: MÊS 28 | DN5: MÊS 29 | DR5: MÊS 30
D6: 1. | E6: =VLOOKUP(D6,'OR - GERAL'!D:MR,10,FALSE) -> PROJETOS E LEVANTAMENTOS
D8: 1.1.1 | E8: =VLOOKUP(D8,'OR - GERAL'!D:MR,10,FALSE) -> Projeto basico para urbanizacao/reurbanizacao de areas, visando a organizacao espacial e das atividades, devendo contemplar: sistema viario (locais para carga e descarga, estacionamento, parada para onibus e etc, faixa exclusiva, sinalizacao e desenho geometrico), passeios, pracas, arborizacao, iluminacao com criterios luminotecnicos, distribuicao e integracao do mobiliario urbano e equipamentos urbanos, inclusive diagnostico urbanistico e de infra-estrutura da area de projeto, levantamento dos projetos pertinentes existentes nas diversas esferas governamentais, concessionarias e permissionarios de servicos publico, aprovacoes pertinentes e a coordenacao dos projetos complementares, apresentado em Autocad nos padroes da contratante.
D10: 1.1.2 | E10: =VLOOKUP(D10,'OR - GERAL'!D:MR,10,FALSE) -> Fornecimento De Projeto Executivo De Instalação Elétrica Em Autocad Aprovado Na Concessionária Em Urbanização, Considerando A Área Acima De 15000M2.
D12: 1.1.3 | E12: =VLOOKUP(D12,'OR - GERAL'!D:MR,10,FALSE) -> Projeto de implantacao de pavimentacao em vias urbanas, nos padroes da PCRJ, apresentado em Autocad ou similiar, com arquivos no padrao PDF, DWG e PLT, em meio fisico ou digital. Apresentado com plantas, perfis, memorial descritivo e de calculo, contemplando todas as solucoes recomendadas para os trechos. Detalhamento das diversas camadas da pavimentacao e definicao das especificacoes dos servicos e do controle tecnologico de campo a serem executados no subleito, nas camadas granulares e no revestimento asfaltico. Para obras de projecao horizontal inferior a 2 ha. Exclusive levantamentos de campo, contagens de trafego e ensaios geotecnicos de caracterizacao do terreno.
D14: 1.1.4 | E14: =VLOOKUP(D14,'OR - GERAL'!D:MR,10,FALSE) -> Projeto Executivo De Sistema De Drenagem, Em Autocad, Em Área Acima De 20.000M2.
D16: 1.2 | E16: =VLOOKUP(D16,'OR - GERAL'!D:MR,10,FALSE) -> Levantamentos, Sondagens e ensaios
D17: 2. | E17: =VLOOKUP(D17,'OR - GERAL'!D:MR,10,FALSE) -> ADMNISTRAÇÃO LOCAL
D19: 2.1 | E19: =VLOOKUP(D19,'OR - GERAL'!D:MR,10,FALSE) -> Administração local
D20: 3. | E20: =VLOOKUP(D20,'OR - GERAL'!D:MR,10,FALSE) -> SERVIÇOS PRELIMINARES
D22: 3.1 | E22: =VLOOKUP(D22,'OR - GERAL'!D:MR,10,FALSE) -> Canteiro de obras
D24: 3.2.1 | E24: =VLOOKUP(D24,'OR - GERAL'!D:MR,10,FALSE) -> Mobilização e desmobilização de equipamentos com carreta prancha (máximo)
D26: 3.2.2 | E26: =VLOOKUP(D26,'OR - GERAL'!D:MR,10,FALSE) -> Mobilização E Desmobilização De Conteiner Locado Para Barracão De Obra
D28: 3.2.3 | E28: =VLOOKUP(D28,'OR - GERAL'!D:MR,10,FALSE) -> #N/A
E29: =VLOOKUP(D30,'OR - GERAL'!D:MR,10,FALSE) -> #N/A
D30: 3.2.4
E31: =VLOOKUP(D32,'OR - GERAL'!D:MR,10,FALSE) -> #N/A
D32: 3.2.5
C33: 0.25 | D33: 4. | E33: =VLOOKUP(D33,'OR - GERAL'!D:MR,10,FALSE) -> TERRAPLENAGEM
B35: =#REF! -> #REF! | D35: 4.1 | E35: =VLOOKUP(D35,'OR - GERAL'!D:MR,10,FALSE) -> Limpeza do terreno
B37: =SUM(#REF!,#REF!,#REF!,#REF!,#REF!) -> #REF! | D37: 4.2 | E37: =VLOOKUP(D37,'OR - GERAL'!D:MR,10,FALSE) -> Terraplenagem
B39: =SUM(#REF!,#REF!,#REF!,#REF!,#REF!) -> #REF! | D39: 4.3 | E39: =VLOOKUP(D39,'OR - GERAL'!D:MR,10,FALSE) -> #N/A
C40: 0.25 | D40: 5. | E40: =VLOOKUP(D40,'OR - GERAL'!D:MR,10,FALSE) -> ENROCAMENTO/ATERRO
B42: =SUM(#REF!,#REF!,#REF!) -> #REF! | D42: 5.1 | E42: =VLOOKUP(D42,'OR - GERAL'!D:MR,10,FALSE) -> Enrocamento
C43: =SUM(#REF!,#REF!) -> #REF!
B44: =#REF! -> #REF! | C44: =SUM(#REF!,#REF!,#REF!,#REF!,#REF!,#REF!,#REF!,#REF!,#REF!,#REF!,#REF!,#REF!,) -> #REF! | D44: 5.2 | E44: =VLOOKUP(D44,'OR - GERAL'!D:MR,10,FALSE) -> #N/A
B46: =#REF! -> #REF! | D46: 5.3 | E46: =VLOOKUP(D46,'OR - GERAL'!D:MR,10,FALSE) -> #N/A
B48: =#REF! -> #REF! | D48: 5.4 | E48: =VLOOKUP(D48,'OR - GERAL'!D:MR,10,FALSE) -> #N/A
B50: =#REF! -> #REF! | D50: 5.5 | E50: =VLOOKUP(D50,'OR - GERAL'!D:MR,10,FALSE) -> #N/A
B52: =#REF! -> #REF! | D52: 5.5a | E52: =VLOOKUP(D52,'OR - GERAL'!D:MR,10,FALSE) -> #N/A
B54: =#REF! -> #REF! | D54: 5.6 | E54: =VLOOKUP(D54,'OR - GERAL'!D:MR,10,FALSE) -> #N/A
B56: =#REF! -> #REF! | D56: 5.6a | E56: =VLOOKUP(D56,'OR - GERAL'!D:MR,10,FALSE) -> #N/A
B58: =#REF! -> #REF! | D58: 5.7 | E58: =VLOOKUP(D58,'OR - GERAL'!D:MR,10,FALSE) -> #N/A
B60: =#REF! -> #REF! | D60: 5.8 | E60: =VLOOKUP(D60,'OR - GERAL'!D:MR,10,FALSE) -> #N/A
B62: =#REF! -> #REF! | D62: 5.9 | E62: =VLOOKUP(D62,'OR - GERAL'!D:MR,10,FALSE) -> #N/A
B64: =#REF! -> #REF! | D64: 5.10 | E64: =VLOOKUP(D64,'OR - GERAL'!D:MR,10,FALSE) -> #N/A
C65: 0.18 | D65: 6. | E65: =VLOOKUP(D65,'OR - GERAL'!D:MR,10,FALSE) -> DRENAGEM
B67: =#REF! -> #REF! | D67: 6.1 | E67: =VLOOKUP(D67,'OR - GERAL'!D:MR,10,FALSE) -> Drenagem
B69: =SUM(#REF!,#REF!,#REF!,#REF!,#REF!) -> #REF! | D69: 6.2 | E69: =VLOOKUP(D69,'OR - GERAL'!D:MR,10,FALSE) -> #N/A
B71: =SUM(#REF!,#REF!,#REF!) -> #REF! | D71: 6.3 | E71: =VLOOKUP(D71,'OR - GERAL'!D:MR,10,FALSE) -> #N/A
C72: =SUM(#REF!,#REF!) -> #REF!
B73: =#REF! -> #REF! | C73: =SUM(#REF!,#REF!,#REF!,#REF!,#REF!,#REF!,#REF!,#REF!,#REF!,#REF!,#REF!,#REF!,) -> #REF! | D73: 6.4 | E73: =VLOOKUP(D73,'OR - GERAL'!D:MR,10,FALSE) -> #N/A
C74: =SUM(#REF!,#REF!) -> #REF!
B75: =#REF! -> #REF! | C75: =SUM(#REF!,#REF!,#REF!,#REF!,#REF!,#REF!,#REF!,#REF!,#REF!,#REF!,#REF!,#REF!,) -> #REF! | D75: 6.5 | E75: =VLOOKUP(D75,'OR - GERAL'!D:MR,10,FALSE) -> #N/A
C76: =SUM(#REF!,#REF!) -> #REF!
B77: =#REF! -> #REF! | C77: =SUM(#REF!,#REF!,#REF!,#REF!,#REF!,#REF!,#REF!,#REF!,#REF!,#REF!,#REF!,#REF!,) -> #REF! | D77: 6.5a | E77: =VLOOKUP(D77,'OR - GERAL'!D:MR,10,FALSE) -> #N/A
B79: =#REF! -> #REF! | D79: 6.6 | E79: =VLOOKUP(D79,'OR - GERAL'!D:MR,10,FALSE) -> #N/A
B81: =#REF! -> #REF! | D81: 6.7 | E81: =VLOOKUP(D81,'OR - GERAL'!D:MR,10,FALSE) -> #N/A
B83: =#REF! -> #REF! | D83: 6.8 | E83: =VLOOKUP(D83,'OR - GERAL'!D:MR,10,FALSE) -> #N/A
B85: =#REF! -> #REF! | D85: 6.9 | E85: =VLOOKUP(D85,'OR - GERAL'!D:MR,10,FALSE) -> #N/A
B87: =#REF! -> #REF! | D87: 6.10 | E87: =VLOOKUP(D87,'OR - GERAL'!D:MR,10,FALSE) -> #N/A
B89: =#REF! -> #REF! | D89: 6.11 | E89: =VLOOKUP(D89,'OR - GERAL'!D:MR,10,FALSE) -> #N/A
C90: 0.18 | D90: 7. | E90: =VLOOKUP(D90,'OR - GERAL'!D:MR,10,FALSE) -> PISOS / PAVIMENTAÇÕES
B92: =#REF! -> #REF! | D92: 7.1 | E92: =VLOOKUP(D92,'OR - GERAL'!D:MR,10,FALSE) -> Pavimentação - Viário
B94: =#REF! -> #REF! | D94: 7.2 | E94: =VLOOKUP(D94,'OR - GERAL'!D:MR,10,FALSE) -> Ciclovia
C95: 0.18 | D95: 8. | E95: =VLOOKUP(D95,'OR - GERAL'!D:MR,10,FALSE) -> ILUMINAÇÃO PÚBLICA
B97: =#REF! -> #REF! | D97: 8.1 | E97: =VLOOKUP(D97,'OR - GERAL'!D:MR,10,FALSE) -> Iluminação Pública
B99: =#REF! -> #REF! | D99: 8.2 | E99: =VLOOKUP(D99,'OR - GERAL'!D:MR,10,FALSE) -> #N/A
C100: 0.18 | D100: 9. | E100: =VLOOKUP(D100,'OR - GERAL'!D:MR,10,FALSE) -> PAISAGISMO E VEGETAÇÃO
B102: =#REF! -> #REF! | D102: 9.1 | E102: =VLOOKUP(D102,'OR - GERAL'!D:MR,10,FALSE) -> Paisagismo
B104: =#REF! -> #REF! | D104: 9.1.2 | E104: Fornecimento de postes
B106: =#REF! -> #REF! | D106: 9.2 | E106: =VLOOKUP(D106,'OR - GERAL'!D:MR,10,FALSE) -> #N/A
B108: =#REF! -> #REF! | D108: 9.3 | E108: =VLOOKUP(D108,'OR - GERAL'!D:MR,10,FALSE) -> #N/A
B110: =#REF! -> #REF! | D110: 9.4 | E110: =VLOOKUP(D110,'OR - GERAL'!D:MR,10,FALSE) -> #N/A
B112: =#REF! -> #REF! | D112: 9.5 | E112: =VLOOKUP(D112,'OR - GERAL'!D:MR,10,FALSE) -> #N/A
C113: 0.18 | D113: 10. | E113: =VLOOKUP(D113,'OR - GERAL'!D:MR,10,FALSE) -> SINALIZAÇÃO
B115: =#REF! -> #REF! | D115: 10.1 | E115: =VLOOKUP(D115,'OR - GERAL'!D:MR,10,FALSE) -> Sinalização
B117: =#REF! -> #REF! | D117: 10.2 | E117: =VLOOKUP(D117,'OR - GERAL'!D:MR,10,FALSE) -> #N/A
B119: =#REF! -> #REF! | D119: 10.3 | E119: =VLOOKUP(D119,'OR - GERAL'!D:MR,10,FALSE) -> #N/A
B121: =#REF! -> #REF! | D121: 10.4 | E121: =VLOOKUP(D121,'OR - GERAL'!D:MR,10,FALSE) -> #N/A
B123: =#REF! -> #REF! | D123: 10.5 | E123: =VLOOKUP(D123,'OR - GERAL'!D:MR,10,FALSE) -> #N/A
B125: =#REF! -> #REF! | D125: 10.6 | E125: =VLOOKUP(D125,'OR - GERAL'!D:MR,10,FALSE) -> #N/A
B127: =#REF! -> #REF! | D127: 10.7 | E127: =VLOOKUP(D127,'OR - GERAL'!D:MR,10,FALSE) -> #N/A
B129: =#REF! -> #REF! | D129: 10.8 | E129: =VLOOKUP(D129,'OR - GERAL'!D:MR,10,FALSE) -> #N/A
B131: =#REF! -> #REF! | D131: 10.9 | E131: =VLOOKUP(D131,'OR - GERAL'!D:MR,10,FALSE) -> #N/A
B133: =#REF! -> #REF! | D133: 10.10 | E133: =VLOOKUP(D133,'OR - GERAL'!D:MR,10,FALSE) -> #N/A
C134: 0.425 | D134: 11. | E134: =VLOOKUP(D134,'OR - GERAL'!D:MR,10,FALSE) -> ARQUITETURA E URBANISMO
B136: =#REF! -> #REF! | D136: 11.1 | E136: =VLOOKUP(D136,'OR - GERAL'!D:MR,10,FALSE) -> Quadras Poliesportivas
B138: =#REF! -> #REF! | D138: 11.2 | E138: =VLOOKUP(D138,'OR - GERAL'!D:MR,10,FALSE) -> Área para academia
B140: =#REF! -> #REF! | D140: 11.3 | E140: =VLOOKUP(D140,'OR - GERAL'!D:MR,10,FALSE) -> Mobiliário urbano
C141: 0.425 | D141: 12. | E141: =VLOOKUP(D141,'OR - GERAL'!D:MR,10,FALSE) -> SERVIÇOS FINAIS
B143: =#REF! -> #REF! | D143: 12.1 | E143: =VLOOKUP(D143,'OR - GERAL'!D:MR,10,FALSE) -> Serviços complementares
C144: 0.425 | D144: 13. | E144: =VLOOKUP(D144,'OR - GERAL'!D:MR,10,FALSE) -> #N/A
B146: =#REF! -> #REF! | D146: 13.1 | E146: =VLOOKUP(D146,'OR - GERAL'!D:MR,10,FALSE) -> #N/A
B148: =#REF! -> #REF! | D148: 13.2 | E148: =VLOOKUP(D148,'OR - GERAL'!D:MR,10,FALSE) -> #N/A
B150: =#REF! -> #REF! | D150: 13.3 | E150: =VLOOKUP(D150,'OR - GERAL'!D:MR,10,FALSE) -> #N/A
B152: =#REF! -> #REF! | D152: 13.4 | E152: =VLOOKUP(D152,'OR - GERAL'!D:MR,10,FALSE) -> #N/A
B154: =#REF! -> #REF! | D154: 13.5 | E154: =VLOOKUP(D154,'OR - GERAL'!D:MR,10,FALSE) -> #N/A
C155: 0.425 | D155: 14. | E155: =VLOOKUP(D155,'OR - GERAL'!D:MR,10,FALSE) -> #N/A
B157: =#REF! -> #REF! | D157: 14.1 | E157: =VLOOKUP(D157,'OR - GERAL'!D:MR,10,FALSE) -> #N/A
B159: =#REF! -> #REF! | D159: 14.2 | E159: =VLOOKUP(D159,'OR - GERAL'!D:MR,10,FALSE) -> #N/A
C160: 0.425 | D160: 15. | E160: =VLOOKUP(D160,'OR - GERAL'!D:MR,10,FALSE) -> #N/A
B162: =SUM(#REF!,#REF!,#REF!,#REF!,#REF!) -> #REF! | D162: 15.1 | E162: =VLOOKUP(D162,'OR - GERAL'!D:MR,10,FALSE) -> #N/A
B164: =SUM(#REF!,#REF!,#REF!) -> #REF! | D164: 15.2 | E164: =VLOOKUP(D164,'OR - GERAL'!D:MR,10,FALSE) -> #N/A
C165: =SUM(#REF!,#REF!) -> #REF!
B166: =#REF! -> #REF! | C166: =SUM(#REF!,#REF!,#REF!,#REF!,#REF!,#REF!,#REF!,#REF!,#REF!,#REF!,#REF!,#REF!,) -> #REF! | D166: 15.3 | E166: =VLOOKUP(D166,'OR - GERAL'!D:MR,10,FALSE) -> #N/A
C167: =SUM(#REF!,#REF!) -> #REF!
...

Sheet CRONOGRAMA FISICO FINACEIRO
D2: CRONONOGRAMA FISICO FINANCEIRO
B3: =25+30 -> 55
B5: =35 -> 35 | D5: ID | E5: DESCRIÇÃO | F5: TOTAL CUSTO (R$) | G5: TOTAL + BDI (R$) | H5: MÊS 1 | L5: MÊS 2 | P5: MÊS 3 | T5: MÊS 4 | X5: MÊS 5 | AB5: MÊS 6 | AF5: MÊS 7 | AJ5: MÊS 8 | AN5: MÊS 9 | AR5: MÊS 10 | AV5: MÊS 11 | AZ5: MÊS 12 | BD5: MÊS 13 | BH5: MÊS 14 | BL5: MÊS 15 | BP5: MÊS 16 | BT5: MÊS 17 | BX5: MÊS 18 | CB5: MÊS 19 | CF5: MÊS 20 | CJ5: MÊS 21 | CN5: MÊS 22 | CR5: MÊS 23 | CV5: MÊS 24 | CZ5: MÊS 25 | DD5: MÊS 26 | DH5: MÊS 27 | DL5: MÊS 28 | DP5: MÊS 29 | DT5: MÊS 30
E6: ETAPA | F6: TOTAL Mês | H6: =SUMIF($D$11:$D$91,"<>",H11:K91) -> 250369.42 | L6: =SUMIF($D$11:$D$91,"<>",L11:O91) -> 250369.42 | P6: =SUMIF($D$11:$D$91,"<>",P11:S91) -> 125184.71 | T6: =SUMIF($D$11:$D$91,"<>",T11:W91) -> 284876.83 | X6: =SUMIF($D$11:$D$91,"<>",X11:AA91) -> 199409.3 | AB6: =SUMIF($D$11:$D$91,"<>",AB11:AE91) -> 526600.82 | AF6: =SUMIF($D$11:$D$91,"<>",AF11:AI91) -> 526600.82 | AJ6: =SUMIF($D$11:$D$91,"<>",AJ11:AM91) -> 526600.82 | AN6: =SUMIF($D$11:$D$91,"<>",AN11:AQ91) -> 4876951.8 | AR6: =SUMIF($D$11:$D$91,"<>",AR11:AU91) -> 4876951.8 | AV6: =SUMIF($D$11:$D$91,"<>",AV11:AY91) -> 4876951.8 | AZ6: =SUMIF($D$11:$D$91,"<>",AZ11:BC91) -> 4455050.2 | BD6: =SUMIF($D$11:$D$91,"<>",BD11:BG91) -> 4455050.2 | BH6: =SUMIF($D$11:$D$91,"<>",BH11:BK91) -> 4626577.9 | BL6: =SUMIF($D$11:$D$91,"<>",BL11:BO91) -> 276226.96 | BP6: =SUMIF($D$11:$D$91,"<>",BP11:BS91) -> 406420.46 | BT6: =SUMIF($D$11:$D$91,"<>",BT11:BW91) -> 406420.46 | BX6: =SUMIF($D$11:$D$91,"<>",BX11:CA91) -> 931759.63 | CB6: =SUMIF($D$11:$D$91,"<>",CB11:CE91) -> 931759.63 | CF6: =SUMIF($D$11:$D$91,"<>",CF11:CI91) -> 820411.18 | CJ6: =SUMIF($D$11:$D$91,"<>",CJ11:CM91) -> 1040847.7 | CN6: =SUMIF($D$11:$D$91,"<>",CN11:CQ91) -> 972231.67 | CR6: =SUMIF($D$11:$D$91,"<>",CR11:CU91) -> 1109424.5 | CV6: =SUMIF($D$11:$D$91,"<>",CV11:CY91) -> 1707456.6 | DZ6: 0.05 | EA6: =CV7-DZ6 -> -0.0067299865 | EB6: =EA6*G10 -> -265568.66
H7: =H6/$G$10 -> 0.0063448105 | L7: =L6/$G$10 -> 0.0063448105 | P7: =P6/$G$10 -> 0.0031724052 | T7: =T6/$G$10 -> 0.00721929 | X7: =X6/$G$10 -> 0.0050533895 | AB7: =AB6/$G$10 -> 0.01334501 | AF7: =AF6/$G$10 -> 0.01334501 | AJ7: =AJ6/$G$10 -> 0.01334501 | AN7: =AN6/$G$10 -> 0.12359071 | AR7: =AR6/$G$10 -> 0.12359071 | AV7: =AV6/$G$10 -> 0.12359071 | AZ7: =AZ6/$G$10 -> 0.11289897 | BD7: =BD6/$G$10 -> 0.11289897 | BH7: =BH6/$G$10 -> 0.11724579 | BL7: =BL6/$G$10 -> 0.0070000868 | BP7: =BP6/$G$10 -> 0.010299424 | BT7: =BT6/$G$10 -> 0.010299424 | BX7: =BX6/$G$10 -> 0.023612461 | CB7: =CB6/$G$10 -> 0.023612461 | CF7: =CF6/$G$10 -> 0.020790692 | CJ7: =CJ6/$G$10 -> 0.026376948 | CN7: =CN6/$G$10 -> 0.024638095 | CR7: =CR6/$G$10 -> 0.028114809 | CV7: =CV6/$G$10 -> 0.043270014 | DY7: =CV7+CN7+CR7 -> 0.096022918 | DZ7: 0.1 | EA7: =DY7-DZ7 -> -0.0039770824
G8: =SUM('OR - GERAL'!Y191:AB191) -> 0.035
C9: =C10-F10 -> #REF! | F9: TOTAL ACUMULADO | H9: =H6 -> 250369.42 | L9: =L6+H9 -> 500738.85 | P9: =P6+L9 -> 625923.56 | T9: =T6+P9 -> 910800.38 | X9: =X6+T9 -> 1110209.7 | AB9: =AB6+X9 -> 1636810.5 | AF9: =AF6+AB9 -> 2163411.3 | AJ9: =AJ6+AF9 -> 2690012.1 | AN9: =AN6+AJ9 -> 7566963.9 | AR9: =AR6+AN9 -> 12443916 | AV9: =AV6+AR9 -> 17320867 | AZ9: =AZ6+AV9 -> 21775918 | BD9: =BD6+AZ9 -> 26230968 | BH9: =BH6+BD9 -> 30857546 | BL9: =BL6+BH9 -> 31133773 | BP9: =BP6+BL9 -> 31540193 | BT9: =BT6+BP9 -> 31946614 | BX9: =BX6+BT9 -> 32878373 | CB9: =CB6+BX9 -> 33810133 | CF9: =CF6+CB9 -> 34630544 | CJ9: =CJ6+CF9 -> 35671392 | CN9: =CN6+CJ9 -> 36643623 | CR9: =CR6+CN9 -> 37753048 | CV9: =CV6+CR9 -> 39460505 | DZ9: =CV9=G10 -> TRUE
C10: =#REF! -> #REF! | F10: =SUM(F11:F91) -> 38126091 | G10: =SUM(G11:G91) -> 39460505 | H10: =H9/$G$10 -> 0.0063448105 | L10: =L9/$G$10 -> 0.012689621 | P10: =P9/$G$10 -> 0.015862026 | T10: =T9/$G$10 -> 0.023081316 | X10: =X9/$G$10 -> 0.028134706 | AB10: =AB9/$G$10 -> 0.041479715 | AF10: =AF9/$G$10 -> 0.054824725 | AJ10: =AJ9/$G$10 -> 0.068169735 | AN10: =AN9/$G$10 -> 0.19176044 | AR10: =AR9/$G$10 -> 0.31535115 | AV10: =AV9/$G$10 -> 0.43894186 | AZ10: =AZ9/$G$10 -> 0.55184083 | BD10: =BD9/$G$10 -> 0.6647398 | BH10: =BH9/$G$10 -> 0.78198559 | BL10: =BL9/$G$10 -> 0.78898567 | BP10: =BP9/$G$10 -> 0.7992851 | BT10: =BT9/$G$10 -> 0.80958452 | BX10: =BX9/$G$10 -> 0.83319698 | CB10: =CB9/$G$10 -> 0.85680944 | CF10: =CF9/$G$10 -> 0.87760013 | CJ10: =CJ9/$G$10 -> 0.90397708 | CN10: =CN9/$G$10 -> 0.92861518 | CR10: =CR9/$G$10 -> 0.95672999 | CV10: =CV9/$G$10 -> 1 | DZ10: =G10-CV9 -> 0
D11: 1. | E11: =VLOOKUP(D11,'OR - GERAL'!D:MR,10,FALSE) -> PROJETOS E LEVANTAMENTOS
D13: 1.1 | E13: =VLOOKUP(D13,'OR - GERAL'!D:MR,10,FALSE) -> Elaboração de projetos | F13: =VLOOKUP(D13,'OR - GERAL'!D:AH,28,FALSE) -> 455611.46 | G13: =(F13*$F$8)+(F13*$G$8)+F13 -> 471557.86 | H13: =H14*$G$13 -> 188623.14 | L13: =L14*$G$13 -> 188623.14 | P13: =P14*$G$13 -> 94311.572 | T13: =T14*$G$13 -> 0 | X13: =X14*$G$13 -> 0 | AB13: =AB14*$G$13 -> 0 | AF13: =AF14*$G$13 -> 0 | AJ13: =AJ14*$G$13 -> 0 | AN13: =AN14*$G$13 -> 0 | AR13: =AR14*$G$13 -> 0 | AV13: =AV14*$G$13 -> 0 | AZ13: =AZ14*$G$13 -> 0 | BD13: =BD14*$G$13 -> 0 | BH13: =BH14*$G$13 -> 0 | BL13: =BL14*$G$13 -> 0 | BP13: =BP14*$G$13 -> 0 | BT13: =BT14*$G$13 -> 0 | BX13: =BX14*$G$13 -> 0 | CB13: =CB14*$G$13 -> 0 | CF13: =CF14*$G$13 -> 0 | CJ13: =CJ14*$G$13 -> 0 | CN13: =CN14*$G$13 -> 0 | CR13: =CR14*$G$13 -> 0 | CV13: =CV14*$G$13 -> 0 | DY13: =SUM(H13:DW13) -> 471557.86 | DZ13: =DY13=G13 -> TRUE
H14: 0.4 | L14: 0.4 | P14: 0.2
D16: 1.2 | E16: =VLOOKUP(D16,'OR - GERAL'!D:MR,10,FALSE) -> Levantamentos, Sondagens e ensaios | F16: =VLOOKUP(D16,'OR - GERAL'!D:AH,28,FALSE) -> 149145.6 | G16: =(F16*$F$8)+(F16*$G$8)+F16 -> 154365.7 | H16: =H17*$G$16 -> 61746.278 | L16: =L17*$G$16 -> 61746.278 | P16: =P17*$G$16 -> 30873.139 | T16: =T17*$G$16 -> 0 | X16: =X17*$G$16 -> 0 | AB16: =AB17*$G$16 -> 0 | AF16: =AF17*$G$16 -> 0 | AJ16: =AJ17*$G$16 -> 0 | AN16: =AN17*$G$16 -> 0 | AR16: =AR17*$G$16 -> 0 | AV16: =AV17*$G$16 -> 0 | AZ16: =AZ17*$G$16 -> 0 | BD16: =BD17*$G$16 -> 0 | BH16: =BH17*$G$16 -> 0 | BL16: =BL17*$G$16 -> 0 | BP16: =BP17*$G$16 -> 0 | BT16: =BT17*$G$16 -> 0 | BX16: =BX17*$G$16 -> 0 | CB16: =CB17*$G$16 -> 0 | CF16: =CF17*$G$16 -> 0 | CJ16: =CJ17*$G$16 -> 0 | CN16: =CN17*$G$16 -> 0 | CR16: =CR17*$G$16 -> 0 | CV16: =CV17*$G$16 -> 0 | DY16: =SUM(H16:DW16) -> 154365.7 | DZ16: =DY16=G16 -> TRUE
H17: 0.4 | L17: 0.4 | P17: 0.2
D18: 2. | E18: =VLOOKUP(D18,'OR - GERAL'!D:MR,10,FALSE) -> ADMNISTRAÇÃO LOCAL
D20: 2.1 | E20: =VLOOKUP(D20,'OR - GERAL'!D:MR,10,FALSE) -> Administração local | F20: =VLOOKUP(D20,'OR - GERAL'!D:AH,28,FALSE) -> 1981353.2 | G20: =(F20*$F$8)+(F20*$G$8)+F20 -> 2050700.6 | H20: =H21*$G$20 -> 0 | L20: =L21*$G$20 -> 0 | P20: =P21*$G$20 -> 0 | T20: =T21*$G$20 -> 97652.41 | X20: =X21*$G$20 -> 97652.41 | AB20: =AB21*$G$20 -> 97652.41 | AF20: =AF21*$G$20 -> 97652.41 | AJ20: =AJ21*$G$20 -> 97652.41 | AN20: =AN21*$G$20 -> 97652.41 | AR20: =AR21*$G$20 -> 97652.41 | AV20: =AV21*$G$20 -> 97652.41 | AZ20: =AZ21*$G$20 -> 97652.41 | BD20: =BD21*$G$20 -> 97652.41 | BH20: =BH21*$G$20 -> 97652.41 | BL20: =BL21*$G$20 -> 97652.41 | BP20: =BP21*$G$20 -> 97652.41 | BT20: =BT21*$G$20 -> 97652.41 | BX20: =BX21*$G$20 -> 97652.41 | CB20: =CB21*$G$20 -> 97652.41 | CF20: =CF21*$G$20 -> 97652.41 | CJ20: =CJ21*$G$20 -> 97652.41 | CN20: =CN21*$G$20 -> 97652.41 | CR20: =CR21*$G$20 -> 97652.41 | CV20: =CV21*$G$20 -> 97652.41 | DY20: =SUM(H20:DW20) -> 2050700.6 | DZ20: =DY20=G20 -> TRUE | EA20: =DY20-G20 -> 0
T21: =1/21 -> 0.047619048 | X21: =1/21 -> 0.047619048 | AB21: =1/21 -> 0.047619048 | AF21: =1/21 -> 0.047619048 | AJ21: =1/21 -> 0.047619048 | AN21: =1/21 -> 0.047619048 | AR21: =1/21 -> 0.047619048 | AV21: =1/21 -> 0.047619048 | AZ21: =1/21 -> 0.047619048 | BD21: =1/21 -> 0.047619048 | BH21: =1/21 -> 0.047619048 | BL21: =1/21 -> 0.047619048 | BP21: =1/21 -> 0.047619048 | BT21: =1/21 -> 0.047619048 | BX21: =1/21 -> 0.047619048 | CB21: =1/21 -> 0.047619048 | CF21: =1/21 -> 0.047619048 | CJ21: =1/21 -> 0.047619048 | CN21: =1/21 -> 0.047619048 | CR21: =1/21 -> 0.047619048 | CV21: =1/21 -> 0.047619048
D22: 3. | E22: =VLOOKUP(D22,'OR - GERAL'!D:MR,10,FALSE) -> SERVIÇOS PRELIMINARES
D24: 3.1 | E24: =VLOOKUP(D24,'OR - GERAL'!D:MR,10,FALSE) -> Canteiro de obras | F24: =VLOOKUP(D24,'OR - GERAL'!D:AH,28,FALSE) -> 142979.96 | G24: =(F24*$F$8)+(F24*$G$8)+F24 -> 147984.26 | H24: =H25*$G$24 -> 0 | L24: =L25*$G$24 -> 0 | P24: =P25*$G$24 -> 0 | T24: =T25*$G$24 -> 7046.8695 | X24: =X25*$G$24 -> 7046.8695 | AB24: =AB25*$G$24 -> 7046.8695 | AF24: =AF25*$G$24 -> 7046.8695 | AJ24: =AJ25*$G$24 -> 7046.8695 | AN24: =AN25*$G$24 -> 7046.8695 | AR24: =AR25*$G$24 -> 7046.8695 | AV24: =AV25*$G$24 -> 7046.8695 | AZ24: =AZ25*$G$24 -> 7046.8695 | BD24: =BD25*$G$24 -> 7046.8695 | BH24: =BH25*$G$24 -> 7046.8695 | BL24: =BL25*$G$24 -> 7046.8695 | BP24: =BP25*$G$24 -> 7046.8695 | BT24: =BT25*$G$24 -> 7046.8695 | BX24: =BX25*$G$24 -> 7046.8695 | CB24: =CB25*$G$24 -> 7046.8695 | CF24: =CF25*$G$24 -> 7046.8695 | CJ24: =CJ25*$G$24 -> 7046.8695 | CN24: =CN25*$G$24 -> 7046.8695 | CR24: =CR25*$G$24 -> 7046.8695 | CV24: =CV25*$G$24 -> 7046.8695 | DY24: =SUM(H24:DW24) -> 147984.26 | DZ24: =DY24=G24 -> TRUE
T25: =1/21 -> 0.047619048 | X25: =1/21 -> 0.047619048 | AB25: =1/21 -> 0.047619048 | AF25: =1/21 -> 0.047619048 | AJ25: =1/21 -> 0.047619048 | AN25: =1/21 -> 0.047619048 | AR25: =1/21 -> 0.047619048 | AV25: =1/21 -> 0.047619048 | AZ25: =1/21 -> 0.047619048 | BD25: =1/21 -> 0.047619048 | BH25: =1/21 -> 0.047619048 | BL25: =1/21 -> 0.047619048 | BP25: =1/21 -> 0.047619048 | BT25: =1/21 -> 0.047619048 | BX25: =1/21 -> 0.047619048 | CB25: =1/21 -> 0.047619048 | CF25: =1/21 -> 0.047619048 | CJ25: =1/21 -> 0.047619048 | CN25: =1/21 -> 0.047619048 | CR25: =1/21 -> 0.047619048 | CV25: =1/21 -> 0.047619048
D27: 3.2 | E27: =VLOOKUP(D27,'OR - GERAL'!D:MR,10,FALSE) -> Mobilizações e desmobilizações | F27: =VLOOKUP(D27,'OR - GERAL'!D:AH,28,FALSE) -> 165154.64 | G27: =(F27*$F$8)+(F27*$G$8)+F27 -> 170935.05 | H27: =H28*$G$27 -> 0 | L27: =L28*$G$27 -> 0 | P27: =P28*$G$27 -> 0 | T27: =T28*$G$27 -> 85467.526 | X27: =X28*$G$27 -> 0 | AB27: =AB28*$G$27 -> 0 | AF27: =AF28*$G$27 -> 0 | AJ27: =AJ28*$G$27 -> 0 | AN27: =AN28*$G$27 -> 0 | AR27: =AR28*$G$27 -> 0 | AV27: =AV28*$G$27 -> 0 | AZ27: =AZ28*$G$27 -> 0 | BD27: =BD28*$G$27 -> 0 | BH27: =BH28*$G$27 -> 0 | BL27: =BL28*$G$27 -> 0 | BP27: =BP28*$G$27 -> 0 | BT27: =BT28*$G$27 -> 0 | BX27: =BX28*$G$27 -> 0 | CB27: =CB28*$G$27 -> 0 | CF27: =CF28*$G$27 -> 0 | CJ27: =CJ28*$G$27 -> 0 | CN27: =CN28*$G$27 -> 0 | CR27: =CR28*$G$27 -> 0 | CV27: =CV28*$G$27 -> 85467.526 | DY27: =SUM(H27:DW27) -> 170935.05 | DZ27: =DY27=G27 -> TRUE
T28: 0.5 | CV28: 0.5
C29: 0.25 | D29: 4. | E29: =VLOOKUP(D29,'OR - GERAL'!D:MR,10,FALSE) -> TERRAPLENAGEM
B31: =#REF! -> #REF! | D31: 4.1 | E31: =VLOOKUP(D31,'OR - GERAL'!D:MR,10,FALSE) -> Limpeza do terreno | F31: =VLOOKUP(D31,'OR - GERAL'!D:AH,28,FALSE) -> 183014.53 | G31: =(F31*$F$8)+(F31*$G$8)+F31 -> 189420.04 | H31: =H32*$G$31 -> 0 | L31: =L32*$G$31 -> 0 | P31: =P32*$G$31 -> 0 | T31: =T32*$G$31 -> 94710.019 | X31: =X32*$G$31 -> 94710.019 | AB31: =AB32*$G$31 -> 0 | AF31: =AF32*$G$31 -> 0 | AJ31: =AJ32*$G$31 -> 0 | AN31: =AN32*$G$31 -> 0 | AR31: =AR32*$G$31 -> 0 | AV31: =AV32*$G$31 -> 0 | AZ31: =AZ32*$G$31 -> 0 | BD31: =BD32*$G$31 -> 0 | BH31: =BH32*$G$31 -> 0 | BL31: =BL32*$G$31 -> 0 | BP31: =BP32*$G$31 -> 0 | BT31: =BT32*$G$31 -> 0 | BX31: =BX32*$G$31 -> 0 | CB31: =CB32*$G$31 -> 0 | CF31: =CF32*$G$31 -> 0 | CJ31: =CJ32*$G$31 -> 0 | CN31: =CN32*$G$31 -> 0 | CR31: =CR32*$G$31 -> 0 | CV31: =CV32*$G$31 -> 0 | DY31: =SUM(H31:DW31) -> 189420.04 | DZ31: =DY31=G31 -> TRUE
T32: 0.5 | X32: 0.5
B34: =SUM(#REF!,#REF!,#REF!,#REF!,#REF!) -> #REF! | D34: 4.2 | E34: =VLOOKUP(D34,'OR - GERAL'!D:MR,10,FALSE) -> Terraplenagem | F34: =VLOOKUP(D34,'OR - GERAL'!D:AH,28,FALSE) -> 2445806 | G34: =(F34*$F$8)+(F34*$G$8)+F34 -> 2531409.2 | H34: =H35*$G$34 -> 0 | L34: =L35*$G$34 -> 0 | P34: =P35*$G$34 -> 0 | T34: =T35*$G$34 -> 0 | X34: =X35*$G$34 -> 0 | AB34: =AB35*$G$34 -> 421901.54 | AF34: =AF35*$G$34 -> 421901.54 | AJ34: =AJ35*$G$34 -> 421901.54 | AN34: =AN35*$G$34 -> 421901.54 | AR34: =AR35*$G$34 -> 421901.54 | AV34: =AV35*$G$34 -> 421901.54 | AZ34: =AZ35*$G$34 -> 0 | BD34: =BD35*$G$34 -> 0 | BH34: =BH35*$G$34 -> 0 | BL34: =BL35*$G$34 -> 0 | BP34: =BP35*$G$34 -> 0 | BT34: =BT35*$G$34 -> 0 | BX34: =BX35*$G$34 -> 0 | CB34: =CB35*$G$34 -> 0 | CF34: =CF35*$G$34 -> 0 | CJ34: =CJ35*$G$34 -> 0 | CN34: =CN35*$G$34 -> 0 | CR34: =CR35*$G$34 -> 0 | CV34: =CV35*$G$34 -> 0 | DY34: =SUM(H34:DW34) -> 2531409.2 | DZ34: =DY34=G34 -> TRUE
AB35: =1/6 -> 0.16666667 | AF35: =1/6 -> 0.16666667 | AJ35: =1/6 -> 0.16666667 | AN35: =1/6 -> 0.16666667 | AR35: =1/6 -> 0.16666667 | AV35: =1/6 -> 0.16666667
C36: 0.25 | D36: 5. | E36: =VLOOKUP(D36,'OR - GERAL'!D:MR,10,FALSE) -> ENROCAMENTO/ATERRO
B38: =SUM(#REF!,#REF!,#REF!) -> #REF! | D38: 5.1 | E38: =VLOOKUP(D38,'OR - GERAL'!D:MR,10,FALSE) -> Enrocamento | F38: =VLOOKUP(D38,'OR - GERAL'!D:AH,28,FALSE) -> 25219426 | G38: =(F38*$F$8)+(F38*$G$8)+F38 -> 26102106 | H38: =H39*$G$38 -> 0 | L38: =L39*$G$38 -> 0 | P38: =P39*$G$38 -> 0 | T38: =T39*$G$38 -> 0 | X38: =X39*$G$38 -> 0 | AB38: =AB39*$G$38 -> 0 | AF38: =AF39*$G$38 -> 0 | AJ38: =AJ39*$G$38 -> 0 | AN38: =AN39*$G$38 -> 4350351 | AR38: =AR39*$G$38 -> 4350351 | AV38: =AV39*$G$38 -> 4350351 | AZ38: =AZ39*$G$38 -> 4350351 | BD38: =BD39*$G$38 -> 4350351 | BH38: =BH39*$G$38 -> 4350351 | BL38: =BL39*$G$38 -> 0 | BP38: =BP39*$G$38 -> 0 | BT38: =BT39*$G$38 -> 0 | BX38: =BX39*$G$38 -> 0 | CB38: =CB39*$G$38 -> 0 | CF38: =CF39*$G$38 -> 0 | CJ38: =CJ39*$G$38 -> 0 | CN38: =CN39*$G$38 -> 0 | CR38: =CR39*$G$38 -> 0 | CV38: =CV39*$G$38 -> 0 | DY38: =SUM(H38:DW38) -> 26102106 | DZ38: =DY38=G38 -> TRUE
AN39: =1/6 -> 0.16666667 | AR39: =1/6 -> 0.16666667 | AV39: =1/6 -> 0.16666667 | AZ39: =1/6 -> 0.16666667 | BD39: =1/6 -> 0.16666667 | BH39: =1/6 -> 0.16666667
C40: 0.18 | D40: 6. | E40: =VLOOKUP(D40,'OR - GERAL'!D:MR,10,FALSE) -> DRENAGEM
E41: =VLOOKUP(D42,'OR - GERAL'!D:MR,10,FALSE) -> Drenagem
B42: =#REF! -> #REF! | D42: 6.1 | F42: =VLOOKUP(D42,'OR - GERAL'!D:AH,28,FALSE) -> 331454.45 | G42: =(F42*$F$8)+(F42*$G$8)+F42 -> 343055.36 | H42: =H43*$G$42 -> 0 | L42: =L43*$G$42 -> 0 | P42: =P43*$G$42 -> 0 | T42: =T43*$G$42 -> 0 | X42: =X43*$G$42 -> 0 | AB42: =AB43*$G$42 -> 0 | AF42: =AF43*$G$42 -> 0 | AJ42: =AJ43*$G$42 -> 0 | AN42: =AN43*$G$42 -> 0 | AR42: =AR43*$G$42 -> 0 | AV42: =AV43*$G$42 -> 0 | AZ42: =AZ43*$G$42 -> 0 | BD42: =BD43*$G$42 -> 0 | BH42: =BH43*$G$42 -> 171527.68 | BL42: =BL43*$G$42 -> 171527.68 | BP42: =BP43*$G$42 -> 0 | BT42: =BT43*$G$42 -> 0 | BX42: =BX43*$G$42 -> 0 | CB42: =CB43*$G$42 -> 0 | CF42: =CF43*$G$42 -> 0 | CJ42: =CJ43*$G$42 -> 0 | CN42: =CN43*$G$42 -> 0 | CR42: =CR43*$G$42 -> 0 | CV42: =CV43*$G$42 -> 0 | DY42: =SUM(H42:DW42) -> 343055.36 | DZ42: =DY42=G42 -> TRUE
BH43: 0.5 | BL43: 0.5
C44: 0.18 | D44: 7. | E44: =VLOOKUP(D44,'OR - GERAL'!D:MR,10,FALSE) -> PISOS / PAVIMENTAÇÕES
E45: =VLOOKUP(D46,'OR - GERAL'!D:MR,10,FALSE) -> Pavimentação - Viário
B46: =#REF! -> #REF! | D46: 7.1 | F46: =VLOOKUP(D46,'OR - GERAL'!D:AH,28,FALSE) -> 904560.49 | G46: =(F46*$F$8)+(F46*$G$8)+F46 -> 936220.11 | H46: =H47*$G46 -> 0 | L46: =L47*$G46 -> 0 | P46: =P47*$G46 -> 0 | T46: =T47*$G46 -> 0 | X46: =X47*$G46 -> 0 | AB46: =AB47*$G46 -> 0 | AF46: =AF47*$G46 -> 0 | AJ46: =AJ47*$G46 -> 0 | AN46: =AN47*$G46 -> 0 | AR46: =AR47*$G46 -> 0 | AV46: =AV47*$G46 -> 0 | AZ46: =AZ47*$G46 -> 0 | BD46: =BD47*$G46 -> 0 | BH46: =BH47*$G46 -> 0 | BL46: =BL47*$G46 -> 0 | BP46: =BP47*$G46 -> 234055.03 | BT46: =BT47*$G46 -> 234055.03 | BX46: =BX47*$G46 -> 234055.03 | CB46: =CB47*$G46 -> 234055.03 | CF46: =CF47*$G46 -> 0 | CJ46: =CJ47*$G46 -> 0 | CN46: =CN47*$G46 -> 0 | CR46: =CR47*$G46 -> 0 | CV46: =CV47*$G46 -> 0 | DY46: =SUM(H46:DW46) -> 936220.11 | DZ46: =DY46=G46 -> TRUE
BP47: =1/4 -> 0.25 | BT47: =1/4 -> 0.25 | BX47: =1/4 -> 0.25 | CB47: =1/4 -> 0.25
E48: =VLOOKUP(D49,'OR - GERAL'!D:MR,10,FALSE) -> Ciclovia
B49: =#REF! -> #REF! | D49: 7.2 | F49: =VLOOKUP(D49,'OR - GERAL'!D:AH,28,FALSE) -> 261511.69 | G49: =(F49*$F$8)+(F49*$G$8)+F49 -> 270664.6 | H49: =H50*$G49 -> 0 | L49: =L50*$G49 -> 0 | P49: =P50*$G49 -> 0 | T49: =T50*$G49 -> 0 | X49: =X50*$G49 -> 0 | AB49: =AB50*$G49 -> 0 | AF49: =AF50*$G49 -> 0 | AJ49: =AJ50*$G49 -> 0 | AN49: =AN50*$G49 -> 0 | AR49: =AR50*$G49 -> 0 | AV49: =AV50*$G49 -> 0 | AZ49: =AZ50*$G49 -> 0 | BD49: =BD50*$G49 -> 0 | BH49: =BH50*$G49 -> 0 | BL49: =BL50*$G49 -> 0 | BP49: =BP50*$G49 -> 67666.15 | BT49: =BT50*$G49 -> 67666.15 | BX49: =BX50*$G49 -> 67666.15 | CB49: =CB50*$G49 -> 67666.15 | CF49: =CF50*$G49 -> 0 | CJ49: =CJ50*$G49 -> 0 | CN49: =CN50*$G49 -> 0 | CR49: =CR50*$G49 -> 0 | CV49: =CV50*$G49 -> 0 | DY49: =SUM(H49:DW49) -> 270664.6 | DZ49: =DY49=G49 -> TRUE
BP50: =1/4 -> 0.25 | BT50: =1/4 -> 0.25 | BX50: =1/4 -> 0.25 | CB50: =1/4 -> 0.25
B52: =#REF! -> #REF! | D52: 7.3 | E52: =VLOOKUP(D52,'OR - GERAL'!D:MR,10,FALSE) -> Calçadas e demais áreas | F52: =VLOOKUP(D52,'OR - GERAL'!D:AH,28,FALSE) -> 2537870.4 | G52: =(F52*$F$8)+(F52*$G$8)+F52 -> 2626695.9 | H52: =H53*$G52 -> 0 | L52: =L53*$G52 -> 0 | P52: =P53*$G52 -> 0 | T52: =T53*$G52 -> 0 | X52: =X53*$G52 -> 0 | AB52: =AB53*$G52 -> 0 | AF52: =AF53*$G52 -> 0 | AJ52: =AJ53*$G52 -> 0 | AN52: =AN53*$G52 -> 0 | AR52: =AR53*$G52 -> 0 | AV52: =AV53*$G52 -> 0 | AZ52: =AZ53*$G52 -> 0 | BD52: =BD53*$G52 -> 0 | BH52: =BH53*$G52 -> 0 | BL52: =BL53*$G52 -> 0 | BP52: =BP53*$G52 -> 0 | BT52: =BT53*$G52 -> 0 | BX52: =BX53*$G52 -> 525339.17 | CB52: =CB53*$G52 -> 525339.17 | CF52: =CF53*$G52 -> 525339.17 | CJ52: =CJ53*$G52 -> 525339.17 | CN52: =CN53*$G52 -> 525339.17 | CR52: =CR53*$G52 -> 0 | CV52: =CV53*$G52 -> 0 | DY52: =SUM(H52:DW52) -> 2626695.9 | DZ52: =DY52=G52 -> TRUE
BX53: 0.2 | CB53: 0.2 | CF53: 0.2 | CJ53: 0.2 | CN53: 0.2
B55: =#REF! -> #REF! | D55: 7.4 | E55: =VLOOKUP(D55,'OR - GERAL'!D:MR,10,FALSE) -> Guias e Sarjetas | F55: =VLOOKUP(D55,'OR - GERAL'!D:AH,28,FALSE) -> 310310.83 | G55: =(F55*$F$8)+(F55*$G$8)+F55 -> 321171.71 | H55: =H56*$G55 -> 0 | L55: =L56*$G55 -> 0 | P55: =P56*$G55 -> 0 | T55: =T56*$G55 -> 0 | X55: =X56*$G55 -> 0 | AB55: =AB56*$G55 -> 0 | AF55: =AF56*$G55 -> 0 | AJ55: =AJ56*$G55 -> 0 | AN55: =AN56*$G55 -> 0 | AR55: =AR56*$G55 -> 0 | AV55: =AV56*$G55 -> 0 | AZ55: =AZ56*$G55 -> 0 | BD55: =BD56*$G55 -> 0 | BH55: =BH56*$G55 -> 0 | BL55: =BL56*$G55 -> 0 | BP55: =BP56*$G55 -> 0 | BT55: =BT56*$G55 -> 0 | BX55: =BX56*$G55 -> 0 | CB55: =CB56*$G55 -> 0 | CF55: =CF56*$G55 -> 160585.85 | CJ55: =CJ56*$G55 -> 160585.85 | CN55: =CN56*$G55 -> 0 | CR55: =CR56*$G55 -> 0 | CV55: =CV56*$G55 -> 0 | DY55: =SUM(H55:DW55) -> 321171.71 | DZ55: =DY55=G55 -> TRUE
CF56: 0.5 | CJ56: 0.5
C57: 0.18 | D57: 8. | E57: =VLOOKUP(D57,'OR - GERAL'!D:MR,10,FALSE) -> ILUMINAÇÃO PÚBLICA
B59: =#REF! -> #REF! | D59: 8.1 | E59: =VLOOKUP(D59,'OR - GERAL'!D:MR,10,FALSE) -> Iluminação Pública | F59: =VLOOKUP(D59,'OR - GERAL'!D:AH,28,FALSE) -> 710526.47 | G59: =(F59*$F$8)+(F59*$G$8)+F59 -> 735394.9 | H59: =H60*$G59 -> 0 | L59: =L60*$G59 -> 0 | P59: =P60*$G59 -> 0 | T59: =T60*$G59 -> 0 | X59: =X60*$G59 -> 0 | AB59: =AB60*$G59 -> 0 | AF59: =AF60*$G59 -> 0 | AJ59: =AJ60*$G59 -> 0 | AN59: =AN60*$G59 -> 0 | AR59: =AR60*$G59 -> 0 | AV59: =AV60*$G59 -> 0 | AZ59: =AZ60*$G59 -> 0 | BD59: =BD60*$G59 -> 0 | BH59: =BH60*$G59 -> 0 | BL59: =BL60*$G59 -> 0 | BP59: =BP60*$G59 -> 0 | BT59: =BT60*$G59 -> 0 | BX59: =BX60*$G59 -> 0 | CB59: =CB60*$G59 -> 0 | CF59: =CF60*$G59 -> 0 | CJ59: =CJ60*$G59 -> 0 | CN59: =CN60*$G59 -> 147078.98 | CR59: =CR60*$G59 -> 220618.47 | CV59: =CV60*$G59 -> 367697.45 | DY59: =SUM(H59:DW59) -> 735394.9 | DZ59: =DY59=G59 -> TRUE
CN60: 0.2 | CR60: 0.3 | CV60: 0.5
C61: 0.18 | D61: 9. | E61: =VLOOKUP(D61,'OR - GERAL'!D:MR,10,FALSE) -> PAISAGISMO E VEGETAÇÃO
B63: =#REF! -> #REF! | D63: 9.1 | E63: =VLOOKUP(D63,'OR - GERAL'!D:MR,10,FALSE) -> Paisagismo | F63: =VLOOKUP(D63,'OR - GERAL'!D:AH,28,FALSE) -> 90705.73 | G63: =(F63*$F$8)+(F63*$G$8)+F63 -> 93880.431 | H63: =H64*$G63 -> 0 | L63: =L64*$G63 -> 0 | P63: =P64*$G63 -> 0 | T63: =T64*$G63 -> 0 | X63: =X64*$G63 -> 0 | AB63: =AB64*$G63 -> 0 | AF63: =AF64*$G63 -> 0 | AJ63: =AJ64*$G63 -> 0 | AN63: =AN64*$G63 -> 0 | AR63: =AR64*$G63 -> 0 | AV63: =AV64*$G63 -> 0 | AZ63: =AZ64*$G63 -> 0 | BD63: =BD64*$G63 -> 0 | BH63: =BH64*$G63 -> 0 | BL63: =BL64*$G63 -> 0 | BP63: =BP64*$G63 -> 0 | BT63: =BT64*$G63 -> 0 | BX63: =BX64*$G63 -> 0 | CB63: =CB64*$G63 -> 0 | CF63: =CF64*$G63 -> 0 | CJ63: =CJ64*$G63 -> 0 | CN63: =CN64*$G63 -> 0 | CR63: =CR64*$G63 -> 28164.129 | CV63: =CV64*$G63 -> 65716.301 | DY63: =SUM(H63:DW63) -> 93880.431 | DZ63: =DY63=G63 -> TRUE
CR64: 0.3 | CV64: 0.7
C65: 0.18 | D65: 10. | E65: =VLOOKUP(D65,'OR - GERAL'!D:MR,10,FALSE) -> SINALIZAÇÃO
B67: =#REF! -> #REF! | D67: 10.1 | E67: =VLOOKUP(D67,'OR - GERAL'!D:MR,10,FALSE) -> Sinalização | F67: =VLOOKUP(D67,'OR - GERAL'!D:AH,28,FALSE) -> 73007.66 | G67: =(F67*$F$8)+(F67*$G$8)+F67 -> 75562.928 | H67: =H68*$G67 -> 0 | L67: =L68*$G67 -> 0 | P67: =P68*$G67 -> 0 | T67: =T68*$G67 -> 0 | X67: =X68*$G67 -> 0 | AB67: =AB68*$G67 -> 0 | AF67: =AF68*$G67 -> 0 | AJ67: =AJ68*$G67 -> 0 | AN67: =AN68*$G67 -> 0 | AR67: =AR68*$G67 -> 0 | AV67: =AV68*$G67 -> 0 | AZ67: =AZ68*$G67 -> 0 | BD67: =BD68*$G67 -> 0 | BH67: =BH68*$G67 -> 0 | BL67: =BL68*$G67 -> 0 | BP67: =BP68*$G67 -> 0 | BT67: =BT68*$G67 -> 0 | BX67: =BX68*$G67 -> 0 | CB67: =CB68*$G67 -> 0 | CF67: =CF68*$G67 -> 0 | CJ67: =CJ68*$G67 -> 0 | CN67: =CN68*$G67 -> 0 | CR67: =CR68*$G67 -> 30225.171 | CV67: =CV68*$G67 -> 45337.757 | DY67: =SUM(H67:DW67) -> 75562.928 | DZ67: =DY67=G67 -> TRUE
CR68: 0.4 | CV68: 0.6
C69: 0.425 | D69: 11. | E69: =VLOOKUP(D69,'OR - GERAL'!D:MR,10,FALSE) -> ARQUITETURA E URBANISMO
E70: =VLOOKUP(D71,'OR - GERAL'!D:MR,10,FALSE) -> Quadras Poliesportivas
B71: =#REF! -> #REF! | D71: 11.1 | F71: =VLOOKUP(D71,'OR - GERAL'!D:AH,28,FALSE) -> 532455.26 | G71: =(F71*$F$8)+(F71*$G$8)+F71 -> 551091.19 | H71: =H72*$G71 -> 0 | L71: =L72*$G71 -> 0 | P71: =P72*$G71 -> 0 | T71: =T72*$G71 -> 0 | X71: =X72*$G71 -> 0 | AB71: =AB72*$G71 -> 0 | AF71: =AF72*$G71 -> 0 | AJ71: =AJ72*$G71 -> 0 | AN71: =AN72*$G71 -> 0 | AR71: =AR72*$G71 -> 0 | AV71: =AV72*$G71 -> 0 | AZ71: =AZ72*$G71 -> 0 | BD71: =BD72*$G71 -> 0 | BH71: =BH72*$G71 -> 0 | BL71: =BL72*$G71 -> 0 | BP71: =BP72*$G71 -> 0 | BT71: =BT72*$G71 -> 0 | BX71: =BX72*$G71 -> 0 | CB71: =CB72*$G71 -> 0 | CF71: =CF72*$G71 -> 0 | CJ71: =CJ72*$G71 -> 220436.48 | CN71: =CN72*$G71 -> 165327.36 | CR71: =CR72*$G71 -> 165327.36 | CV71: =CV72*$G71 -> 0 | DY71: =SUM(H71:DW71) -> 551091.19 | DZ71: =DY71=G71 -> TRUE
CJ72: 0.4 | CN72: 0.3 | CR72: 0.3
E73: =VLOOKUP(D74,'OR - GERAL'!D:MR,10,FALSE) -> Área para academia
B74: =#REF! -> #REF! | D74: 11.2 | F74: =VLOOKUP(D74,'OR - GERAL'!D:AH,28,FALSE) -> 84381.55 | G74: =(F74*$F$8)+(F74*$G$8)+F74 -> 87334.904 | H74: =H75*$G74 -> 0 | L74: =L75*$G74 -> 0 | P74: =P75*$G74 -> 0 | T74: =T75*$G74 -> 0 | X74: =X75*$G74 -> 0 | AB74: =AB75*$G74 -> 0 | AF74: =AF75*$G74 -> 0 | AJ74: =AJ75*$G74 -> 0 | AN74: =AN75*$G74 -> 0 | AR74: =AR75*$G74 -> 0 | AV74: =AV75*$G74 -> 0 | AZ74: =AZ75*$G74 -> 0 | BD74: =BD75*$G74 -> 0 | BH74: =BH75*$G74 -> 0 | BL74: =BL75*$G74 -> 0 | BP74: =BP75*$G74 -> 0 | BT74: =BT75*$G74 -> 0 | BX74: =BX75*$G74 -> 0 | CB74: =CB75*$G74 -> 0 | CF74: =CF75*$G74 -> 0 | CJ74: =CJ75*$G74 -> 0 | CN74: =CN75*$G74 -> 0 | CR74: =CR75*$G74 -> 0 | CV74: =CV75*$G74 -> 87334.904 | DY74: =SUM(H74:DW74) -> 87334.904 | DZ74: =DY74=G74 -> TRUE
CV75: 1
E76: =VLOOKUP(D77,'OR - GERAL'!D:MR,10,FALSE) -> Mobiliário urbano
B77: =#REF! -> #REF! | D77: 11.3 | F77: =VLOOKUP(D77,'OR - GERAL'!D:AH,28,FALSE) -> 1177404 | G77: =(F77*$F$8)+(F77*$G$8)+F77 -> 1218613.1 | H77: =H78*$G77 -> 0 | L77: =L78*$G77 -> 0 | P77: =P78*$G77 -> 0 | T77: =T78*$G77 -> 0 | X77: =X78*$G77 -> 0 | AB77: =AB78*$G77 -> 0 | AF77: =AF78*$G77 -> 0 | AJ77: =AJ78*$G77 -> 0 | AN77: =AN78*$G77 -> 0 | AR77: =AR78*$G77 -> 0 | AV77: =AV78*$G77 -> 0 | AZ77: =AZ78*$G77 -> 0 | BD77: =BD78*$G77 -> 0 | BH77: =BH78*$G77 -> 0 | BL77: =BL78*$G77 -> 0 | BP77: =BP78*$G77 -> 0 | BT77: =BT78*$G77 -> 0 | BX77: =BX78*$G77 -> 0 | CB77: =CB78*$G77 -> 0 | CF77: =CF78*$G77 -> 0 | CJ77: =CJ78*$G77 -> 0 | CN77: =CN78*$G77 -> 0 | CR77: =CR78*$G77 -> 487445.24 | CV77: =CV78*$G77 -> 731167.87 | DY77: =SUM(H77:DW77) -> 1218613.1 | DZ77: =DY77=G77 -> TRUE
CR78: 0.4 | CV78: 0.6
E79: =VLOOKUP(D80,'OR - GERAL'!D:MR,10,FALSE) -> Playground
B80: =#REF! -> #REF! | D80: 11.4 | F80: =VLOOKUP(D80,'OR - GERAL'!D:AH,28,FALSE) -> 43309.06 | G80: =(F80*$F$8)+(F80*$G$8)+F80 -> 44824.877 | H80: =H81*$G80 -> 0 | L80: =L81*$G80 -> 0 | P80: =P81*$G80 -> 0 | T80: =T81*$G80 -> 0 | X80: =X81*$G80 -> 0 | AB80: =AB81*$G80 -> 0 | AF80: =AF81*$G80 -> 0 | AJ80: =AJ81*$G80 -> 0 | AN80: =AN81*$G80 -> 0 | AR80: =AR81*$G80 -> 0 | AV80: =AV81*$G80 -> 0 | AZ80: =AZ81*$G80 -> 0 | BD80: =BD81*$G80 -> 0 | BH80: =BH81*$G80 -> 0 | BL80: =BL81*$G80 -> 0 | BP80: =BP81*$G80 -> 0 | BT80: =BT81*$G80 -> 0 | BX80: =BX81*$G80 -> 0 | CB80: =CB81*$G80 -> 0 | CF80: =CF81*$G80 -> 0 | CJ80: =CJ81*$G80 -> 0 | CN80: =CN81*$G80 -> 0 | CR80: =CR81*$G80 -> 0 | CV80: =CV81*$G80 -> 44824.877 | DY80: =SUM(H80:DW80) -> 44824.877 | DZ80: =DY80=G80 -> TRUE
CV81: 1
E82: =VLOOKUP(D83,'OR - GERAL'!D:MR,10,FALSE) -> Parque de Skate
B83: =#REF! -> #REF! | D83: 11.5 | F83: =VLOOKUP(D83,'OR - GERAL'!D:AH,28,FALSE) -> 143897.95 | G83: =(F83*$F$8)+(F83*$G$8)+F83 -> 148934.38 | H83: =H84*$G83 -> 0 | L83: =L84*$G83 -> 0 | P83: =P84*$G83 -> 0 | T83: =T84*$G83 -> 0 | X83: =X84*$G83 -> 0 | AB83: =AB84*$G83 -> 0 | AF83: =AF84*$G83 -> 0 | AJ83: =AJ84*$G83 -> 0 | AN83: =AN84*$G83 -> 0 | AR83: =AR84*$G83 -> 0 | AV83: =AV84*$G83 -> 0 | AZ83: =AZ84*$G83 -> 0 | BD83: =BD84*$G83 -> 0 | BH83: =BH84*$G83 -> 0 | BL83: =BL84*$G83 -> 0 | BP83: =BP84*$G83 -> 0 | BT83: =BT84*$G83 -> 0 | BX83: =BX84*$G83 -> 0 | CB83: =CB84*$G83 -> 0 | CF83: =CF84*$G83 -> 29786.876 | CJ83: =CJ84*$G83 -> 29786.876 | CN83: =CN84*$G83 -> 29786.876 | CR83: =CR84*$G83 -> 29786.876 | CV83: =CV84*$G83 -> 29786.876 | DY83: =SUM(H83:DW83) -> 148934.38 | DZ83: =DY83=G83 -> TRUE
CF84: 0.2 | CJ84: 0.2 | CN84: 0.2 | CR84: 0.2 | CV84: 0.2
E85: =VLOOKUP(D86,'OR - GERAL'!D:MR,10,FALSE) -> Alvenarias
B86: =#REF! -> #REF! | D86: 11.6 | F86: =VLOOKUP(D86,'OR - GERAL'!D:AH,28,FALSE) -> 83397.14 | G86: =(F86*$F$8)+(F86*$G$8)+F86 -> 86316.04 | H86: =H87*$G86 -> 0 | L86: =L87*$G86 -> 0 | P86: =P87*$G86 -> 0 | T86: =T87*$G86 -> 0 | X86: =X87*$G86 -> 0 | AB86: =AB87*$G86 -> 0 | AF86: =AF87*$G86 -> 0 | AJ86: =AJ87*$G86 -> 0 | AN86: =AN87*$G86 -> 0 | AR86: =AR87*$G86 -> 0 | AV86: =AV87*$G86 -> 0 | AZ86: =AZ87*$G86 -> 0 | BD86: =BD87*$G86 -> 0 | BH86: =BH87*$G86 -> 0 | BL86: =BL87*$G86 -> 0 | BP86: =BP87*$G86 -> 0 | BT86: =BT87*$G86 -> 0 | BX86: =BX87*$G86 -> 0 | CB86: =CB87*$G86 -> 0 | CF86: =CF87*$G86 -> 0 | CJ86: =CJ87*$G86 -> 0 | CN86: =CN87*$G86 -> 0 | CR86: =CR87*$G86 -> 43158.02 | CV86: =CV87*$G86 -> 43158.02 | DY86: =SUM(H86:DW86) -> 86316.04 | DZ86: =DY86=G86 -> TRUE
CR87: 0.5 | CV87: 0.5
C88: 0.425 | D88: 12. | E88: =VLOOKUP(D88,'OR - GERAL'!D:MR,10,FALSE) -> SERVIÇOS FINAIS
B90: =#REF! -> #REF! | D90: 12.1 | E90: =VLOOKUP(D90,'OR - GERAL'!D:MR,10,FALSE) -> Serviços complementares | F90: =VLOOKUP(D90,'OR - GERAL'!D:AH,28,FALSE) -> 98807.45 | G90: =(F90*$F$8)+(F90*$G$8)+F90 -> 102265.71 | H90: =H91*$G90 -> 0 | L90: =L91*$G90 -> 0 | P90: =P91*$G90 -> 0 | T90: =T91*$G90 -> 0 | X90: =X91*$G90 -> 0 | AB90: =AB91*$G90 -> 0 | AF90: =AF91*$G90 -> 0 | AJ90: =AJ91*$G90 -> 0 | AN90: =AN91*$G90 -> 0 | AR90: =AR91*$G90 -> 0 | AV90: =AV91*$G90 -> 0 | AZ90: =AZ91*$G90 -> 0 | BD90: =BD91*$G90 -> 0 | BH90: =BH91*$G90 -> 0 | BL90: =BL91*$G90 -> 0 | BP90: =BP91*$G90 -> 0 | BT90: =BT91*$G90 -> 0 | BX90: =BX91*$G90 -> 0 | CB90: =CB91*$G90 -> 0 | CF90: =CF91*$G90 -> 0 | CJ90: =CJ91*$G90 -> 0 | CN90: =CN91*$G90 -> 0 | CR90: =CR91*$G90 -> 0 | CV90: =CV91*$G90 -> 102265.71 | DY90: =SUM(H90:DW90) -> 102265.71 | DZ90: =DY90=G90 -> TRUE
CV91: 1
D94: LEGENDA:
E96: Atividade - Período de execução

Sheet CRITÉRIOS DE MEDIÇÃO POR ETAPA
F3: CRITÉRIOS DE MEDIÇÃO POR ETAPA
F6: ID | G6: DESCRIÇÃO | H6: TOTAL CUSTO (R$) | I6: TOTAL + TAXA DE RISCO (R$) | J6: PESO RELATIVO POR ETAPA
I9: =SUM(#REF!) -> #REF! | J9: =SUM(#REF!) -> #REF!
C10: =C11-H11 -> #REF! | H10: TOTAL ACUMULADO
C11: =#REF! -> #REF! | H11: =SUM(H12:H112)/2 -> 38126091 | I11: =SUM(I12:I112)/2 -> 39460505
F12: 1. | G12: =VLOOKUP(F12,'OR - GERAL'!D:MR,10,FALSE) -> PROJETOS E LEVANTAMENTOS | H12: =SUM(H13:H18) -> 604757.06 | I12: =SUM(I13:I18) -> 625923.56 | J12: =SUM(J13:J18) -> 1
F14: 1.1 | G14: =VLOOKUP(F14,'OR - GERAL'!D:MR,10,FALSE) -> Elaboração de projetos | H14: =VLOOKUP(F14,'CRONOGRAMA FISICO FINACEIRO'!D:G,3,FALSE) -> 455611.46 | I14: =VLOOKUP(F14,'CRONOGRAMA FISICO FINACEIRO'!D:G,4,FALSE) -> 471557.86 | J14: =I14/$I$12 -> 0.75337932
G15: Medir após 100% do macroitem
F17: 1.2 | G17: =VLOOKUP(F17,'OR - GERAL'!D:MR,10,FALSE) -> Levantamentos, Sondagens e ensaios | H17: =VLOOKUP(F17,'CRONOGRAMA FISICO FINACEIRO'!D:G,3,FALSE) -> 149145.6 | I17: =VLOOKUP(F17,'CRONOGRAMA FISICO FINACEIRO'!D:G,4,FALSE) -> 154365.7 | J17: =I17/$I$12 -> 0.24662068
G18: Medir após 100% do macroitem
F19: 2. | G19: =VLOOKUP(F19,'OR - GERAL'!D:MR,10,FALSE) -> ADMNISTRAÇÃO LOCAL | H19: =SUM(H20:H29) -> 1981353.2 | I19: =SUM(I20:I29) -> 2050700.6 | J19: =SUM(J20:J29) -> 1
F21: 2.1 | G21: =VLOOKUP(F21,'OR - GERAL'!D:MR,10,FALSE) -> Administração local | H21: =VLOOKUP(F21,'CRONOGRAMA FISICO FINACEIRO'!D:G,3,FALSE) -> 1981353.2 | I21: =VLOOKUP(F21,'CRONOGRAMA FISICO FINACEIRO'!D:G,4,FALSE) -> 2050700.6 | J21: =I21/I19 -> 1
G22: colchão de pedra: da estaca 0 até 20 pagar 13% do macroitem
G23: colchão de pedra: da estaca 20 até final pagar 12% do macroitem
G24: Aterro/ Enrocamento: altura 1,5m a partir do colchão de pedra pagar 13% do macroitem
G25: Aterro/ Enrocamento: altura de 1,5m a 3,0m partir do colchão de pedra pagar 10% do macroitem
G26: Aterro/ Enrocamento: altura de 3,0m a 4,5m partir do colchão de pedra pagar 12% do macroitem
G27: Aterro/ Enrocamento: altura de 4,5m a 6,0m partir do colchão de pedra pagar 14% do macroitem
G28: Aterro/ Enrocamento: altura de 6,0m ao final, pagar 26% do macroitem
F30: 3. | G30: =VLOOKUP(F30,'OR - GERAL'!D:MR,10,FALSE) -> SERVIÇOS PRELIMINARES | H30: =SUM(H31:H36) -> 308134.6 | I30: =SUM(I31:I36) -> 318919.31 | J30: =SUM(J31:J36) -> 1
F32: 3.1 | G32: =VLOOKUP(F32,'OR - GERAL'!D:MR,10,FALSE) -> Canteiro de obras | H32: =VLOOKUP(F32,'CRONOGRAMA FISICO FINACEIRO'!D:G,3,FALSE) -> 142979.96 | I32: =VLOOKUP(F32,'CRONOGRAMA FISICO FINACEIRO'!D:G,4,FALSE) -> 147984.26 | J32: =I32/$I$30 -> 0.46401787
G33: Medir após 100%
F35: 3.2 | G35: =VLOOKUP(F35,'OR - GERAL'!D:MR,10,FALSE) -> Mobilizações e desmobilizações | H35: =VLOOKUP(F35,'CRONOGRAMA FISICO FINACEIRO'!D:G,3,FALSE) -> 165154.64 | I35: =VLOOKUP(F35,'CRONOGRAMA FISICO FINACEIRO'!D:G,4,FALSE) -> 170935.05 | J35: =I35/$I$30 -> 0.53598213
G36: Medir após 50%
F37: 4. | G37: =VLOOKUP(F37,'OR - GERAL'!D:MR,10,FALSE) -> TERRAPLENAGEM | H37: =SUM(H38:H48) -> 2628820.5 | I37: =SUM(I38:I48) -> 2720829.3 | J37: =SUM(J38:J48) -> 1
F39: 4.1 | G39: =VLOOKUP(F39,'OR - GERAL'!D:MR,10,FALSE) -> Limpeza do terreno | H39: =VLOOKUP(F39,'CRONOGRAMA FISICO FINACEIRO'!D:G,3,FALSE) -> 183014.53 | I39: =VLOOKUP(F39,'CRONOGRAMA FISICO FINACEIRO'!D:G,4,FALSE) -> 189420.04 | J39: =I39/$I$37 -> 0.069618495
G40: Medir após 100%
B42: 0.6 | F42: 4.2 | G42: =VLOOKUP(F42,'OR - GERAL'!D:MR,10,FALSE) -> Terraplenagem | H42: =VLOOKUP(F42,'CRONOGRAMA FISICO FINACEIRO'!D:G,3,FALSE) -> 2445806 | I42: =VLOOKUP(F42,'CRONOGRAMA FISICO FINACEIRO'!D:G,4,FALSE) -> 2531409.2 | J42: =I42/$I$37 -> 0.93038151
D43: A | G43: Altura 1,5m a partir do colchão de pedra pagar 10% do macroitem
G44: Altura de 1,5m a 3,0m partir do colchão de pedra pagar 12% do macroitem
G45: Altura de 3,0m a 4,5m partir do colchão de pedra pagar 14% do macroitem
G46: Altura de 4,5m a 6,0m partir do colchão de pedra pagar 14% do macroitem
G47: Altura de 6,0m ao final, pagar 25% do macroitem
F49: 5. | G49: =VLOOKUP(F49,'OR - GERAL'!D:MR,10,FALSE) -> ENROCAMENTO/ATERRO | H49: =SUM(H50:H60) -> 25219426 | I49: =SUM(I50:I60) -> 26102106 | J49: =SUM(J50:J60) -> 1
B50: 0.6
F51: 5.1 | G51: =VLOOKUP(F51,'OR - GERAL'!D:MR,10,FALSE) -> Enrocamento | H51: =VLOOKUP(F51,'CRONOGRAMA FISICO FINACEIRO'!D:G,3,FALSE) -> 25219426 | I51: =VLOOKUP(F51,'CRONOGRAMA FISICO FINACEIRO'!D:G,4,FALSE) -> 26102106 | J51: =I51/$I$49 -> 1
G52: colchão de pedra: da estaca 0 até 20 pagar 12% do macroitem
G53: colchão de pedra: da estaca 20 até final pagar 13% do macroitem
G54: Aterro/ Enrocamento: altura 1,5m a partir do colchão de pedra pagar 10% do macroitem
G55: Aterro/ Enrocamento: altura de 1,5m a 3,0m partir do colchão de pedra pagar 12% do macroitem
G56: Aterro/ Enrocamento: altura de 3,0m a 4,5m partir do colchão de pedra pagar 14% do macroitem
G57: Aterro/ Enrocamento: altura de 4,5m a 6,0m partir do colchão de pedra pagar 14% do macroitem
G58: Aterro/ Enrocamento: altura de 6,0m ao final, pagar 25% do macroitem
B61: 0.5 | F61: 6. | G61: =VLOOKUP(F61,'OR - GERAL'!D:MR,10,FALSE) -> DRENAGEM | H61: =SUM(H62:H64) -> 331454.45 | I61: =SUM(I62:I64) -> 343055.36 | J61: =SUM(J62:J64) -> 1
F63: 6.1 | G63: =VLOOKUP(F63,'OR - GERAL'!D:MR,10,FALSE) -> Drenagem | H63: =VLOOKUP(F63,'CRONOGRAMA FISICO FINACEIRO'!D:G,3,FALSE) -> 331454.45 | I63: =VLOOKUP(F63,'CRONOGRAMA FISICO FINACEIRO'!D:G,4,FALSE) -> 343055.36 | J63: =I63/$I$61 -> 1
B64: 0.6 | G64: Medir após 100% executado
B65: 0.5 | F65: 7. | G65: =VLOOKUP(F65,'OR - GERAL'!D:MR,10,FALSE) -> PISOS / PAVIMENTAÇÕES | H65: =SUM(H66:H77) -> 4014253.4 | I65: =SUM(I66:I77) -> 4154752.3 | J65: =SUM(J66:J77) -> 1
F67: 7.1 | G67: =VLOOKUP(F67,'OR - GERAL'!D:MR,10,FALSE) -> Pavimentação - Viário | H67: =VLOOKUP(F67,'CRONOGRAMA FISICO FINACEIRO'!D:G,3,FALSE) -> 904560.49 | I67: =VLOOKUP(F67,'CRONOGRAMA FISICO FINACEIRO'!D:G,4,FALSE) -> 936220.11 | J67: =I67/$I$65 -> 0.22533717
B68: 0.4 | G68: Medir após 100% executado
F70: 7.2 | G70: =VLOOKUP(F70,'OR - GERAL'!D:MR,10,FALSE) -> Ciclovia | H70: =VLOOKUP(F70,'CRONOGRAMA FISICO FINACEIRO'!D:G,3,FALSE) -> 261511.69 | I70: =VLOOKUP(F70,'CRONOGRAMA FISICO FINACEIRO'!D:G,4,FALSE) -> 270664.6 | J70: =I70/$I$65 -> 0.065145785
B71: 0.4 | G71: Medir após 100% executado
F73: 7.3 | G73: =VLOOKUP(F73,'OR - GERAL'!D:MR,10,FALSE) -> Calçadas e demais áreas | H73: =VLOOKUP(F73,'CRONOGRAMA FISICO FINACEIRO'!D:G,3,FALSE) -> 2537870.4 | I73: =VLOOKUP(F73,'CRONOGRAMA FISICO FINACEIRO'!D:G,4,FALSE) -> 2626695.9 | J73: =I73/$I$65 -> 0.6322148
B74: 0.4 | G74: Medir após 100% executado
F76: 7.4 | G76: =VLOOKUP(F76,'OR - GERAL'!D:MR,10,FALSE) -> Guias e Sarjetas | H76: =VLOOKUP(F76,'CRONOGRAMA FISICO FINACEIRO'!D:G,3,FALSE) -> 310310.83 | I76: =VLOOKUP(F76,'CRONOGRAMA FISICO FINACEIRO'!D:G,4,FALSE) -> 321171.71 | J76: =I76/$I$65 -> 0.077302252
B77: 0.4 | G77: Medir após 100% executado
C78: =SUM(#REF!,C84,#REF!,#REF!,#REF!,#REF!,#REF!) -> #REF! | F78: 8. | G78: =VLOOKUP(F78,'OR - GERAL'!D:MR,10,FALSE) -> ILUMINAÇÃO PÚBLICA | H78: =SUM(H79:H81) -> 710526.47 | I78: =SUM(I79:I81) -> 735394.9 | J78: =SUM(J79:J81) -> 1
C80: =#REF! -> #REF! | F80: 8.1 | G80: =VLOOKUP(F80,'OR - GERAL'!D:MR,10,FALSE) -> Iluminação Pública | H80: =VLOOKUP(F80,'CRONOGRAMA FISICO FINACEIRO'!D:G,3,FALSE) -> 710526.47 | I80: =VLOOKUP(F80,'CRONOGRAMA FISICO FINACEIRO'!D:G,4,FALSE) -> 735394.9 | J80: =I80/$I$78 -> 1
B81: =#REF! -> #REF! | C81: =SUM(H81,#REF!,#REF!,#REF!,#REF!,#REF!,#REF!,#REF!,#REF!,#REF!,#REF!,#REF!,#REF!,#REF!,#REF!) -> #REF! | G81: Medir após 100% executado
F82: 9. | G82: =VLOOKUP(F82,'OR - GERAL'!D:MR,10,FALSE) -> PAISAGISMO E VEGETAÇÃO | H82: =SUM(H83:H85) -> 90705.73 | I82: =SUM(I83:I85) -> 93880.431 | J82: =SUM(J83:J85) -> 1
C83: =SUM(#REF!,#REF!,#REF!,#REF!) -> #REF!
B84: =#REF! -> #REF! | C84: =SUM(H84,#REF!,#REF!,H111,#REF!,#REF!,#REF!,#REF!,#REF!,#REF!,#REF!,#REF!,#REF!,#REF!,#REF!,#REF!,#REF!,#REF!,#REF!,#REF!,#REF!) -> #REF! | F84: 9.1 | G84: =VLOOKUP(F84,'OR - GERAL'!D:MR,10,FALSE) -> Paisagismo | H84: =VLOOKUP(F84,'CRONOGRAMA FISICO FINACEIRO'!D:G,3,FALSE) -> 90705.73 | I84: =VLOOKUP(F84,'CRONOGRAMA FISICO FINACEIRO'!D:G,4,FALSE) -> 93880.431 | J84: =I84/$I$82 -> 1
G85: Medir após 100% executado
C86: =#REF! -> #REF! | F86: 10. | G86: =VLOOKUP(F86,'OR - GERAL'!D:MR,10,FALSE) -> SINALIZAÇÃO | H86: =SUM(H87:H89) -> 73007.66 | I86: =SUM(I87:I89) -> 75562.928 | J86: =SUM(J87:J89) -> 1
B87: 0.023255814 | C87: =SUM(H87,#REF!,#REF!,#REF!,#REF!,#REF!,#REF!,#REF!,#REF!,#REF!,#REF!,#REF!,#REF!,#REF!,#REF!,#REF!,#REF!,#REF!,#REF!) -> #REF!
F88: 10.1 | G88: =VLOOKUP(F88,'OR - GERAL'!D:MR,10,FALSE) -> Sinalização | H88: =VLOOKUP(F88,'CRONOGRAMA FISICO FINACEIRO'!D:G,3,FALSE) -> 73007.66 | I88: =VLOOKUP(F88,'CRONOGRAMA FISICO FINACEIRO'!D:G,4,FALSE) -> 75562.928 | J88: =I88/$I$86 -> 1
G89: Medir após 100% executado
C90: =#REF! -> #REF! | F90: 11. | G90: =VLOOKUP(F90,'OR - GERAL'!D:MR,10,FALSE) -> ARQUITETURA E URBANISMO | H90: =SUM(H91:H108) -> 2064844.9 | I90: =SUM(I91:I108) -> 2137114.5 | J90: =SUM(J91:J108) -> 1
B91: 0.023255814 | C91: =SUM(H91,#REF!,#REF!,H123,#REF!,#REF!,#REF!,#REF!,#REF!,#REF!,#REF!,#REF!,#REF!,#REF!,#REF!,#REF!,#REF!,#REF!,#REF!) -> #REF!
F92: 11.1 | G92: =VLOOKUP(F92,'OR - GERAL'!D:MR,10,FALSE) -> Quadras Poliesportivas | H92: =VLOOKUP(F92,'CRONOGRAMA FISICO FINACEIRO'!D:G,3,FALSE) -> 532455.26 | I92: =VLOOKUP(F92,'CRONOGRAMA FISICO FINACEIRO'!D:G,4,FALSE) -> 551091.19 | J92: =I92/$I$90 -> 0.25786695
G93: Medir após 100% executado
B95: =#REF! -> #REF! | F95: 11.2 | G95: =VLOOKUP(F95,'OR - GERAL'!D:MR,10,FALSE) -> Área para academia | H95: =VLOOKUP(F95,'CRONOGRAMA FISICO FINACEIRO'!D:G,3,FALSE) -> 84381.55 | I95: =VLOOKUP(F95,'CRONOGRAMA FISICO FINACEIRO'!D:G,4,FALSE) -> 87334.904 | J95: =I95/$I$90 -> 0.040865805
G96: Medir após 100% executado
B98: =#REF! -> #REF! | F98: 11.3 | G98: =VLOOKUP(F98,'OR - GERAL'!D:MR,10,FALSE) -> Mobiliário urbano | H98: =VLOOKUP(F98,'CRONOGRAMA FISICO FINACEIRO'!D:G,3,FALSE) -> 1177404 | I98: =VLOOKUP(F98,'CRONOGRAMA FISICO FINACEIRO'!D:G,4,FALSE) -> 1218613.1 | J98: =I98/$I$90 -> 0.57021423
G99: Medir após 100% executado
B101: =#REF! -> #REF! | F101: 11.4 | G101: =VLOOKUP(F101,'OR - GERAL'!D:MR,10,FALSE) -> Playground | H101: =VLOOKUP(F101,'CRONOGRAMA FISICO FINACEIRO'!D:G,3,FALSE) -> 43309.06 | I101: =VLOOKUP(F101,'CRONOGRAMA FISICO FINACEIRO'!D:G,4,FALSE) -> 44824.877 | J101: =I101/$I$90 -> 0.020974485
G102: Medir após 100% executado
B104: =#REF! -> #REF! | F104: 11.5 | G104: =VLOOKUP(F104,'OR - GERAL'!D:MR,10,FALSE) -> Parque de Skate | H104: =VLOOKUP(F104,'CRONOGRAMA FISICO FINACEIRO'!D:G,3,FALSE) -> 143897.95 | I104: =VLOOKUP(F104,'CRONOGRAMA FISICO FINACEIRO'!D:G,4,FALSE) -> 148934.38 | J104: =I104/$I$90 -> 0.069689471
G105: Medir após 100% executado
B107: =#REF! -> #REF! | F107: 11.6 | G107: =VLOOKUP(F107,'OR - GERAL'!D:MR,10,FALSE) -> Alvenarias | H107: =VLOOKUP(F107,'CRONOGRAMA FISICO FINACEIRO'!D:G,3,FALSE) -> 83397.14 | I107: =VLOOKUP(F107,'CRONOGRAMA FISICO FINACEIRO'!D:G,4,FALSE) -> 86316.04 | J107: =I107/$I$90 -> 0.040389057
G108: Medir após 100% executado
F109: 12. | G109: =VLOOKUP(F109,'OR - GERAL'!D:MR,10,FALSE) -> SERVIÇOS FINAIS | H109: =SUM(H110:H112) -> 98807.45 | I109: =SUM(I110:I112) -> 102265.71 | J109: =SUM(J110:J112) -> 1
B111: =#REF! -> #REF! | F111: 12.1 | G111: =VLOOKUP(F111,'OR - GERAL'!D:MR,10,FALSE) -> Serviços complementares | H111: =VLOOKUP(F111,'CRONOGRAMA FISICO FINACEIRO'!D:G,3,FALSE) -> 98807.45 | I111: =VLOOKUP(F111,'CRONOGRAMA FISICO FINACEIRO'!D:G,4,FALSE) -> 102265.71 | J111: =I111/$I$109 -> 1
D112: Medir após 100% do item | G112: Medir após 100% executado
B114: =#REF! -> #REF!
B117: =#REF! -> #REF!
H119: =SUM(H12:H118)/2 -> 38126091 | I119: =SUM(I12:I118)/2 -> 39460505
B120: =B117 -> #REF!

Sheet CRONOG. DE DESEMBOLSO P PERIODO
F4: CRONOGRAMA DE DESMBOLSO MÁXIMO POR PERÍODO
G6: PERÍODO POR MÊS | H6: TOTAL + TAXA DE RISCO (R$) | I6: % MENSAL | J6: % ACUMULADO
G7: MÊS 1 | H7: ='CRONOGRAMA FISICO FINACEIRO'!H6 -> 250369.42 | I7: =H7/$H$31 -> 0.0063448105 | J7: =I7 -> 0.0063448105
G8: MÊS 2 | H8: ='CRONOGRAMA FISICO FINACEIRO'!L6 -> 250369.42 | I8: =H8/$H$31 -> 0.0063448105 | J8: =J7+I8 -> 0.012689621
G9: MÊS 3 | H9: ='CRONOGRAMA FISICO FINACEIRO'!P6 -> 125184.71 | I9: =H9/$H$31 -> 0.0031724052 | J9: =J8+I9 -> 0.015862026
G10: MÊS 4 | H10: ='CRONOGRAMA FISICO FINACEIRO'!T6 -> 284876.83 | I10: =H10/$H$31 -> 0.00721929 | J10: =J9+I10 -> 0.023081316
G11: MÊS 5 | H11: ='CRONOGRAMA FISICO FINACEIRO'!X6 -> 199409.3 | I11: =H11/$H$31 -> 0.0050533895 | J11: =J10+I11 -> 0.028134706
G12: MÊS 6 | H12: ='CRONOGRAMA FISICO FINACEIRO'!AB6 -> 526600.82 | I12: =H12/$H$31 -> 0.01334501 | J12: =J11+I12 -> 0.041479715
G13: MÊS 7 | H13: ='CRONOGRAMA FISICO FINACEIRO'!AF6 -> 526600.82 | I13: =H13/$H$31 -> 0.01334501 | J13: =J12+I13 -> 0.054824725
G14: MÊS 8 | H14: ='CRONOGRAMA FISICO FINACEIRO'!AJ6 -> 526600.82 | I14: =H14/$H$31 -> 0.01334501 | J14: =J13+I14 -> 0.068169735
G15: MÊS 9 | H15: ='CRONOGRAMA FISICO FINACEIRO'!AN6 -> 4876951.8 | I15: =H15/$H$31 -> 0.12359071 | J15: =J14+I15 -> 0.19176044
G16: MÊS 10 | H16: ='CRONOGRAMA FISICO FINACEIRO'!AR6 -> 4876951.8 | I16: =H16/$H$31 -> 0.12359071 | J16: =J15+I16 -> 0.31535115
G17: MÊS 11 | H17: ='CRONOGRAMA FISICO FINACEIRO'!AV6 -> 4876951.8 | I17: =H17/$H$31 -> 0.12359071 | J17: =J16+I17 -> 0.43894186
G18: MÊS 12 | H18: ='CRONOGRAMA FISICO FINACEIRO'!AZ6 -> 4455050.2 | I18: =H18/$H$31 -> 0.11289897 | J18: =J17+I18 -> 0.55184083
G19: MÊS 13 | H19: ='CRONOGRAMA FISICO FINACEIRO'!BD6 -> 4455050.2 | I19: =H19/$H$31 -> 0.11289897 | J19: =J18+I19 -> 0.6647398
G20: MÊS 14 | H20: ='CRONOGRAMA FISICO FINACEIRO'!BH6 -> 4626577.9 | I20: =H20/$H$31 -> 0.11724579 | J20: =J19+I20 -> 0.78198559
G21: MÊS 15 | H21: ='CRONOGRAMA FISICO FINACEIRO'!BL6 -> 276226.96 | I21: =H21/$H$31 -> 0.0070000868 | J21: =J20+I21 -> 0.78898567
G22: MÊS 16 | H22: ='CRONOGRAMA FISICO FINACEIRO'!BP6 -> 406420.46 | I22: =H22/$H$31 -> 0.010299424 | J22: =J21+I22 -> 0.7992851
G23: MÊS 17 | H23: =SUM('CRONOGRAMA FISICO FINACEIRO'!BT6:BW6) -> 406420.46 | I23: =H23/$H$31 -> 0.010299424 | J23: =J22+I23 -> 0.80958452
G24: MÊS 18 | H24: =SUM('CRONOGRAMA FISICO FINACEIRO'!BX6:CA6) -> 931759.63 | I24: =H24/$H$31 -> 0.023612461 | J24: =J23+I24 -> 0.83319698
G25: MÊS 19 | H25: =SUM('CRONOGRAMA FISICO FINACEIRO'!CB6:CE6) -> 931759.63 | I25: =H25/$H$31 -> 0.023612461 | J25: =J24+I25 -> 0.85680944
G26: MÊS 20 | H26: =SUM('CRONOGRAMA FISICO FINACEIRO'!CF6:CI6) -> 820411.18 | I26: =H26/$H$31 -> 0.020790692 | J26: =J25+I26 -> 0.87760013
G27: MÊS 21 | H27: =SUM('CRONOGRAMA FISICO FINACEIRO'!CJ6:CM6) -> 1040847.7 | I27: =H27/$H$31 -> 0.026376948 | J27: =J26+I27 -> 0.90397708
G28: MÊS 22 | H28: =SUM('CRONOGRAMA FISICO FINACEIRO'!CN6:CQ6) -> 972231.67 | I28: =H28/$H$31 -> 0.024638095 | J28: =J27+I28 -> 0.92861518
G29: MÊS 23 | H29: =SUM('CRONOGRAMA FISICO FINACEIRO'!CR6:CU6) -> 1109424.5 | I29: =H29/$H$31 -> 0.028114809 | J29: =J28+I29 -> 0.95672999
G30: MÊS 24 | H30: =SUM('CRONOGRAMA FISICO FINACEIRO'!CV6:CY6) -> 1707456.6 | I30: =H30/$H$31 -> 0.043270014 | J30: =J29+I30 -> 1
G31: TOTAL | H31: =SUM(H7:H30) -> 39460505
